Workbook

Sheet Intro
A1: =Source!D383 -> Explication de la checkliste SwissGAP
A3: =Source!D384 -> La checkliste SwissGAP est le document que les producteurs doivent utiliser pour leur auto-contrôle annuel. La checkliste sert aussi de base pour les audits par ProCert.
A5: =Source!D385 -> Niveaux d'exigence:
A7: =Source!D386 -> Exigences majeures: | C7: =Source!D415 -> En trame de fond rouge dans la checkliste, abréviation ++ | G7: ++
C9: =Source!D416 -> Ces points de contrôle doivent être remplis à 100%
A11: =Source!D387 -> Exigences mineures: | C11: =Source!D417 -> En trame de fond jaune dans la checkliste, abréviation + | G11: +
C13: =Source!D418 -> Ces points de contrôle doivent être remplis à 95%
A15: =Source!D388 -> Recommandations: | C15: =Source!D419 -> En trame de fond vert dans la checkliste, abréviation +- | G15: +-
C17: =Source!D420 -> Pas de niveau d'accomplissement exigé
A19: =Source!D389 -> Les réponses suivantes peuvent être données pour les différents points de contrôle:
A21: =Source!D390 -> Oui | B21: =Source!D406 -> L'exigence est intégralement remplie
A23: =Source!D391 -> Non | B23: =Source!D407 -> L'exigence n'est pas intégralement remplie
A25: =Source!D392 -> Non applicable (N/A) | B25: =Source!D408 -> L'exigence n'a aucune signification pour l'exploitation
A28: =Source!D393 -> Déclaration globale
A29: =Source!D394 -> Dans les onglets "Deklaration 1/2/3" une déclaration globale par chapitre est possible. Les points de contrôle correspondants dans la checkliste sont ainsi remplis. Les réponses sont inscrites avec un "D" dans les colonnes Oui ou N/A. En conséquence, la colonne Résultat est rempli avec "Ja(D)" (pour un oui) et "N/A(D)".
A31: =Source!D396 -> Remarque importante pour l'utilisateur
A32: =Source!D397 -> Pour les valeurs issues de la déclaration globale, certaines cellules de la checkliste dans les colonnes "Oui", "N/A" et "Remarque" contiennent des formules. Si l'utilisateur remplace la valeur pré-remplie, il supprime en même temps la formule déposée.
A33: =Source!D398 -> Cette opération ne peut pas être annulée.
A34: =Source!D399 -> Raison pour laquelle, il faut d'abord remplir les feuilles "Deklaration 1/2/3", afin que les points correspondants dans la checkliste soient pré-remplis avec les données de la déclaration. Ce n'est qu'ensuite qu'il faut remplir les points de la checkliste qui ne contiennent pas encore de résultat.
A36: =Source!D395 -> Checkliste sur papier ou format électronique:
A38: =Source!D400 -> La checkliste peut être remplie d'une part à la main (version sur papier) ou sous forme digitale à l'aide d'un fichier Excel. La version électronique comprend toutes les formules qui sont nécessaires pour l'évaluation. Pour remplir la checkliste électronique, la réponse (oui, non, non applicable) doit être indroduite. Avec la version sur papier, une feuille supplémentaire pour l'évaluation est ajoutée. Le nombre de réponses atteint en oui, non et non applicable doit être ajouté par niveau d'exigence (exigences majeures, exigences mineures, recommandations) et le résultat doit être calculé à la main.

Sheet Audit Info
A1: =Source!D284 -> Entreprise | C1: Wählen Sie ihre Sprache Choississez votre langue | E1: Français
B2: =Source!D289 -> N° d'enregistrement | D2: ProCert -
C3: =Source!D317 -> Exploitation: | D3: =Source!D321 -> Adresse postale / Lieu principal
D4: =Source!D322 -> (égale à l'adresse de l'exploitation)
B5: =Source!D290 -> Nom
B6: =Source!D291 -> Adresse
B7: =Source!D292 -> Code postal
B8: =Source!D293 -> Lieu
B9: =Source!D294 -> Canton
B10: =Source!D295 -> Type d'exploitation | C10: =Source!D314 -> Exploitation avec production
A12: =Source!D285 -> Contact
B13: =Source!D297 -> Prénom
B14: =Source!D298 -> Nom
B15: =Source!D299 -> Fonction
B16: =Source!D300 -> Téléphone
B17: =Source!D301 -> Mobile
B18: =Source!D302 -> e-mail
A19: =Source!D286 -> Audit
B20: =Source!D303 -> Standards | C20: SwissGAP Horti Suisse Garantie
B21: =Source!D323 -> Type d'audit | C21: =Source!D328&" "&Source!D329 -> auto-contrôle audit externe | D21: =Source!D330&" "&Source!D331 -> annoncé non-annoncé
B22: =Source!D305 -> Auditeur | D22: =Source!D325 -> Date
B23: =Source!D306 -> Tél. Auditeur | D23: =Source!D326 -> Durée [h]
B24: =Source!D307 -> Durée autres labels
B25: =Source!D308 -> Non-conformité(s)
B26: =Source!D309 -> PC Major
B27: =Source!D310 -> PC Minor
B28: =Source!D311 -> Les signataires confirment avec leur signature l'exactitude des informations faites dans cette checkliste.
B29: =Source!D312 -> Signature exploitation
B30: =Source!D313 -> Signature inspecteur
A31: =Source!D287 -> Remarques
A34: =Source!D332 -> Audités / Liste des sigles de la checkliste
B35: =Source!D333 -> Nom/Prénom | C35: =Source!D334 -> Fonction | D35: =Source!D335 -> Sigle | E35: =Source!D336 -> audité(A) vérification documents (D)

Sheet Deklaration 1
A1: =Source!D810 -> Données de l'exploitation SwissGAP Horticulture
A3: =Source!D811 -> Exploitation: | B3: ='Audit Info'!C5 -> 0 | G3: =Source!D944 -> Date: | H3: =IF(ISBLANK('Audit Info'!E22),"",'Audit Info'!E22)
A5: =Source!D812 -> Sites d'exploitation
A7: =Source!D813 -> Remplir un tableau distinct pour chaque site
A9: =Source!D795 -> Site de production 1
A10: =Source!D796 -> Site avec PHU | B10: =Source!D797 -> Oui | C10: =Source!D798 -> Non
A11: =Source!D799 -> PHU = activité après la récolte (traitement post-récolte, contact avec l'eau, stockage)
A13: =Source!D816 -> Groupes | C13: =Source!D928 -> Culture sous abris | D13: =Source!D930 -> Plein champ | F13: =Source!D937 -> Propriété parallèle
C14: =Source!D929 -> (surface en are) | D14: =Source!D931 -> (surface en are)
A15: =Source!D817 -> Plantes d'ornement
A16: =Source!D976 -> Plantes de saison ou de balcon | G16: =Source!$D$939 -> Oui | H16: =Source!$D$940 -> Non
A17: =Source!D977 -> Plantes en pots | G17: =Source!$D$939 -> Oui | H17: =Source!$D$940 -> Non
A18: =Source!D978 -> Plantes vertes | G18: =Source!$D$939 -> Oui | H18: =Source!$D$940 -> Non
A19: =Source!D979 -> Fleurs coupées | G19: =Source!$D$939 -> Oui | H19: =Source!$D$940 -> Non
A20: =Source!D985 -> Plantes vivaces/herbes ornementales (sans les arbustes à couper) | G20: =Source!$D$939 -> Oui | H20: =Source!$D$940 -> Non
A21: =Source!D818 -> Pépinières
A22: =Source!D980 -> Arbustes (0.5-1m) et couvre-sol | G22: =Source!$D$939 -> Oui | H22: =Source!$D$940 -> Non
A23: =Source!D981 -> Plantes pour haies | G23: =Source!$D$939 -> Oui | H23: =Source!$D$940 -> Non
A24: =Source!D982 -> Conifères | G24: =Source!$D$939 -> Oui | H24: =Source!$D$940 -> Non
A25: =Source!D984 -> Feuillus (caduques et persistants) | G25: =Source!$D$939 -> Oui | H25: =Source!$D$940 -> Non
A26: =Source!D983 -> Arbres fruitiers et petits fruits | G26: =Source!$D$939 -> Oui | H26: =Source!$D$940 -> Non
A27: =Source!D986 -> Rosiers | G27: =Source!$D$939 -> Oui | H27: =Source!$D$940 -> Non
A28: =Source!D819 -> Total des surfaces | C28: =SUM(C16:C27) -> 0 | D28: =SUM(D16:D27) -> 0 | E28: =SUM(E16:E27) -> 0
A29: =Source!D820 -> Surfaces pépinières (pour la registration GLOBALG.A.P.) | D29: =Source!D932 -> 1/3 (première récolte) | F29: =Source!D938 -> 2/3 (récoltes suivantes)
A30: =Source!D980 -> Arbustes (0.5-1m) et couvre-sol | E30: =ROUND(SUM(D22)/3,2) -> 0 | H30: =ROUND(SUM(D22)/3*2,2) -> 0
A31: =Source!D822 -> Plantes pour haies | E31: =ROUND(SUM(D23)/3,2) -> 0 | H31: =ROUND(SUM(D23)/3*2,2) -> 0
A32: =Source!D823 -> Conifères | E32: =ROUND(SUM(D24)/3,2) -> 0 | H32: =ROUND(SUM(D24)/3*2,2) -> 0
A33: =Source!D984 -> Feuillus (caduques et persistants) | E33: =ROUND(SUM(D25)/3,2) -> 0 | H33: =ROUND(SUM(D25)/3*2,2) -> 0
A34: =Source!D983 -> Arbres fruitiers et petits fruits | E34: =ROUND(SUM(D26)/3,2) -> 0 | H34: =ROUND(SUM(D26)/3*2,2) -> 0
A35: =Source!D825 -> Roses | E35: =ROUND(SUM(D27)/3,2) -> 0 | H35: =ROUND(SUM(D27)/3*2,2) -> 0
A38: =Source!D801 -> Site de production 2
A39: =Source!D796 -> Site avec PHU | B39: =Source!D797 -> Oui | C39: =Source!D798 -> Non
A304: =Source!D799 -> PHU = activité après la récolte (traitement post-récolte, contact avec l'eau, stockage)
A306: =Source!D816 -> Groupes | C306: =Source!D928 -> Culture sous abris | D306: =Source!D930 -> Plein champ | F306: =Source!D937 -> Propriété parallèle
C307: =Source!D929 -> (surface en are) | D307: =Source!D931 -> (surface en are)
A308: =Source!D817 -> Plantes d'ornement
A309: =Source!D994 -> Plantes de saison ou de balcon | G309: =Source!$D$939 -> Oui | H309: =Source!$D$940 -> Non
A310: =Source!D995 -> Plantes en pots | G310: =Source!$D$939 -> Oui | H310: =Source!$D$940 -> Non
A311: =Source!D996 -> Plantes vertes | G311: =Source!$D$939 -> Oui | H311: =Source!$D$940 -> Non
A312: =Source!D997 -> Fleurs coupées | G312: =Source!$D$939 -> Oui | H312: =Source!$D$940 -> Non
A313: =Source!D998 -> Plantes vivaces/herbes ornementales (sans les arbustes à couper) | G313: =Source!$D$939 -> Oui | H313: =Source!$D$940 -> Non
A314: =Source!D818 -> Pépinières
A315: =Source!D999 -> Arbustes (0.5-1m) et couvre-sol | G315: =Source!$D$939 -> Oui | H315: =Source!$D$940 -> Non
A316: =Source!D1000 -> Plantes pour haies | G316: =Source!$D$939 -> Oui | H316: =Source!$D$940 -> Non
A317: =Source!D1001 -> Conifères | G317: =Source!$D$939 -> Oui | H317: =Source!$D$940 -> Non
A318: =Source!D1002 -> Feuillus (caduques et persistants) | G318: =Source!$D$939 -> Oui | H318: =Source!$D$940 -> Non
A319: =Source!D1003 -> Arbres fruitiers et petits fruits | G319: =Source!$D$939 -> Oui | H319: =Source!$D$940 -> Non
A320: =Source!D1004 -> Rosiers | G320: =Source!$D$939 -> Oui | H320: =Source!$D$940 -> Non
A321: =Source!D819 -> Total des surfaces | C321: =SUM(C309:C320) -> 0 | D321: =SUM(D309:E320) -> 0
A322: =Source!D820 -> Surfaces pépinières (pour la registration GLOBALG.A.P.) | D322: =Source!D932 -> 1/3 (première récolte) | F322: =Source!D938 -> 2/3 (récoltes suivantes)
A323: =Source!D999 -> Arbustes (0.5-1m) et couvre-sol | E323: =ROUND(SUM(D315)/3,2) -> 0 | H323: =ROUND(SUM(D315)/3*2,2) -> 0
A324: =Source!D1000 -> Plantes pour haies | E324: =ROUND(SUM(D316)/3,2) -> 0 | H324: =ROUND(SUM(D316)/3*2,2) -> 0
A325: =Source!D1001 -> Conifères | E325: =ROUND(SUM(D317)/3,2) -> 0 | H325: =ROUND(SUM(D317)/3*2,2) -> 0
A326: =Source!D1002 -> Feuillus (caduques et persistants) | E326: =ROUND(SUM(D318)/3,2) -> 0 | H326: =ROUND(SUM(D318)/3*2,2) -> 0
A327: =Source!D1003 -> Arbres fruitiers et petits fruits | E327: =ROUND(SUM(D319)/3,2) -> 0 | H327: =ROUND(SUM(D319)/3*2,2) -> 0
A328: =Source!D1004 -> Rosiers | E328: =ROUND(SUM(D320)/3,2) -> 0 | H328: =ROUND(SUM(D320)/3*2,2) -> 0

Sheet Deklaration 2
A1: =Source!D828 -> Déclaration globale selon chapitre
A2: =Source!D829 -> Les questions ci-après permettent de répondre de façon globale à certaines exigences SwissGAP. Pour certains chapitres par contre, la déclaration globale ne permet pas de répondre aux exigences.
A4: ='Source PD'!D816 -> Choix | B4: ='Source PD'!D817 -> Chapitre | C4: ='Source PD'!D818 -> Critère | D4: ='Source PD'!D820 -> réponse des points concernés:
D5: n/a | E5: ='Source PD'!D819 -> Oui
B6: 1 | C6: ='Source PD'!D827 -> L'exploitation ne mandate pas d'entreprises sous-traitantes pour exécuter des travaux qui doivent remplir les exigences de SwissGAP. | D6: 1.2.3
B7: 2 | C7: ='Source PD'!D830 -> L'exploitation ne produit pas ses propres plants et/ou ne multiplie pas ses semences et son matériel végétal pour ses propres cultures SwissGAP. | D7: 2.3.1 - 2.3.2
B8: 3 | C8: ='Source PD'!D833 -> Aucune culture SwissGAP n'este cultivée en plein champ. (Les cultures cultivées dans des pots en plein champ ne valent pas comme cultures de plein champ) | D8: 3.1 - 3.3
B9: 4 | C9: ='Source PD'!D839 -> Aucun substrat n'est utilisé sur l'exploitation. | D9: 4.1 - 4.4
B10: 5 | C10: ='Source PD'!D842 -> L'exploitation n'applique pas d'engrais et/ou de biostimulateurs. | D10: 5.1.1 - 5.1.4, 5.2.1 - 5.2.7
B11: 5.3 | C11: ='Source PD'!D853 -> L'exploitation ne dispose pas d'un entrepôt pour les engrais (organiques et inorganiques) et/ou des biostimulateurs. | D11: 5.3.1 - 5.3.5
B12: 5.6 | C12: ='Source PD'!D855 -> L'exploitation ne dispose pas d'un entrepôt pour les concentrés d'acides. | D12: 5.3.6
B13: 6 | C13: ='Source PD'!D858 -> Les cultures ne sont pas irriguées. | D13: 6.1.2 / 6.2.1 - 6.2.2 / 6.4.1
B14: 8 | C14: ='Source PD'!D862 -> Aucun produit phytosanitaire n'est utilisé dans les cultures SwissGAP. | D14: 8.1.1 - 8.1.3, 8.2.1 - 8.2.10, 8.4.1 - 8.4.8, 8.5.1 - 8.5.4, 8.6.1
B15: 8.3 | C15: ='Source PD'!D873 -> Pas d'entrepôt de produits phytosanitaires (PPh). | D15: 8.3.1 - 8.3.10
B16: 10.1 | C16: ='Source PD'!D876 -> L'entreprise n'utilise pas d'eau durant les étapes de post-récolte. | D16: 10.1.1 -10.1.3
B17: 10.2 | C17: ='Source PD'!D878 -> L'entreprise n'effectue pas de traitement post-récolte (par exemple conditionnement de fleurs coupées, coloration de plantes, application de Chrysal, Javel ou Peroxyde). | D17: 10.2.1 - 10.2.6
B18: 11 | C18: ='Source PD'!D881 -> Le concept communal d'élimination des déchets est disponible et appliqué sur l'exploitation. | E18: 11.1-11.2
B19: 12 | C19: ='Source PD'!D892 -> L'exploitation ne dispose pas de champs ouverts, d'espaces verts ou d'espace pour des clôtures vivantes/haies. | D19: 12.1 - 12.3
B20: 18 | C20: ='Source PD'!D889 -> L’exploitation ne déclare pas de propriété parallèle. Les mêmes produits pour lesquels l’exploitation est certifiée ne sont pas achetés (certifiés ou non certifiés). | D20: 18.1 - 18.3

Sheet Deklaration 3
A1: =Source!D849 -> Déclaration globale concernant les résponsabilités, la protection phytosanitaire et la fumure
A2: =Source!D850 -> Les questions ci-après permettent de répondre de façon globale à certaines exigences SwissGAP.
A5: =Source!D851 -> Responsabilité générale | F5: =Source!D945 -> Réponse / Points de contrôle (PC) pertinents:
A7: =Source!D852 -> Les personnes suivantes sont résponsables des décisions techniques et ont suivi les formations horticoles suivantes:
A8: =Source!D879 -> Nom: | B8: =Source!D856 -> Certificat de capacité ou formation équivalente | C8: =Source!D866 -> Permis pour l'emploi de PPh
F9: =Source!D951 -> Si min. 1 personne avec certificat de capacité ou min. formation équivalente et en cas d'utilisation de PPh min. 1 personne avec permis pour l'emploi de PPh: 1.3.1 = oui Si min. 1 personne avec permis pour l'emploi de PPh: 7.1 = oui
A17: =Source!D843 -> Chapitre 5: Fumure
A19: =Source!D882 -> Appareil de fertilisation et méthode d'épandage | C19: =Source!D934 -> Sigle: | D19: =SUM(D20:D25) -> 0 | F19: =Source!D953 -> Si un seul appareil (sigle): 5.2.5 = oui
D20: =IF(C20<>"",1,0) -> 0
D21: =IF(C21<>"",1,0) -> 0
D22: =IF(C22<>"",1,0) -> 0
D23: =IF(C23<>"",1,0) -> 0
D24: =IF(C24<>"",1,0) -> 0
D25: =IF(C25<>"",1,0) -> 0
A27: =Source!D904 -> Si un seul appareil est utilisé, il est possible de déclarer de manière globale. Si plusieurs appareils sont utilisés, le sigle de l'appareil doit être indiqué à chaque application dans le journal des cultures.
A30: =Source!D878 -> Les collaborateurs suivants participent aux travaux de fumure:
A31: =Source!D879 -> Nom: | C31: =Source!D933 -> Initiales: | D31: =SUM(D32:D41) -> 0 | F31: =Source!D952 -> Si un seul utilisateur (initiales): 5.2.6 = oui
D32: =IF(C32<>"",1,0) -> 0
D33: =IF(C33<>"",1,0) -> 0
D34: =IF(C34<>"",1,0) -> 0
D35: =IF(C35<>"",1,0) -> 0
D36: =IF(C36<>"",1,0) -> 0
D37: =IF(C37<>"",1,0) -> 0
D38: =IF(C38<>"",1,0) -> 0
D39: =IF(C39<>"",1,0) -> 0
D40: =IF(C40<>"",1,0) -> 0
D41: =IF(C41<>"",1,0) -> 0
A43: =Source!D881 -> Si une seule personne épand des engrais, il est possible de déclarer de manière globale. Si plusieures personnes épandent des engrais, les initiales des collaborateurs doivent être indiquées à chaque épandage dans le journal des cultures.
A45: =Source!D891 -> Chapitre 8: Protection phytosanitaire
A47: =Source!D895 -> Les personnes suivantes effectuent des traitements phytosanitaires:
A48: =Source!D897 -> Nom / Formation: | C48: =Source!D933 -> Initiales: | D48: =SUM(D49:D54) -> 0 | F48: =Source!D960 -> Si un seul utilisateur (initiales): 8.2.7 = oui
D49: =IF(C49<>"",1,0) -> 0
D50: =IF(C50<>"",1,0) -> 0
D51: =IF(C51<>"",1,0) -> 0
D52: =IF(C52<>"",1,0) -> 0
D53: =IF(C53<>"",1,0) -> 0
D54: =IF(C54<>"",1,0) -> 0
A55: =Source!D901 -> Si une seule personne applique des produits phytosanitaires, il est possible de déclarer de manière globale. Si plusieures personnes appliquent des produits phytosanitaires, les initiales des collaborateurs doivent être indiquées à chaque application dans le journal des cultures.
A58: =Source!D902 -> Engin (méthode d'application): | C58: =Source!D934 -> Sigle: | D58: =SUM(D59:D68) -> 0 | F58: =Source!D961 -> Si un seul appareil (initiales): 8.2.8 = oui
D59: =IF(C59<>"",1,0) -> 0
D60: =IF(C60<>"",1,0) -> 0
D61: =IF(C61<>"",1,0) -> 0
D62: =IF(C62<>"",1,0) -> 0
D63: =IF(C63<>"",1,0) -> 0
D64: =IF(C64<>"",1,0) -> 0
D65: =IF(C65<>"",1,0) -> 0
D66: =IF(C66<>"",1,0) -> 0
D67: =IF(C67<>"",1,0) -> 0
D68: =IF(C68<>"",1,0) -> 0
A69: =Source!D904 -> Si un seul appareil est utilisé, il est possible de déclarer de manière globale. Si plusieurs appareils sont utilisés, le sigle de l'appareil doit être indiqué à chaque application dans le journal des cultures.
A72: =Source!D892 -> La personne suivante est résponsable du choix et de l'application des produits phytosanitaires:
A73: ='Source PD'!D868 -> Nom / Formation: | C73: ='Source PD'!D903 -> Initiales: | D73: =SUM(D74:D76) -> 0 | F73: =Source!D966 -> Si un seul responsable (initiales): 8.2.9 = oui
D74: =IF(C74<>"",1,0) -> 0
D75: =IF(C75<>"",1,0) -> 0
D76: =IF(C76<>"",1,0) -> 0
A77: =Source!D899 -> Si c'est toujours la même personne qui est responsable des applications de produits phytosanitaires, il est possible de l'indiquer de manière globale.
A81: =Source!D912 -> Chapitre 14: Sécurité au travail
A83: =Source!D913 -> La personne suivante est responsable de la sécurité au travail et des aspects sociaux: | F83: =Source!D968 -> Si un responsable est nommé: 14.4.1 = oui
A84: =Source!D914 -> Chef/Cheffe d'exploitation
A85: =Source!D915 -> ou Monsieur/Madame

Sheet Checkliste
A1: =Source!D1180 -> N° | B1: =Source!D1181 -> Niveau | C1: =Source!D1182 -> Exigences SwissGAP Horticulture | D1: =Source!D1183 -> Interprétation | E1: Nr | F1: =Source!D1184 -> Oui | G1: =Source!D1185 -> Non | H1: =Source!D1186 -> N/A | I1: =Source!D1187 -> Résultat | J1: =Source!D1188 -> Remarque | K1: Kontrollort | L1: No N/A. | M1: AYes | N1: ANo | O1: ANA | P1: SGA Dekl | Q1: Loc1 | R1: Loc2 | S1: Loc3 | T1: Empty | U1: NonConform | V1: Loc1 | W1: Loc2 | X1: Loc3 | Y1: Empty | Z1: NonConform | AA1: =Source!D1189 -> Documentation d'application Indications pour l'auditeur
A2: =Source_CL!A2 -> 1 | B2: =IF(Source_CL!B2="","",Source_CL!B2) | C2: =Source_CL!C2 -> 1. ENREGISTREMENTS GENERAUX | I2: x | Q2: 1 | R2: 6 | T2: =IF(T3&T4&T5&T6="","",21) -> 21 | V2: 0 | AA2: =IF(Source_CL!J2=0,"",Source_CL!I2)
A3: =Source_CL!A3 -> 1.1 | B3: =IF(Source_CL!B3="","",Source_CL!B3) | C3: =Source_CL!C3 -> 1.1 Historique du site | I3: x | K3: Büro, Betrieb | L3: No N/A | M3: =IF(OR(ISBLANK(F3),LEFT(F3,1)=" "),"",B3) | N3: =IF(OR(ISBLANK(G3),LEFT(G3,1)=" "),"",B3) | O3: =IF(OR(ISBLANK(H3),LEFT(H3,1)=" "),"",B3) | Q3: 1 | R3: 6 | T3: =IF(OR(LEFT(F3,1)= " ",LEFT(G3,1)=" ",LEFT(H3,1)=" ",F3&G3&H3=""),21,"") -> 21 | U3: =IF(G3<>"",22,"") | W3: =V2 -> 0 | AA3: =IF(Source_CL!J3=0,"",Source_CL!I3)
A4: =Source_CL!A4 -> 1.1.1 | B4: =IF(Source_CL!B4="","",Source_CL!B4) -> ++ | C4: =Source_CL!C4 -> Le producteur doit conserver tous les enregistrements actuels, y compris les enregistrements électroniques, pendant au moins 2 ans à moins que la loi ne prescrive des délais de conservation plus longs. Tous les nouveaux requérants doivent avoir établi des enregistrements complets au moins 3 mois avant le premier audit. Lorsque des enregistrements spécifiques sont manquants, le point de contrôle correspondant n'est pas rempli. | D4: =IF(Source_CL!F4=0,"",Source_CL!F4) -> Les producteurs qui s'annoncent pour la première fois doivent présenter des enregistrements pour au moins les 3 derniers mois précédant la première inspection de l'exploitation. | I4: =IF(F4<>"",$F$1,IF(G4<>"",$G$1,IF(H4<>"",$H$1,""))) | K4: Büro | M4: =IF(I4="Ja",B4,IF(I4="Ja(D)",B4,IF(I4="Oui",B4,IF(I4="Oui(D)",B4,"")))) | N4: =IF(I4="Nein",B4,IF(I4="Non",B4,"")) | O4: =IF(I4="N/A",B4,IF(I4="N/A(D)",B4,"")) | Q4: 1 | T4: =IF(OR(LEFT(F4,1)= " ",LEFT(G4,1)=" ",LEFT(H4,1)=" ",F4&G4&H4=""),21,"") -> 21 | U4: =IF(G4<>"",22,"") | X4: =V2 -> 0 | AA4: =IF(Source_CL!J4=0,"",Source_CL!I4) -> Classeur Documentation d'application Auditeur: vérifier les enregistrements
A5: =Source_CL!A5 -> 1.1.2 | B5: =IF(Source_CL!B5="","",Source_CL!B5) -> ++ | C5: =Source_CL!C5 -> Il existe un plan de culture ou un journal de quartier (digital ou sur papier) pour chaque parcelle et chaque serre documentant les mesures de culture. | D5: =IF(Source_CL!F5=0,"",Source_CL!F5) -> Plan de parcelle/quartier et enregistrements des cultures pour toutes les parcelles et serres. | I5: =IF(F5<>"",$F$1,IF(G5<>"",$G$1,IF(H5<>"",$H$1,""))) | K5: Büro | M5: =IF(I5="Ja",B5,IF(I5="Ja(D)",B5,IF(I5="Oui",B5,IF(I5="Oui(D)",B5,"")))) | N5: =IF(I5="Nein",B5,IF(I5="Non",B5,"")) | O5: =IF(I5="N/A",B5,IF(I5="N/A(D)",B5,"")) | Q5: 1 | T5: =IF(OR(LEFT(F5,1)= " ",LEFT(G5,1)=" ",LEFT(H5,1)=" ",F5&G5&H5=""),21,"") -> 21 | U5: =IF(G5<>"",22,"") | Y5: =V2 -> 0 | AA5: =IF(Source_CL!J5=0,"",Source_CL!I5) -> Plan de cultures / Journal de quartier Journal des cultures (FO) Auditeur: vérifier les enregistrements
A6: =Source_CL!A6 -> 1.1.3 | B6: =IF(Source_CL!B6="","",Source_CL!B6) -> ++ | C6: =Source_CL!C6 -> Chaque champ ou serre est identifié par un code unique, par ex. un numéro, une couleur ou un nom de lieu-dit que l'on retrouve sur tous les enregistrements qui se rapportent à la surface. Il n'est pas obligatoire d'apposer des panneaux sur les surfaces de production si celles-ci sont clairement identifiables au moyen d'un plan. | D6: =IF(Source_CL!F6=0,"",Source_CL!F6) -> - | I6: =IF(F6<>"",$F$1,IF(G6<>"",$G$1,IF(H6<>"",$H$1,""))) | K6: Büro | M6: =IF(I6="Ja",B6,IF(I6="Ja(D)",B6,IF(I6="Oui",B6,IF(I6="Oui(D)",B6,"")))) | N6: =IF(I6="Nein",B6,IF(I6="Non",B6,"")) | O6: =IF(I6="N/A",B6,IF(I6="N/A(D)",B6,"")) | Q6: 1 | T6: =IF(OR(LEFT(F6,1)= " ",LEFT(G6,1)=" ",LEFT(H6,1)=" ",F6&G6&H6=""),21,"") -> 21 | U6: =IF(G6<>"",22,"") | Z6: =V2 -> 0 | AA6: =IF(Source_CL!J6=0,"",Source_CL!I6) -> Plan d'ensemble de l'exploitation Plan de cultures / Journal de quartier Auditeur : contrôle visuel, comparaison avec les enregistrements, description du système
A7: =Source_CL!A7 -> 1.2 | B7: =IF(Source_CL!B7="","",Source_CL!B7) | C7: =Source_CL!C7 -> 1.2 Autocontrôle y.c. sous-traitant | I7: x | M7: =IF(I7="Ja",B7,IF(I7="Ja(D)",B7,IF(I7="Oui",B7,IF(I7="Oui(D)",B7,"")))) | N7: =IF(I7="Nein",B7,IF(I7="Non",B7,"")) | O7: =IF(I7="N/A",B7,IF(I7="N/A(D)",B7,"")) | Q7: 1 | T7: =IF(T8&T11&T15&T19&T22="","",21) -> 21 | AA7: =IF(Source_CL!J7=0,"",Source_CL!I7)
A8: =Source_CL!A8 -> 1.2.1 | B8: =IF(Source_CL!B8="","",Source_CL!B8) -> ++ | C8: =Source_CL!C8 -> Le producteur peut prouver qu'il effectue chaque année, avant l'audit de l'organe de certification, un autocontrôle relatif au respect des directives de SwissGAP. La check-list SwissGAP a été entièrement remplie (y.c. commentaires en cas de points de contrôle critiques et non critiques non remplis et non applicables) et peut être présentée. | D8: =IF(Source_CL!F8=0,"",Source_CL!F8) -> Des check-lists SwissGAP (autocontrôles) complètement remplies et datées sont disponibles. Elles doivent être disponibles pour les inspections externes. | I8: =IF(F8<>"",$F$1,IF(G8<>"",$G$1,IF(H8<>"",$H$1,""))) | M8: =IF(I8="Ja",B8,IF(I8="Ja(D)",B8,IF(I8="Oui",B8,IF(I8="Oui(D)",B8,"")))) | N8: =IF(I8="Nein",B8,IF(I8="Non",B8,"")) | O8: =IF(I8="N/A",B8,IF(I8="N/A(D)",B8,"")) | Q8: 1 | T8: =IF(T9&T10="","",21) -> 21 | AA8: =IF(Source_CL!J8=0,"",Source_CL!I8) -> SwissGAP Horticulture Checklist Auditeur : noter la date à laquelle l'autocontrôle a été terminé
A9: =Source_CL!A9 -> 1.2.2 | B9: =IF(Source_CL!B9="","",Source_CL!B9) -> ++ | C9: =Source_CL!C9 -> Les mesures correctives découlant de l'autocontrôle ont été enregistrées et appliquées. Cela n'est nécessaire que si 100% des critères obligatoires critiques et que 95% des critères obligatoires non critiques ne sont pas remplis, sinon N/A | D9: =IF(Source_CL!F9=0,"",Source_CL!F9) -> Des mesures correctives doivent être établies pour tous les critères obligatoires critiques et non critiques si le niveau de suivi exigé n'a pas été rempli. Le formulaire "mesures correctives" disponible dans la documentation d'application peut être utilisé à ce titre. Il n'est pas obligatoire de prendre des mesures correctives pour les recommandations. Si aucune mesure corrective n'est nécessaire, il est possible de répondre par N/A. | I9: =IF(F9<>"",$F$1,IF(G9<>"",$G$1,IF(H9<>"",$H$1,""))) | K9: Büro | L9: No N/A | M9: =IF(I9="Ja",B9,IF(I9="Ja(D)",B9,IF(I9="Oui",B9,IF(I9="Oui(D)",B9,"")))) | N9: =IF(I9="Nein",B9,IF(I9="Non",B9,"")) | O9: =IF(I9="N/A",B9,IF(I9="N/A(D)",B9,"")) | Q9: 1 | T9: =IF(OR(LEFT(F9,1)= " ",LEFT(G9,1)=" ",LEFT(H9,1)=" ",F9&G9&H9=""),21,"") -> 21 | U9: =IF(G9<>"",22,"") | AA9: =IF(Source_CL!J9=0,"",Source_CL!I9) -> SwissGAP Horticulture Checklist Mesures correctives (FO) Auditeur : vérifier si les mesures correctives nécessaires sont documentées
A10: =Source_CL!A10 -> 1.2.3 | B10: =IF(Source_CL!B10="","",Source_CL!B10) -> ++ | C10: =Source_CL!C10 -> Le producteur est responsable du respect des points de contrôle par le sous-traitant et prend également cela en considération lors de l'autocontrôle. En cas de doute, l'inspecteur a le droit d'effectuer un contrôle des points de contrôle correspondants. | D10: =IF(Source_CL!F10=0,"",Source_CL!F10) -> Le producteur peut conclure une convention avec chaque sous-traitant, dans laquelle ce dernier s'engage à respecter les exigences qui le concernent. | H10: =IF('Source PD'!B827,"D","") | I10: =IF(F10<>"",F1,IF(G10<>"",G1,IF(H10="D","N/A(D)",IF(H10<>"","N/A",IF('Source PD'!B827,"N/A(D)",""))))) | K10: Büro | L10: No N/A | M10: =IF(I10="Ja",B10,IF(I10="Ja(D)",B10,IF(I10="Oui",B10,IF(I10="Oui(D)",B10,"")))) | N10: =IF(I10="Nein",B10,IF(I10="Non",B10,"")) | O10: =IF(I10="N/A",B10,IF(I10="N/A(D)",B10,"")) | Q10: 1 | T10: =IF(OR(LEFT(F10,1)= " ",LEFT(G10,1)=" ",LEFT(H10,1)=" ",F10&G10&H10=""),21,"") -> 21 | U10: =IF(G10<>"",22,"") | AA10: =IF(Source_CL!J10=0,"",Source_CL!I10) -> Contrat avec des sous-traitants (FO) Auditeur : noter le sous-traitant et les activités. Vérifier si cette activité est prise en compte dans l'autocontrôle.
A11: =Source_CL!A11 -> 1.3 | B11: =IF(Source_CL!B11="","",Source_CL!B11) | C11: =Source_CL!C11 -> 1.3 Responsabilités et formations | I11: x | M11: =IF(I11="Ja",B11,IF(I11="Ja(D)",B11,IF(I11="Oui",B11,IF(I11="Oui(D)",B11,"")))) | N11: =IF(I11="Nein",B11,IF(I11="Non",B11,"")) | O11: =IF(I11="N/A",B11,IF(I11="N/A(D)",B11,"")) | Q11: 1 | T11: =IF(T12&T13&T14="","",21) -> 21 | AA11: =IF(Source_CL!J11=0,"",Source_CL!I11)
A12: =Source_CL!A12 -> 1.3.1 | B12: =IF(Source_CL!B12="","",Source_CL!B12) -> ++ | C12: =Source_CL!C12 -> La personne responsable des décisions techniques peut prouver sa compétence et a accès à une littérature / des cours spécialisés actualisés : - pour les engrais (choix du type et de la quantité d'engrais utilisés) : Certificat professionnel (CFC), cours spécialisé ou expérience pratique suffisante. - pour les produits phytosanitaires et les produits de traitement post-récolte (choix des produits phytosanitaires et décision quant à leur utilisation) : Réussite de l'examen du cours spécialisé correspondant (permis pour l'emploi des produits phytosanitaires). La preuve de compétence est considérée comme établie, si les produits sont determinés par un conseiller des services cantonaux de vulgarisation ou des entreprises d'engrais/de produits phytosanitaires. Si d'autres conseillers déterminent les produits, la preuve doit être apportée sur la base du permis professionnel. | D12: =IF(Source_CL!F12=0,"",Source_CL!F12) -> Engrais : formation initiale ou continue en horticulture ou en agriculture ou participation à un cours spécialisé correspondant. En l'absence d'attestation de cours ou de formation, deux ans d'expérience pratique sont exigés. Protection des plantes : avoir réussi l'examen du cours spécialisé correspondant (permis professionnel). | I12: =IF(F12="D",Source!D280,IF(F12<>"",F1,IF(G12<>"",G1,IF(H12<>"","N/A",IF(AND(Source!C860=1,Source!C870=1),"D",""))))) | J12: =IF(Checkliste!I12=Source!D280,'Source PD'!$D$825&Source!$D$877,"") | K12: Büro | L12: No N/A | M12: =IF(I12="Ja",B12,IF(I12="Ja(D)",B12,IF(I12="Oui",B12,IF(I12="Oui(D)",B12,"")))) | N12: =IF(I12="Nein",B12,IF(I12="Non",B12,"")) | O12: =IF(I12="N/A",B12,IF(I12="N/A(D)",B12,"")) | Q12: 1 | T12: =IF(OR(LEFT(F12,1)= " ",LEFT(G12,1)=" ",LEFT(H12,1)=" ",F12&G12&H12=""),21,"") -> 21 | U12: =IF(G12<>"",22,"") | AA12: =IF(Source_CL!J12=0,"",Source_CL!I12) -> Déclaration globale (voir checkliste Excel) Certificat professionnel (formation, permis professionnel) Copie du permis, resp. du certificat Auditeur : demander la formation, consulter en cas de doute, noter la/les personne(s)
A13: =Source_CL!A13 -> 1.3.2 | B13: =IF(Source_CL!B13="","",Source_CL!B13) -> + | C13: =Source_CL!C13 -> Pour tous les employés, les justificatifs de formation et d'instruction nécessaires doivent être disponibles pour leurs domaines de responsabilité (date, sujet, instructeur, participant, confirmation de participation/visa). | D13: =IF(Source_CL!F13=0,"",Source_CL!F13) | I13: =IF(F13<>"",$F$1,IF(G13<>"",$G$1,IF(H13<>"","N/A",""))) | K13: Büro | L13: No N/A | M13: =IF(I13="Ja",B13,IF(I13="Ja(D)",B13,IF(I13="Oui",B13,IF(I13="Oui(D)",B13,"")))) | N13: =IF(I13="Nein",B13,IF(I13="Non",B13,"")) | O13: =IF(I13="N/A",B13,IF(I13="N/A(D)",B13,"")) | Q13: 1 | T13: =IF(OR(LEFT(F13,1)= " ",LEFT(G13,1)=" ",LEFT(H13,1)=" ",F13&G13&H13=""),21,"") -> 21 | U13: =IF(G13<>"",22,"") | AA13: =IF(Source_CL!J13=0,"",Source_CL!I13) -> Attestations de cours Instruction des collaborateurs (CL) Auditeur : vérifier à l'aide d'un collaborateur interrogé, noter l'exemple
A14: =Source_CL!A14 -> 1.3.3 | B14: =IF(Source_CL!B14="","",Source_CL!B14) -> + | C14: =Source_CL!C14 -> Tous les employés, y compris les propriétaires et les chefs d'entreprise, sont formés aux procédures de santé et de sécurité et aux instructions d'hygiène. Les formations doivent être répétées chaque année ou complétées en cas de nouvelles conditions (nouvelles procédures, nouveaux appareils, acquisition de nouvelles activités, etc.) et confirmées par les participants (liste de présence). Les formations peuvent également être organisées en interne. | D14: =IF(Source_CL!F14=0,"",Source_CL!F14) | I14: =IF(F14<>"",$F$1,IF(G14<>"",$G$1,IF(H14<>"","N/A",""))) | K14: Büro | L14: No N/A | M14: =IF(I14="Ja",B14,IF(I14="Ja(D)",B14,IF(I14="Oui",B14,IF(I14="Oui(D)",B14,"")))) | N14: =IF(I14="Nein",B14,IF(I14="Non",B14,"")) | O14: =IF(I14="N/A",B14,IF(I14="N/A(D)",B14,"")) | Q14: 1 | T14: =IF(OR(LEFT(F14,1)= " ",LEFT(G14,1)=" ",LEFT(H14,1)=" ",F14&G14&H14=""),21,"") -> 21 | U14: =IF(G14<>"",22,"") | AA14: =IF(Source_CL!J14=0,"",Source_CL!I14) -> Attestations de cours Instruction des collaborateurs (CL) Auditeur : Interroger les employés lors de la visite, noter les noms
A15: =Source_CL!A15 -> 1.3.4 | B15: =IF(Source_CL!B15="","",Source_CL!B15) -> ++ | C15: =Source_CL!C15 -> Pour tous les collaborateurs qui : - utilisent des produits phytosanitaires, des herbicides, des biocides, des produits chimiques, des produits de désinfection ou d'autres substances dangereuses, - travaillent avec des machines ou des appareils dangereux nécessitant une formation technique spécifique, - travaillent en hauteur il est possible de documenter à l'aide d'attestations de participation ou de listes de présence signées qu'ils ont reçu des instructions ou que les programmes de formation exigés ont été effectués. | D15: =IF(Source_CL!F15=0,"",Source_CL!F15) -> Produits phytosanitaires : formation ou formation continue en horticulture ou en agriculture ou participation au cours professionnel correspondant. S'il n'y a pas de justificatif de cours ou de formation, une expérience pratique de 2 ans est exigée. Exemples d'appareils dangereux : machines avec des parties mobiles, chariots élévateurs, tracteurs. De telles machines doivent être utilisées par une personne formée en conséquence et un examen de cariste est exigé pour les conducteurs de chariots élévateurs. | I15: =IF(F15<>"",$F$1,IF(G15<>"",$G$1,IF(H15<>"","N/A",""))) | M15: =IF(I15="Ja",B15,IF(I15="Ja(D)",B15,IF(I15="Oui",B15,IF(I15="Oui(D)",B15,"")))) | N15: =IF(I15="Nein",B15,IF(I15="Non",B15,"")) | O15: =IF(I15="N/A",B15,IF(I15="N/A(D)",B15,"")) | Q15: 1 | T15: =IF(T16&T17&T18="","",21) -> 21 | AA15: =IF(Source_CL!J15=0,"",Source_CL!I15) -> Instruction des collaborateurs (CL)
A16: =Source_CL!A16 -> 1.3.5 | B16: =IF(Source_CL!B16="","",Source_CL!B16) -> + | C16: =Source_CL!C16 -> Au moins une personne pour 50 employés ayant une formation en premiers secours est présente lors des travaux dans les champs et sur les lignes de tri et d'emballage. Il peut s'agir de personnes ayant obtenu leur permis de conduire au cours des cinq dernières années ou ayant suivi un cours de secourisme. | D16: =IF(Source_CL!F16=0,"",Source_CL!F16) -> Les personnes disposant d'un permis de conduire fédéral (cours de remiers secours) sont considérées comme formées. Questions orales dans l'exploitation. | I16: =IF(F16<>"",$F$1,IF(G16<>"",$G$1,IF(H16<>"","N/A",""))) | K16: Büro | L16: No N/A | M16: =IF(I16="Ja",B16,IF(I16="Ja(D)",B16,IF(I16="Oui",B16,IF(I16="Oui(D)",B16,"")))) | N16: =IF(I16="Nein",B16,IF(I16="Non",B16,"")) | O16: =IF(I16="N/A",B16,IF(I16="N/A(D)",B16,"")) | Q16: 1 | T16: =IF(OR(LEFT(F16,1)= " ",LEFT(G16,1)=" ",LEFT(H16,1)=" ",F16&G16&H16=""),21,"") -> 21 | U16: =IF(G16<>"",22,"") | AA16: =IF(Source_CL!J16=0,"",Source_CL!I16) -> Auditeur : Questionnement oral, comparer et noter le nombre de personnes formées avec le nombre d'employés.
A17: =Source_CL!A17 -> 1.4 | B17: =IF(Source_CL!B17="","",Source_CL!B17) | C17: =Source_CL!C17 -> 1.4 Exigences des clients | I17: x | K17: Büro | L17: No N/A | M17: =IF(I17="Ja",B17,IF(I17="Ja(D)",B17,IF(I17="Oui",B17,IF(I17="Oui(D)",B17,"")))) | N17: =IF(I17="Nein",B17,IF(I17="Non",B17,"")) | O17: =IF(I17="N/A",B17,IF(I17="N/A(D)",B17,"")) | Q17: 1 | T17: =IF(OR(LEFT(F17,1)= " ",LEFT(G17,1)=" ",LEFT(H17,1)=" ",F17&G17&H17=""),21,"") -> 21 | U17: =IF(G17<>"",22,"") | AA17: =IF(Source_CL!J17=0,"",Source_CL!I17)
A18: =Source_CL!A18 -> 1.4.1 | B18: =IF(Source_CL!B18="","",Source_CL!B18) -> + | C18: =Source_CL!C18 -> Des conventions écrites peuvent être présentées, pour autant qu'il existe des accords sur les exigences de qualité entre l'acheteur et le producteur. Le producteur doit prouver qu'il respecte les exigences de qualité convenues ou, au moins, usuelles dans la branche. | D18: =IF(Source_CL!F18=0,"",Source_CL!F18) -> S'il existe des accords spécifiques à l'entreprise avec l'acheteur et si ceux-ci vont au-delà des exigences habituelles de la branche, ils doivent être présentés. | I18: =IF(F18<>"",$F$1,IF(G18<>"",$G$1,IF(H18<>"","N/A",""))) | K18: Büro | L18: No N/A | M18: =IF(I18="Ja",B18,IF(I18="Ja(D)",B18,IF(I18="Oui",B18,IF(I18="Oui(D)",B18,"")))) | N18: =IF(I18="Nein",B18,IF(I18="Non",B18,"")) | O18: =IF(I18="N/A",B18,IF(I18="N/A(D)",B18,"")) | Q18: 1 | T18: =IF(OR(LEFT(F18,1)= " ",LEFT(G18,1)=" ",LEFT(H18,1)=" ",F18&G18&H18=""),21,"") -> 21 | U18: =IF(G18<>"",22,"") | AA18: =IF(Source_CL!J18=0,"",Source_CL!I18) -> Lettre type_Directives de l‘acheteur Auditeur : questionnement oral. Consulter les accords des acheteurs, s'ils existent, et vérifier qu'ils sont respectées.
A19: =Source_CL!A19 -> 1.5 | B19: =IF(Source_CL!B19="","",Source_CL!B19) | C19: =Source_CL!C19 -> 1.5 Rappel et retrait | I19: x | M19: =IF(I19="Ja",B19,IF(I19="Ja(D)",B19,IF(I19="Oui",B19,IF(I19="Oui(D)",B19,"")))) | N19: =IF(I19="Nein",B19,IF(I19="Non",B19,"")) | O19: =IF(I19="N/A",B19,IF(I19="N/A(D)",B19,"")) | Q19: 1 | T19: =IF(T20&T21="","",21) -> 21 | AA19: =IF(Source_CL!J19=0,"",Source_CL!I19)
A20: =Source_CL!A20 -> 1.5.1 | B20: =IF(Source_CL!B20="","",Source_CL!B20) -> + | C20: =Source_CL!C20 -> L'entreprise dispose d'une procédure pour le rappel ou le retrait de produits du marché, qui comprend les aspects suivants : - les causes possibles qui peuvent déclencher un rappel ou un retrait - personne responsable au sein de l'entreprise qui prend la décision - mécanisme de communication aux acheteurs (y compris une liste des personnes de contact avec numéro de téléphone et e-mail des acheteurs) - méthodes de comparaison des stocks du lot concerné. | D20: =IF(Source_CL!F20=0,"",Source_CL!F20) -> Il n'est pas nécessaire d'effectuer un test annuel. | I20: =IF(F20<>"",$F$1,IF(G20<>"",$G$1,IF(H20<>"","N/A",""))) | K20: Büro | L20: No N/A | M20: =IF(I20="Ja",B20,IF(I20="Ja(D)",B20,IF(I20="Oui",B20,IF(I20="Oui(D)",B20,"")))) | N20: =IF(I20="Nein",B20,IF(I20="Non",B20,"")) | O20: =IF(I20="N/A",B20,IF(I20="N/A(D)",B20,"")) | Q20: 1 | T20: =IF(OR(LEFT(F20,1)= " ",LEFT(G20,1)=" ",LEFT(H20,1)=" ",F20&G20&H20=""),21,"") -> 21 | U20: =IF(G20<>"",22,"") | AA20: =IF(Source_CL!J20=0,"",Source_CL!I20) -> Procédure pour le rappel des marchandises (RL) Auditeur : vérifier si la procédure est complète
A21: =Source_CL!A21 -> 2 | B21: =IF(Source_CL!B21="","",Source_CL!B21) | C21: =Source_CL!C21 -> 2. MATÉRIEL DE REPRODUCTION (PLANTS, SEMENCES ET PORTE-GREFFE) | I21: x | K21: Büro | L21: No N/A | M21: =IF(I21="Ja",B21,IF(I21="Ja(D)",B21,IF(I21="Oui",B21,IF(I21="Oui(D)",B21,"")))) | N21: =IF(I21="Nein",B21,IF(I21="Non",B21,"")) | O21: =IF(I21="N/A",B21,IF(I21="N/A(D)",B21,"")) | Q21: 1 | T21: =IF(OR(LEFT(F21,1)= " ",LEFT(G21,1)=" ",LEFT(H21,1)=" ",F21&G21&H21=""),21,"") -> 21 | U21: =IF(G21<>"",22,"") | AA21: =IF(Source_CL!J21=0,"",Source_CL!I21)
A22: =Source_CL!A22 -> 2.1 | B22: =IF(Source_CL!B22="","",Source_CL!B22) | C22: =Source_CL!C22 -> 2.1 Durée de culture dans l'exploitation | I22: x | M22: =IF(I22="Ja",B22,IF(I22="Ja(D)",B22,IF(I22="Oui",B22,IF(I22="Oui(D)",B22,"")))) | N22: =IF(I22="Nein",B22,IF(I22="Non",B22,"")) | O22: =IF(I22="N/A",B22,IF(I22="N/A(D)",B22,"")) | Q22: 1 | T22: =IF(T23&T24="","",21) -> 21 | AA22: =IF(Source_CL!J22=0,"",Source_CL!I22)
A23: =Source_CL!A23 -> 2.1.1 | B23: =IF(Source_CL!B23="","",Source_CL!B23) -> ++ | C23: =Source_CL!C23 -> Lors de l'achat de boutures et de plantons non-certifiés (Swiss GAP ou GLOBAL G.A.P), les exigences suivantes sont prises en compte pour pouvoir commercialiser les cultures en tant que SwissGAP: - les cultures doivent être cultivées pendant au moins 3 mois dans une exploitation SwissGAP. - lorsque la phase végétative (depuis le semis resp. la mise en terre des boutures) est plus courte que 3 mois, au moins les deux tiers de la phase végétative doivent avoir lieux dans une exploitation SwissGAP. - pour les fleurs, les caractéristiques typiques de la plante (p.ex. floraison, taille) doivent être formées dans l'exploitation SwissGAP. - Pour les bulbes de fleurs (p.ex. tulipes), le matériel de multiplication doit déjà être certifié pour que le produit soit autorisé à être vendu comme produit certifié SwissGAP. | D23: =IF(Source_CL!F23=0,"",Source_CL!F23) -> L'achat de matériel de multiplication non-certifié ne compte pas comme propriété parallèle. Le temps de culture dans l'exploitation sera vérifié au moyen d'exemples. Le fournisseur (Producteur du matériel de multiplication ou commerçant) doit pouvoir attester du respect de la licence existante ou d'une certification GLOBAL G.A.P. | I23: =IF(F23<>"",$F$1,IF(G23<>"",$G$1,IF(H23<>"","N/A",""))) | K23: Büro | L23: No N/A | M23: =IF(I23="Ja",B23,IF(I23="Ja(D)",B23,IF(I23="Oui",B23,IF(I23="Oui(D)",B23,"")))) | N23: =IF(I23="Nein",B23,IF(I23="Non",B23,"")) | O23: =IF(I23="N/A",B23,IF(I23="N/A(D)",B23,"")) | Q23: 1 | T23: =IF(OR(LEFT(F23,1)= " ",LEFT(G23,1)=" ",LEFT(H23,1)=" ",F23&G23&H23=""),21,"") -> 21 | U23: =IF(G23<>"",22,"") | AA23: =IF(Source_CL!J23=0,"",Source_CL!I23) -> Bulletins de livraison de matériel de multiplication év. certificats phytosanitaires Auditeur: vérifier les documents, décrire la durée de culture dans l'entreprise à l'aide d'un exemple
A24: =Source_CL!A24 -> 2.2 | B24: =IF(Source_CL!B24="","",Source_CL!B24) | C24: =Source_CL!C24 -> 2.2 Matériel de multiplication acheté | I24: x | K24: Büro | L24: No N/A | M24: =IF(I24="Ja",B24,IF(I24="Ja(D)",B24,IF(I24="Oui",B24,IF(I24="Oui(D)",B24,"")))) | N24: =IF(I24="Nein",B24,IF(I24="Non",B24,"")) | O24: =IF(I24="N/A",B24,IF(I24="N/A(D)",B24,"")) | Q24: 1 | T24: =IF(OR(LEFT(F24,1)= " ",LEFT(G24,1)=" ",LEFT(H24,1)=" ",F24&G24&H24=""),21,"") -> 21 | U24: =IF(G24<>"",22,"") | AA24: =IF(Source_CL!J24=0,"",Source_CL!I24)
A25: =Source_CL!A25 -> 2.2.1 | B25: =IF(Source_CL!B25="","",Source_CL!B25) -> ++ | C25: =Source_CL!C25 -> Pour les semences et le matériel de multiplication achetés, des passeports phytosanitaires, des certificats, des emballages vides, des factures, etc. sont disponibles, contenant des informations sur le nom de la variété, le numéro de lot et le fournisseur et, le cas échéant, sur la qualité des semences (p. ex. capacité de germination, pureté variétale, santé). L'acquisition de matériel de multiplication auprès d'entreprises certifiées SwissGAP ou GLOBALG.A.P. est également considéré comme une preuve. | D25: =IF(Source_CL!F25=0,"",Source_CL!F25) -> Conserver les passeports phytosanitaires, certificats des plants, emballages vides et factures. Vérifier l'assortiment au moyen de la liste des variétés de la branche. | I25: =IF(F25<>"",$F$1,IF(G25<>"",$G$1,IF(H25<>"","N/A",""))) | M25: =IF(I25="Ja",B25,IF(I25="Ja(D)",B25,IF(I25="Oui",B25,IF(I25="Oui(D)",B25,"")))) | N25: =IF(I25="Nein",B25,IF(I25="Non",B25,"")) | O25: =IF(I25="N/A",B25,IF(I25="N/A(D)",B25,"")) | Q25: 1 | R25: 3 | T25: =IF(T26&T29="","",21) -> 21 | AA25: =IF(Source_CL!J25=0,"",Source_CL!I25) -> Passeport phytosanitaire (KO) év. certificats de fournisseurs Auditeur : Contrôler les documents/emballages
A26: =Source_CL!A26 -> 2.2.2 | B26: =IF(Source_CL!B26="","",Source_CL!B26) -> ++ | C26: =Source_CL!C26 -> Sur demande, le producteur peut prouver, en plus des exigences du point 2.2.1, que le matériel de multiplication acquis au cours des 24 derniers mois l'a été en conformité avec les droits de propriété intellectuelle nationaux. | D26: =IF(Source_CL!F26=0,"",Source_CL!F26) -> Remarque : la base de données PLUTO de l'UPOV (https://www.upov.int/pluto/fr) et le Variety Finder pour la recherche de variétés sur le site Web de l'Office communautaire des variétés végétales (OCVV) (https://cpvo.europa.eu/en/applications-and-examinations/cpvo-variety-finder) répertorient toutes les variétés dans le monde, y compris leurs données d'enregistrement et les données relatives à la protection de la propriété intellectuelle par variété et par pays. | I26: =IF(F26<>"",$F$1,IF(G26<>"",$G$1,IF(H26<>"","N/A",""))) | M26: =IF(I26="Ja",B26,IF(I26="Ja(D)",B26,IF(I26="Oui",B26,IF(I26="Oui(D)",B26,"")))) | N26: =IF(I26="Nein",B26,IF(I26="Non",B26,"")) | O26: =IF(I26="N/A",B26,IF(I26="N/A(D)",B26,"")) | Q26: 1 | T26: =IF(T27&T28="","",21) -> 21 | AA26: =IF(Source_CL!J26=0,"",Source_CL!I26) -> Déclaration du fournisseur Auditeur : Contrôler les documents/emballages
A27: =Source_CL!A27 -> 2.2.3 | B27: =IF(Source_CL!B27="","",Source_CL!B27) -> + | C27: =Source_CL!C27 -> Des informations sont disponibles (enregistrements reçus/emballages des semences) concernant les produits utilisés pour les traitements de semences achetées ou de plants au stade végétatif (imprégnation, enrobage, etc.) effectués par le fournisseur. Pas applicable (N/A) pour les cultures pérennes. | D27: =IF(Source_CL!F27=0,"",Source_CL!F27) -> Conserver les emballages jusqu'au prochain contrôle. S'il y a uniquement des cultures pérennes certifiées, le point n'est pas applicable. | I27: =IF(F27<>"",$F$1,IF(G27<>"",$G$1,IF(H27<>"","N/A",""))) | K27: Büro | L27: No N/A | M27: =IF(I27="Ja",B27,IF(I27="Ja(D)",B27,IF(I27="Oui",B27,IF(I27="Oui(D)",B27,"")))) | N27: =IF(I27="Nein",B27,IF(I27="Non",B27,"")) | O27: =IF(I27="N/A",B27,IF(I27="N/A(D)",B27,"")) | Q27: 1 | T27: =IF(OR(LEFT(F27,1)= " ",LEFT(G27,1)=" ",LEFT(H27,1)=" ",F27&G27&H27=""),21,"") -> 21 | U27: =IF(G27<>"",22,"") | AA27: =IF(Source_CL!J27=0,"",Source_CL!I27) -> Auditeur : Contrôler les documents/emballages
A28: =Source_CL!A28 -> 2.3 | B28: =IF(Source_CL!B28="","",Source_CL!B28) | C28: =Source_CL!C28 -> 2.3 Propre multiplication | I28: x | K28: Büro | M28: =IF(I28="Ja",B28,IF(I28="Ja(D)",B28,IF(I28="Oui",B28,IF(I28="Oui(D)",B28,"")))) | N28: =IF(I28="Nein",B28,IF(I28="Non",B28,"")) | O28: =IF(I28="N/A",B28,IF(I28="N/A(D)",B28,"")) | Q28: 1 | T28: =IF(OR(LEFT(F28,1)= " ",LEFT(G28,1)=" ",LEFT(H28,1)=" ",F28&G28&H28=""),21,"") -> 21 | U28: =IF(G28<>"",22,"") | AA28: =IF(Source_CL!J28=0,"",Source_CL!I28)
A29: =Source_CL!A29 -> 2.3.1 | B29: =IF(Source_CL!B29="","",Source_CL!B29) -> + | C29: =Source_CL!C29 -> Pour surveiller la santé des plants autoproduits, des tournées de contrôle sont effectuées selon une procédure écrite pour détecter les signes visibles de ravageurs et de maladies, et toute présence constatée est documentée. Les cultures ont été déclarées pour le contrôle du passeport phytosanitaire. | D29: =IF(Source_CL!F29=0,"",Source_CL!F29) -> Les cultures peuvent être rassemblées en groupes de produits pour les visites de contrôle. Une procédure écrite doit documenter la manière dont les visites de contrôle sont effectuées (fréquence, objet du contrôle, etc.). Toute contamination constatée doit être documentée. | H29: =IF('Source PD'!$B$830,"D","") | I29: =IF(F29<>"",$F$1,IF(G29<>"",$G$1,IF(H29="D","N/A(D)",IF(H29<>"","N/A",IF('Source PD'!$B$830,"N/A(D)",""))))) | J29: =IF('Source PD'!$B$830,'Source PD'!$D$825&'Source PD'!$D$831,"") | M29: =IF(I29="Ja",B29,IF(I29="Ja(D)",B29,IF(I29="Oui",B29,IF(I29="Oui(D)",B29,"")))) | N29: =IF(I29="Nein",B29,IF(I29="Non",B29,"")) | O29: =IF(I29="N/A",B29,IF(I29="N/A(D)",B29,"")) | Q29: 1 | R29: 3 | T29: =IF(T30&T31="","",21) -> 21 | AA29: =IF(Source_CL!J29=0,"",Source_CL!I29) -> Surveillance de l’état sanitaire des plants autoproduits (RL) Surveillance ravageurs et maladies (FO) Auditeur : vérifier les procédures & éventuellement les enregistrements
A30: =Source_CL!A30 -> 2.3.2 | B30: =IF(Source_CL!B30="","",Source_CL!B30) -> + | C30: =Source_CL!C30 -> Les traitements phytosanitaires appliqués durant la période de croissance sur les plants et semences destinés à l'autoproduction doivent être documentés et comporter les mêmes enregistrements qu'au chapitre sur la lutte phytosanitaire (ch. 8.2). Non applicable pour les cultures pérennes. | D30: =IF(Source_CL!F30=0,"",Source_CL!F30) -> Seulement en cas d'autoproduction. | H30: =IF('Source PD'!$B$830,"D","") | I30: =IF(F30<>"",$F$1,IF(G30<>"",$G$1,IF(H30="D","N/A(D)",IF(H30<>"","N/A",IF('Source PD'!$B$830,"N/A(D)",""))))) | J30: =IF('Source PD'!$B$830,'Source PD'!$D$825&'Source PD'!$D$831,"") | K30: Büro | L30: No N/A | M30: =IF(I30="Ja",B30,IF(I30="Ja(D)",B30,IF(I30="Oui",B30,IF(I30="Oui(D)",B30,"")))) | N30: =IF(I30="Nein",B30,IF(I30="Non",B30,"")) | O30: =IF(I30="N/A",B30,IF(I30="N/A(D)",B30,"")) | Q30: 1 | T30: =IF(OR(LEFT(F30,1)= " ",LEFT(G30,1)=" ",LEFT(H30,1)=" ",F30&G30&H30=""),21,"") -> 21 | U30: =IF(G30<>"",22,"") | AA30: =IF(Source_CL!J30=0,"",Source_CL!I30) -> Journal des cultures (FO) Auditeur : vérifier les enregistrements et, le cas échéant, documenter une application
A31: =Source_CL!A31 -> 3 | B31: =IF(Source_CL!B31="","",Source_CL!B31) | C31: =Source_CL!C31 -> 3. GESTION DU SOL | I31: x | K31: Büro | M31: =IF(I31="Ja",B31,IF(I31="Ja(D)",B31,IF(I31="Oui",B31,IF(I31="Oui(D)",B31,"")))) | N31: =IF(I31="Nein",B31,IF(I31="Non",B31,"")) | O31: =IF(I31="N/A",B31,IF(I31="N/A(D)",B31,"")) | Q31: 1 | T31: =IF(OR(LEFT(F31,1)= " ",LEFT(G31,1)=" ",LEFT(H31,1)=" ",F31&G31&H31=""),21,"") -> 21 | U31: =IF(G31<>"",22,"") | AA31: =IF(Source_CL!J31=0,"",Source_CL!I31)
A32: =Source_CL!A32 -> 3.1 | B32: =IF(Source_CL!B32="","",Source_CL!B32) -> + | C32: =Source_CL!C32 -> La rotation des cultures annuelles est enregistrée et peut être documentée pour les 5 dernières années. Seulement applicable aux cultures de plein champ. | D32: =IF(Source_CL!F32=0,"",Source_CL!F32) -> Pour les cultures en plein champ, les cultures précédentes peuvent être prouvées p.ex à l'aide du journal des parcelles ou du plan d'occupation. | H32: =IF('Source PD'!$B$833,"D","") | I32: =IF(F32<>"",$F$1,IF(G32<>"",$G$1,IF(H32="D","N/A(D)",IF(H32<>"","N/A",IF('Source PD'!$B$833,"N/A(D)",""))))) | J32: =IF(Checkliste!I32="N/A(D)",'Source PD'!$D$825&'Source PD'!$D$835,"") | M32: =IF(I32="Ja",B32,IF(I32="Ja(D)",B32,IF(I32="Oui",B32,IF(I32="Oui(D)",B32,"")))) | N32: =IF(I32="Nein",B32,IF(I32="Non",B32,"")) | O32: =IF(I32="N/A",B32,IF(I32="N/A(D)",B32,"")) | P32: =IF(COUNTIF(I32,"="&"Nein")>0,"FALSCH","WAHR") -> WAHR | Q32: 1 | R32: 3 | T32: =IF(T33&T34&T35&T36="","",21) -> 21 | AA32: =IF(Source_CL!J32=0,"",Source_CL!I32) -> Journal des cultures (FO) Auditeur: vérifier les enregistrements
A33: =Source_CL!A33 -> 3.2 | B33: =IF(Source_CL!B33="","",Source_CL!B33) -> + | C33: =Source_CL!C33 -> Les techniques du travail du sol utilisées préservent la structure du sol et minimisent le compactage du sol (par ex. utilisation de racines profondes, drainage, pression des pneus adaptée, etc).. | D33: =IF(Source_CL!F33=0,"",Source_CL!F33) -> Ce point n'est pas applicable pour les cultures sous serres. Des compactages du sol graves sont à contester. | H33: =IF('Source PD'!$B$833,"D","") | I33: =IF(F33<>"",$F$1,IF(G33<>"",$G$1,IF(H33="D","N/A(D)",IF(H33<>"","N/A",IF('Source PD'!$B$833,"N/A(D)",""))))) | J33: =IF(Checkliste!I33="N/A(D)",'Source PD'!$D$825&'Source PD'!$D$835,"") | K33: Büro | M33: =IF(I33="Ja",B33,IF(I33="Ja(D)",B33,IF(I33="Oui",B33,IF(I33="Oui(D)",B33,"")))) | N33: =IF(I33="Nein",B33,IF(I33="Non",B33,"")) | O33: =IF(I33="N/A",B33,IF(I33="N/A(D)",B33,"")) | Q33: 1 | T33: =IF(OR(LEFT(F33,1)= " ",LEFT(G33,1)=" ",LEFT(H33,1)=" ",F33&G33&H33=""),21,"") -> 21 | U33: =IF(G33<>"",22,"") | AA33: =IF(Source_CL!J33=0,"",Source_CL!I33) -> Auditeur: questionnement oral, contrôle visuel
A34: =Source_CL!A34 -> 3.3 | B34: =IF(Source_CL!B34="","",Source_CL!B34) -> + | C34: =Source_CL!C34 -> Il n'y a pas de signes visibles d'érosion du sol et/ou des mesures sont prises pour éviter l'érosion du sol, comme l'ensemencement d'herbe ou d'engrais vert, la couverture du sol avec un matériel mulch aproprié ou à l'aide de haies. | D34: =IF(Source_CL!F34=0,"",Source_CL!F34) -> Ce point n'est pas applicable pour les cultures sous serres. Contrôle visuel dans les champs des semis, engrais verts et haies. | H34: =IF('Source PD'!$B$833,"D","") | I34: =IF(F34<>"",$F$1,IF(G34<>"",$G$1,IF(H34="D","N/A(D)",IF(H34<>"","N/A",IF('Source PD'!$B$833,"N/A(D)",""))))) | J34: =IF(Checkliste!I34="N/A(D)",'Source PD'!$D$825&'Source PD'!$D$835,"") | K34: Büro | M34: =IF(I34="Ja",B34,IF(I34="Ja(D)",B34,IF(I34="Oui",B34,IF(I34="Oui(D)",B34,"")))) | N34: =IF(I34="Nein",B34,IF(I34="Non",B34,"")) | O34: =IF(I34="N/A",B34,IF(I34="N/A(D)",B34,"")) | Q34: 1 | T34: =IF(OR(LEFT(F34,1)= " ",LEFT(G34,1)=" ",LEFT(H34,1)=" ",F34&G34&H34=""),21,"") -> 21 | U34: =IF(G34<>"",22,"") | AA34: =IF(Source_CL!J34=0,"",Source_CL!I34) -> Auditeur: questionnement oral, contrôle visuel
A35: =Source_CL!A35 -> 3.4 | B35: =IF(Source_CL!B35="","",Source_CL!B35) -> +- | C35: =Source_CL!C35 -> Les données relatives au semis/à la plantation sont enregistrées. | D35: =IF(Source_CL!F35=0,"",Source_CL!F35) -> - | I35: =IF(F35<>"",$F$1,IF(G35<>"",$G$1,IF(H35<>"","N/A",""))) | K35: Büro | M35: =IF(I35="Ja",B35,IF(I35="Ja(D)",B35,IF(I35="Oui",B35,IF(I35="Oui(D)",B35,"")))) | N35: =IF(I35="Nein",B35,IF(I35="Non",B35,"")) | O35: =IF(I35="N/A",B35,IF(I35="N/A(D)",B35,"")) | Q35: 1 | T35: =IF(OR(LEFT(F35,1)= " ",LEFT(G35,1)=" ",LEFT(H35,1)=" ",F35&G35&H35=""),21,"") -> 21 | U35: =IF(G35<>"",22,"") | AA35: =IF(Source_CL!J35=0,"",Source_CL!I35) -> Journal des cultures (FO) Auditeur: vérifier les enregistrements
A36: =Source_CL!A36 -> 3.5 | B36: =IF(Source_CL!B36="","",Source_CL!B36) -> ++ | C36: =Source_CL!C36 -> La désinfection chimique du sol est interdite. | D36: =IF(Source_CL!F36=0,"",Source_CL!F36) -> - | I36: =IF(F36<>"",$F$1,IF(G36<>"",$G$1,IF(H36<>"","N/A",""))) | K36: Büro | M36: =IF(I36="Ja",B36,IF(I36="Ja(D)",B36,IF(I36="Oui",B36,IF(I36="Oui(D)",B36,"")))) | N36: =IF(I36="Nein",B36,IF(I36="Non",B36,"")) | O36: =IF(I36="N/A",B36,IF(I36="N/A(D)",B36,"")) | Q36: 1 | T36: =IF(OR(LEFT(F36,1)= " ",LEFT(G36,1)=" ",LEFT(H36,1)=" ",F36&G36&H36=""),21,"") -> 21 | U36: =IF(G36<>"",22,"") | AA36: =IF(Source_CL!J36=0,"",Source_CL!I36) -> Auditeur : questionnement oral pour savoir si une désinfection chimique du sol a été effectuée. Contrôle visuel de la présence de produits correspondants, surtout dans l'entrepôt de PPh.
A37: =Source_CL!A37 -> 4 | B37: =IF(Source_CL!B37="","",Source_CL!B37) | C37: =Source_CL!C37 -> 4. SUBSTRATS | I37: x | J37: =IF(Checkliste!I37="N/A(D)",'Source PD'!$D$825&'Source PD'!$D$834,"") | M37: =IF(I37="Ja",B37,IF(I37="Ja(D)",B37,IF(I37="Oui",B37,IF(I37="Oui(D)",B37,"")))) | N37: =IF(I37="Nein",B37,IF(I37="Non",B37,"")) | O37: =IF(I37="N/A",B37,IF(I37="N/A(D)",B37,"")) | Q37: 1 | R37: 3 | S37: 6 | T37: =IF(T38&T39&T40&T41="","",21) -> 21 | AA37: =IF(Source_CL!J37=0,"",Source_CL!I37)
A38: =Source_CL!A38 -> 4.1 | B38: =IF(Source_CL!B38="","",Source_CL!B38) -> + | C38: =Source_CL!C38 -> La stérilisation chimique des substrats est interdite. Si les substrats sont réutilisés, ils doivent être stérilisés à la vapeur. | D38: =IF(Source_CL!F38=0,"",Source_CL!F38) | H38: =IF('Source PD'!$B$839,"D","") | I38: =IF(F38<>"",$F$1,IF(G38<>"",$G$1,IF(H38="D","N/A(D)",IF(H38<>"","N/A",IF('Source PD'!$B$839,"N/A(D)",""))))) | J38: =IF(Checkliste!I38="N/A(D)",'Source PD'!$D$825&'Source PD'!$D$840,"") | K38: Büro, Betrieb | L38: No N/A | M38: =IF(I38="Ja",B38,IF(I38="Ja(D)",B38,IF(I38="Oui",B38,IF(I38="Oui(D)",B38,"")))) | N38: =IF(I38="Nein",B38,IF(I38="Non",B38,"")) | O38: =IF(I38="N/A",B38,IF(I38="N/A(D)",B38,"")) | Q38: 1 | R38: 6 | T38: =IF(OR(LEFT(F38,1)= " ",LEFT(G38,1)=" ",LEFT(H38,1)=" ",F38&G38&H38=""),21,"") -> 21 | U38: =IF(G38<>"",22,"") | AA38: =IF(Source_CL!J38=0,"",Source_CL!I38) -> Auditeur : Questionnement oral pour savoir si une stérilisation chimique des substrats a été effectuée. Contrôle visuel de la présence de produits correspondants ou de signes visibles de stérilisation chimique sur le site de l'entreprise.
A39: =Source_CL!A39 -> 4.2 | B39: =IF(Source_CL!B39="","",Source_CL!B39) -> + | C39: =Source_CL!C39 -> La quantité et la date des matériaux utilisés (recyclés) sont documentés. Des factures resp. des bulletins de livraisons sont suffisants. Une non-participation à un programme de recyclage disponible devrait être justifiée. Pas applicable pour les plantes en pot qui sont vendues avec le substrat ou lorsqu'il n'y a pas de déchets de substrat. | D39: =IF(Source_CL!F39=0,"",Source_CL!F39) -> Si des substrats sont utilisés en dehors de l'exploitation, cela doit pouvoir être démontré grâce aux documents de livraison à l'acheteur. Une utilisation interne est documentée. | H39: =IF('Source PD'!$B$839,"D","") | I39: =IF(F39<>"",$F$1,IF(G39<>"",$G$1,IF(H39="D","N/A(D)",IF(H39<>"","N/A",IF('Source PD'!$B$839,"N/A(D)",""))))) | J39: =IF(Checkliste!I39="N/A(D)",'Source PD'!$D$825&'Source PD'!$D$840,"") | K39: Betrieb, Kulturen | L39: No N/A | M39: =IF(I39="Ja",B39,IF(I39="Ja(D)",B39,IF(I39="Oui",B39,IF(I39="Oui(D)",B39,"")))) | N39: =IF(I39="Nein",B39,IF(I39="Non",B39,"")) | O39: =IF(I39="N/A",B39,IF(I39="N/A(D)",B39,"")) | Q39: 3 | R39: 6 | T39: =IF(OR(LEFT(F39,1)= " ",LEFT(G39,1)=" ",LEFT(H39,1)=" ",F39&G39&H39=""),21,"") -> 21 | U39: =IF(G39<>"",22,"") | AA39: =IF(Source_CL!J39=0,"",Source_CL!I39) -> Bulletins de livraison, factures Auditeur : questionnement oral sur la nature des substrats utilisés, puis sur leur réutilisation ou leur élimination.
A40: =Source_CL!A40 -> 4.3 | B40: =IF(Source_CL!B40="","",Source_CL!B40) -> ++ | C40: =Source_CL!C40 -> Des attestations sont disponibles pour les substrats d'origine naturelle garantissant qu'ils ne proviennent pas de régions naturelles protégées. | D40: =IF(Source_CL!F40=0,"",Source_CL!F40) -> Les documents et conventions de livraison sont également considérés comme enregistrements. Une attestation globale du fournisseur est possible. | H40: =IF('Source PD'!$B$839,"D","") | I40: =IF(F40<>"",$F$1,IF(G40<>"",$G$1,IF(H40="D","N/A(D)",IF(H40<>"","N/A",IF('Source PD'!$B$839,"N/A(D)",""))))) | J40: =IF(Checkliste!I40="N/A(D)",'Source PD'!$D$825&'Source PD'!$D$840,"") | K40: Büro | M40: =IF(I40="Ja",B40,IF(I40="Ja(D)",B40,IF(I40="Oui",B40,IF(I40="Oui(D)",B40,"")))) | N40: =IF(I40="Nein",B40,IF(I40="Non",B40,"")) | O40: =IF(I40="N/A",B40,IF(I40="N/A(D)",B40,"")) | Q40: 1 | T40: =IF(OR(LEFT(F40,1)= " ",LEFT(G40,1)=" ",LEFT(H40,1)=" ",F40&G40&H40=""),21,"") -> 21 | U40: =IF(G40<>"",22,"") | AA40: =IF(Source_CL!J40=0,"",Source_CL!I40) -> Confirmations des fournisseurs, bulletins de livraison Auditeur: vérifier la confirmation
A41: =Source_CL!A41 -> 4.4 | B41: =IF(Source_CL!B41="","",Source_CL!B41) -> + | C41: =Source_CL!C41 -> Au moins 50% de la quantité de substrats utilisés dans la production sont des alternatives de tourbe renouvelables. L'objectif est de réduire continuellement la quantité de tourbe utilisée et de n'utiliser que de la tourbe provenant de sources responsables. | D41: =IF(Source_CL!F41=0,"",Source_CL!F41) -> Selon l'accord signé entre JardinSuisse et l'OFEV (Confédération), la branche vise une valeur de 95% de tourbe renouvelable dans les substrats d'ici 2030. Les bulletins de livraison avec la recette de tous les substrats achetés doivent être présentés à l'auditeur, y compris la quantité respective achetée / an. | H41: =IF('Source PD'!$B$839,"D","") | I41: =IF(F41<>"",$F$1,IF(G41<>"",$G$1,IF(H41="D","N/A(D)",IF(H41<>"","N/A",IF('Source PD'!$B$839,"N/A(D)",""))))) | J41: =IF(Checkliste!I41="N/A(D)",'Source PD'!$D$825&'Source PD'!$D$840,"") | K41: Büro | M41: =IF(I41="Ja",B41,IF(I41="Ja(D)",B41,IF(I41="Oui",B41,IF(I41="Oui(D)",B41,"")))) | N41: =IF(I41="Nein",B41,IF(I41="Non",B41,"")) | O41: =IF(I41="N/A",B41,IF(I41="N/A(D)",B41,"")) | Q41: 1 | T41: =IF(OR(LEFT(F41,1)= " ",LEFT(G41,1)=" ",LEFT(H41,1)=" ",F41&G41&H41=""),21,"") -> 21 | U41: =IF(G41<>"",22,"") | AA41: =IF(Source_CL!J41=0,"",Source_CL!I41) -> Auditeur : évaluer à l'aide des documents de livraison des fournisseurs de substrats, noter le % de tourbe alternative dans les substrats.
A42: =Source_CL!A42 -> 5 | B42: =IF(Source_CL!B42="","",Source_CL!B42) | C42: =Source_CL!C42 -> 5. FUMURE | I42: x | M42: =IF(I42="Ja",B42,IF(I42="Ja(D)",B42,IF(I42="Oui",B42,IF(I42="Oui(D)",B42,"")))) | N42: =IF(I42="Nein",B42,IF(I42="Non",B42,"")) | O42: =IF(I42="N/A",B42,IF(I42="N/A(D)",B42,"")) | Q42: 1 | T42: =IF(T43&T46&T49&T57&T69&T71="","",21) -> 21 | AA42: =IF(Source_CL!J42=0,"",Source_CL!I42)
A43: =Source_CL!A43 -> 5.1 | B43: =IF(Source_CL!B43="","",Source_CL!B43) | C43: =Source_CL!C43 -> 5.1 Besoins et teneur en éléments nutritifs | I43: x | M43: =IF(I43="Ja",B43,IF(I43="Ja(D)",B43,IF(I43="Oui",B43,IF(I43="Oui(D)",B43,"")))) | N43: =IF(I43="Nein",B43,IF(I43="Non",B43,"")) | O43: =IF(I43="N/A",B43,IF(I43="N/A(D)",B43,"")) | Q43: 1 | R43: 3 | T43: =T44 -> 21 | AA43: =IF(Source_CL!J43=0,"",Source_CL!I43)
A44: =Source_CL!A44 -> 5.1.1 | B44: =IF(Source_CL!B44="","",Source_CL!B44) -> + | C44: =Source_CL!C44 -> Le but est la réduction des pertes d'éléments nutritifs. Les apports d'engrais et la période de fumure s'appuient sur des analyses de sol et de substrat, des mesures de salinité et des normes de fumure (les analyses peuvent être réalisées avec du matériel de l'exploitation ou avec des installations mobiles). Pour chaque surface récoltée, il faut élaborer une fois un plan de fumure par cycle de culture sur la base des analyses du sol et des substrats. Pour les cultures qui sont récoltées plusieurs fois dans l'année, les calculs doivent avoir lieux dans des intervalles réguliers et justifiés (p. ex. toutes les deux semaines dans un système fermé). | D44: =IF(Source_CL!F44=0,"",Source_CL!F44) -> Les mesures (analyse des substances nutritives, salinité) permettent de choisir la fumure et les corrections à amener. A la place d'un plan de fumure, la fumure peut être adaptée en fonction des besoins à l'aide de mesures de contrôle régulières (analyse des substances nutritives, salinité). | H44: =IF('Source PD'!$B$842,"D","") | I44: =IF(F44<>"",$F$1,IF(G44<>"",$G$1,IF(H44="D","N/A(D)",IF(H44<>"","N/A",IF('Source PD'!$B$842,"N/A(D)",""))))) | J44: =IF(Checkliste!I44="N/A(D)",'Source PD'!$D$825&'Source PD'!$D$843,"") | K44: Büro | M44: =IF(I44="Ja",B44,IF(I44="Ja(D)",B44,IF(I44="Oui",B44,IF(I44="Oui(D)",B44,"")))) | N44: =IF(I44="Nein",B44,IF(I44="Non",B44,"")) | O44: =IF(I44="N/A",B44,IF(I44="N/A(D)",B44,"")) | Q44: 1 | T44: =IF(OR(LEFT(F44,1)= " ",LEFT(G44,1)=" ",LEFT(H44,1)=" ",F44&G44&H44=""),21,"") -> 21 | U44: =IF(G44<>"",22,"") | AA44: =IF(Source_CL!J44=0,"",Source_CL!I44) -> DBF / Tableaux Résultats des analyses, des mesures Plan de fumure Auditeur : Questionnement oral, vérification des enregistrements/mesures
A45: =Source_CL!A45 -> 5.1.2 | B45: =IF(Source_CL!B45="","",Source_CL!B45) -> + | C45: =Source_CL!C45 -> Les teneurs en substances nutritives (NPK) des engrais appliqués (engrais minéral, compost, fumier, lisier) sont connues de manière avérée. | D45: =IF(Source_CL!F45=0,"",Source_CL!F45) -> Valeurs standards, indication du fabricant/fournisseur ou analyses | H45: =IF('Source PD'!$B$842,"D","") | I45: =IF(F45<>"",$F$1,IF(G45<>"",$G$1,IF(H45="D","N/A(D)",IF(H45<>"","N/A",IF('Source PD'!$B$842,"N/A(D)",""))))) | J45: =IF(Checkliste!I45="N/A(D)",'Source PD'!$D$825&'Source PD'!$D$843,"") | K45: Büro, Kulturen | M45: =IF(I45="Ja",B45,IF(I45="Ja(D)",B45,IF(I45="Oui",B45,IF(I45="Oui(D)",B45,"")))) | N45: =IF(I45="Nein",B45,IF(I45="Non",B45,"")) | O45: =IF(I45="N/A",B45,IF(I45="N/A(D)",B45,"")) | Q45: 1 | R45: 3 | T45: =IF(OR(LEFT(F45,1)= " ",LEFT(G45,1)=" ",LEFT(H45,1)=" ",F45&G45&H45=""),21,"") -> 21 | U45: =IF(G45<>"",22,"") | AA45: =IF(Source_CL!J45=0,"",Source_CL!I45) -> DBF / Tableaux Analyses de la teneur en éléments nutritifs Plan de fertilisation Auditeur : surtout pour les engrais organiques, vérifier comment la teneur est connue.
A46: =Source_CL!A46 -> 5.1.3 | B46: =IF(Source_CL!B46="","",Source_CL!B46) -> + | C46: =Source_CL!C46 -> Les teneurs en métaux lourds des engrais anorganiques achetés peuvent être démontrées par des valeurs de référence ou par les indications du fournisseur. | D46: =IF(Source_CL!F46=0,"",Source_CL!F46) -> Ce point est considéré comme rempli pour les engrais du commerce avec une autorisation en Suisse. | H46: =IF('Source PD'!$B$842,"D","") | I46: =IF(F46<>"",$F$1,IF(G46<>"",$G$1,IF(H46="D","N/A(D)",IF(H46<>"","N/A",IF('Source PD'!$B$842,"N/A(D)",""))))) | J46: =IF(Checkliste!I46="N/A(D)",'Source PD'!$D$825&'Source PD'!$D$843,"") | M46: =IF(I46="Ja",B46,IF(I46="Ja(D)",B46,IF(I46="Oui",B46,IF(I46="Oui(D)",B46,"")))) | N46: =IF(I46="Nein",B46,IF(I46="Non",B46,"")) | O46: =IF(I46="N/A",B46,IF(I46="N/A(D)",B46,"")) | Q46: 1 | R46: 3 | T46: =T47 -> 21 | AA46: =IF(Source_CL!J46=0,"",Source_CL!I46) -> Bulletins de livraison, étiquetage des sacs / Emballages Auditeur: contrôle visuel
A47: =Source_CL!A47 -> 5.1.4 | B47: =IF(Source_CL!B47="","",Source_CL!B47) -> + | C47: =Source_CL!C47 -> Avant l'épandage d'engrais organiques (p. ex. compost, substrats issus d'installations de biogaz, etc.), une analyse des risques a été réalisée, qui inclut les dangers potentiels suivants : Type d'engrais organique, méthode de production, mauvaises herbes / graines indésirables, contaminations microbiologiques (agents pathogènes d'origine végétale et humaine), teneur en métaux lourds, moment et mode d'épandage. Si tous les engrais organiques proviennent de fabricants certifiés (c'est-à-dire que l'engrais convient à toutes les cultures), il n'est pas nécessaire de procéder à une analyse des risques spécifique. | D47: =IF(Source_CL!F47=0,"",Source_CL!F47) -> Pour chaque engrais organique la check-liste d'analyse des risques engrais organique doit être remplie. Pour les nouveaux fournisseurs ou lors d'autres changements, l'analyse des risques doit être réactualisée. Si l'engrais organique est acheté auprès de producteurs certifiés, ce point est considéré comme rempli. | H47: =IF('Source PD'!$B$842,"D","") | I47: =IF(F47<>"",$F$1,IF(G47<>"",$G$1,IF(H47="D","N/A(D)",IF(H47<>"","N/A",IF('Source PD'!$B$842,"N/A(D)",""))))) | J47: =IF(Checkliste!I47="N/A(D)",'Source PD'!$D$825&'Source PD'!$D$843,"") | K47: Büro, Kulturen | M47: =IF(I47="Ja",B47,IF(I47="Ja(D)",B47,IF(I47="Oui",B47,IF(I47="Oui(D)",B47,"")))) | N47: =IF(I47="Nein",B47,IF(I47="Non",B47,"")) | O47: =IF(I47="N/A",B47,IF(I47="N/A(D)",B47,"")) | Q47: 1 | R47: 3 | T47: =IF(OR(LEFT(F47,1)= " ",LEFT(G47,1)=" ",LEFT(H47,1)=" ",F47&G47&H47=""),21,"") -> 21 | U47: =IF(G47<>"",22,"") | AA47: =IF(Source_CL!J47=0,"",Source_CL!I47) -> Analyse des risques d'engrais organiques (CL) Auditeur : vérifier la documentation. Noter si l'analyse des risques est disponible ou si tout est acheté auprès de fabricants certifiés.
A48: =IF(Source_CL!A48="","",Source_CL!A48) -> 5.2 | B48: =IF(Source_CL!B48="","",Source_CL!B48) | C48: =Source_CL!C48 -> 5.2 Enregistrements relatifs à la fumure | I48: x | M48: =IF(I48="Ja",B48,IF(I48="Ja(D)",B48,IF(I48="Oui",B48,IF(I48="Oui(D)",B48,"")))) | N48: =IF(I48="Nein",B48,IF(I48="Non",B48,"")) | O48: =IF(I48="N/A",B48,IF(I48="N/A(D)",B48,"")) | P48: =IF(COUNTIF(I50:I55,"<>"&"Nein")=6,"Wahr","Falsch") -> Wahr | AA48: =IF(Source_CL!J48=0,"",Source_CL!I48)
B49: =IF(Source_CL!B49="","",Source_CL!B49) | C49: =Source_CL!C49 -> Pour chaque application d'engrais (organiques et anorganiques) et de biostimulateurs (également en cas d'hydroculture, de fertigation), les éléments suivants doivent être documentés (en cas de cultures mixtes, les enregistrements peuvent être regroupés en groupes de cultures, à condition que tous les traitements soient identiques au sein du groupe de cultures) : | D49: =IF(Source_CL!F49=0,"",Source_CL!F49) -> Si la fertilisation est effectuée avec des systèmes automatiques, la concentration (g/l, EC), les intervalles (par ex. une fois par jour, une fois par semaine) et la période totale doivent être documentés. | I49: x | M49: =IF(I49="Ja",B49,IF(I49="Ja(D)",B49,IF(I49="Oui",B49,IF(I49="Oui(D)",B49,"")))) | N49: =IF(I49="Nein",B49,IF(I49="Non",B49,"")) | O49: =IF(I49="N/A",B49,IF(I49="N/A(D)",B49,"")) | Q49: 3 | R49: 4 | T49: =IF(T51&T52&T53&T54&T55&T56="","",21) -> 21 | AA49: =IF(Source_CL!J49=0,"",Source_CL!I49)
A50: =Source_CL!A50 -> 5.2.1 | B50: =IF(Source_CL!B50="","",Source_CL!B50) -> + | C50: =Source_CL!C50 -> Surface géographique (nom ou référence de l'exploitation et du champ ou de la parcelle) ou série de la culture (pour les cultures sous serres) et culture. | D50: =IF(Source_CL!F50=0,"",Source_CL!F50) -> - | H50: =IF('Source PD'!$B$842,"D","") | I50: =IF(F50<>"",$F$1,IF(G50<>"",$G$1,IF(H50="D","N/A(D)",IF(H50<>"","N/A",IF('Source PD'!$B$842,"N/A(D)",""))))) | J50: =IF(Checkliste!I50="N/A(D)",'Source PD'!$D$825&'Source PD'!$D$843,"") | M50: =IF(I50="Ja",B50,IF(I50="Ja(D)",B50,IF(I50="Oui",B50,IF(I50="Oui(D)",B50,"")))) | N50: =IF(I50="Nein",B50,IF(I50="Non",B50,"")) | O50: =IF(I50="N/A",B50,IF(I50="N/A(D)",B50,"")) | Q50: 1 | AA50: =IF(Source_CL!J50=0,"",Source_CL!I50) -> Journal des cultures (FO) Auditeur : vérifier les enregistrements relatifs à différentes applications, documenter un exemple concret dans la CL
A51: =Source_CL!A51 -> 5.2.2 | B51: =IF(Source_CL!B51="","",Source_CL!B51) -> + | C51: =Source_CL!C51 -> Date d'application (jour/mois/année). | D51: =IF(Source_CL!F51=0,"",Source_CL!F51) | H51: =IF('Source PD'!$B$842,"D","") | I51: =IF(F51<>"",$F$1,IF(G51<>"",$G$1,IF(H51="D","N/A(D)",IF(H51<>"","N/A",IF('Source PD'!$B$842,"N/A(D)",""))))) | J51: =IF(Checkliste!I51="N/A(D)",'Source PD'!$D$825&'Source PD'!$D$843,"") | K51: Büro | L51: No N/A | M51: =IF(I51="Ja",B51,IF(I51="Ja(D)",B51,IF(I51="Oui",B51,IF(I51="Oui(D)",B51,"")))) | N51: =IF(I51="Nein",B51,IF(I51="Non",B51,"")) | O51: =IF(I51="N/A",B51,IF(I51="N/A(D)",B51,"")) | Q51: 1 | T51: =IF(OR(LEFT(F51,1)= " ",LEFT(G51,1)=" ",LEFT(H51,1)=" ",F51&G51&H51=""),21,"") -> 21 | U51: =IF(G51<>"",22,"") | AA51: =IF(Source_CL!J51=0,"",Source_CL!I51) -> dito
A52: =Source_CL!A52 -> 5.2.3 | B52: =IF(Source_CL!B52="","",Source_CL!B52) -> + | C52: =Source_CL!C52 -> Nom commercial et teneur en nutriments (p.ex. 17-17-17). | D52: =IF(Source_CL!F52=0,"",Source_CL!F52) -> - | H52: =IF('Source PD'!$B$842,"D","") | I52: =IF(F52<>"",$F$1,IF(G52<>"",$G$1,IF(H52="D","N/A(D)",IF(H52<>"","N/A",IF('Source PD'!$B$842,"N/A(D)",""))))) | J52: =IF(Checkliste!I52="N/A(D)",'Source PD'!$D$825&'Source PD'!$D$843,"") | K52: Büro | L52: No N/A | M52: =IF(I52="Ja",B52,IF(I52="Ja(D)",B52,IF(I52="Oui",B52,IF(I52="Oui(D)",B52,"")))) | N52: =IF(I52="Nein",B52,IF(I52="Non",B52,"")) | O52: =IF(I52="N/A",B52,IF(I52="N/A(D)",B52,"")) | Q52: 1 | T52: =IF(OR(LEFT(F52,1)= " ",LEFT(G52,1)=" ",LEFT(H52,1)=" ",F52&G52&H52=""),21,"") -> 21 | U52: =IF(G52<>"",22,"") | AA52: =IF(Source_CL!J52=0,"",Source_CL!I52) -> dito
A53: =Source_CL!A53 -> 5.2.4 | B53: =IF(Source_CL!B53="","",Source_CL!B53) -> + | C53: =Source_CL!C53 -> Quantité de produit appliqué en poids ou en volume. | D53: =IF(Source_CL!F53=0,"",Source_CL!F53) -> - | H53: =IF('Source PD'!$B$842,"D","") | I53: =IF(F53<>"",$F$1,IF(G53<>"",$G$1,IF(H53="D","N/A(D)",IF(H53<>"","N/A",IF('Source PD'!$B$842,"N/A(D)",""))))) | J53: =IF(Checkliste!I53="N/A(D)",'Source PD'!$D$825&'Source PD'!$D$843,"") | K53: Büro | L53: No N/A | M53: =IF(I53="Ja",B53,IF(I53="Ja(D)",B53,IF(I53="Oui",B53,IF(I53="Oui(D)",B53,"")))) | N53: =IF(I53="Nein",B53,IF(I53="Non",B53,"")) | O53: =IF(I53="N/A",B53,IF(I53="N/A(D)",B53,"")) | Q53: 1 | T53: =IF(OR(LEFT(F53,1)= " ",LEFT(G53,1)=" ",LEFT(H53,1)=" ",F53&G53&H53=""),21,"") -> 21 | U53: =IF(G53<>"",22,"") | AA53: =IF(Source_CL!J53=0,"",Source_CL!I53) -> dito
A54: =Source_CL!A54 -> 5.2.5 | B54: =IF(Source_CL!B54="","",Source_CL!B54) -> + | C54: =Source_CL!C54 -> Technique d'application (irrigation ou apport mécanique). Si l'apport d'engrais se fait toujours avec la même machine, il peut être déclaré de manière globale. | D54: =IF(Source_CL!F54=0,"",Source_CL!F54) -> Si plusieurs machines sont utilisées, des codes chiffrés/abréviations peuvent être définis et ils seront également utilisés dans les journaux. | H54: =IF('Source PD'!$B$842,"D",IF('Deklaration 3'!D19=1,"","")) | I54: =IF(F54="D",Source!D280,IF(F54<>"",F1,IF(G54<>"",G1,IF(H54="D","N/A(D)",IF(H54<>"","N/A",IF('Source PD'!$B$842,"N/A(D)",IF('Deklaration 3'!D19=1,Source!D280,""))))))) | J54: =IF('Source PD'!$B$842,'Source PD'!$D$825&'Source PD'!$D$843,IF('Deklaration 3'!D19=1,'Source PD'!$D$825&Source!D883&'Deklaration 3'!C20,"")) | K54: Büro | L54: No N/A | M54: =IF(I54="Ja",B54,IF(I54="Ja(D)",B54,IF(I54="Oui",B54,IF(I54="Oui(D)",B54,"")))) | N54: =IF(I54="Nein",B54,IF(I54="Non",B54,"")) | O54: =IF(I54="N/A",B54,IF(I54="N/A(D)",B54,"")) | Q54: 1 | T54: =IF(OR(LEFT(F54,1)= " ",LEFT(G54,1)=" ",LEFT(H54,1)=" ",F54&G54&H54=""),21,"") -> 21 | U54: =IF(G54<>"",22,"") | AA54: =IF(Source_CL!J54=0,"",Source_CL!I54) -> dito
A55: =Source_CL!A55 -> 5.2.6 | B55: =IF(Source_CL!B55="","",Source_CL!B55) -> + | C55: =Source_CL!C55 -> Nom de l'opérateur. Si l'application d'engrais est toujours effectuée par la même personne, le nom de l'opérateur peut être enregistré une fois de manière globale. | D55: =IF(Source_CL!F55=0,"",Source_CL!F55) -> Si l'application d'engrais se fait exceptionnellement par une autre personne, il faut dans ce cas enregistrer l'opérateur dans le journal. | H55: =IF('Source PD'!$B$842,"D",IF('Deklaration 3'!D19=1,"","")) | I55: =IF(F55="D",Source!D280,IF(F55<>"",F1,IF(G55<>"",G1,IF(H55="D","N/A(D)",IF(H55<>"","N/A",IF('Source PD'!$B$842,"N/A(D)",IF('Deklaration 3'!D31=1,Source!D280,""))))))) | J55: =IF('Source PD'!$B$842,'Source PD'!$D$825&'Source PD'!$D$843,IF('Deklaration 3'!D31=1,'Source PD'!$D$825&Source!D880&'Deklaration 3'!C32,"")) | K55: Büro | L55: No N/A | M55: =IF(I55="Ja",B55,IF(I55="Ja(D)",B55,IF(I55="Oui",B55,IF(I55="Oui(D)",B55,"")))) | N55: =IF(I55="Nein",B55,IF(I55="Non",B55,"")) | O55: =IF(I55="N/A",B55,IF(I55="N/A(D)",B55,"")) | Q55: 1 | T55: =IF(OR(LEFT(F55,1)= " ",LEFT(G55,1)=" ",LEFT(H55,1)=" ",F55&G55&H55=""),21,"") -> 21 | U55: =IF(G55<>"",22,"") | AA55: =IF(Source_CL!J55=0,"",Source_CL!I55) -> dito
A56: =Source_CL!A56 -> 5.2.7 | B56: =IF(Source_CL!B56="","",Source_CL!B56) -> +- | C56: =Source_CL!C56 -> Les paramètres suivants sont disponibles pour la consommation d'engrais : - kg d'azote utilisé par ha/an (engrais organiques et anorganiques) - kg de phosphore utilisés par ha/an (engrais organiques et anorganiques). Pour les petites structures (p. ex. les serres), une surface de production plus petite peut être choisie pour le calcul. | D56: =IF(Source_CL!F56=0,"",Source_CL!F56) -> L'objectif de cette recommandation est de comparer la quantité d'engrais utilisée avec la quantité de production et la qualité des produits et d'observer les évolutions. Le calcul s'effectue de préférence sur la base de l'inventaire annuel et des achats/sorties, convertis en éléments nutritifs purs et en hectares de culture. | H56: =IF('Source PD'!$B$842,"D","") | I56: =IF(F56<>"",$F$1,IF(G56<>"",$G$1,IF(H56="D","N/A(D)",IF(H56<>"","N/A",IF('Source PD'!$B$842,"N/A(D)",""))))) | J56: =IF(Checkliste!I56="N/A(D)",'Source PD'!$D$825&'Source PD'!$D$843,"") | K56: Büro | L56: No N/A | M56: =IF(I56="Ja",B56,IF(I56="Ja(D)",B56,IF(I56="Oui",B56,IF(I56="Oui(D)",B56,"")))) | N56: =IF(I56="Nein",B56,IF(I56="Non",B56,"")) | O56: =IF(I56="N/A",B56,IF(I56="N/A(D)",B56,"")) | Q56: 1 | T56: =IF(OR(LEFT(F56,1)= " ",LEFT(G56,1)=" ",LEFT(H56,1)=" ",F56&G56&H56=""),21,"") -> 21 | U56: =IF(G56<>"",22,"") | AA56: =IF(Source_CL!J56=0,"",Source_CL!I56) -> Journal de fumure (FO), bulletins de livraison d'engrais. Auditeur : vérifier les enregistrements. Si les paramètres peuvent être calculés, noter un exemple.
A57: =Source_CL!A57 -> 5.3 | B57: =IF(Source_CL!B57="","",Source_CL!B57) | C57: =Source_CL!C57 -> 5.3 Stockage d'engrais et de biostimulateurs | I57: x | M57: =IF(I57="Ja",B57,IF(I57="Ja(D)",B57,IF(I57="Oui",B57,IF(I57="Oui(D)",B57,"")))) | N57: =IF(I57="Nein",B57,IF(I57="Non",B57,"")) | O57: =IF(I57="N/A",B57,IF(I57="N/A(D)",B57,"")) | P57: =IF(COUNTIF(I58:I63,"="&"Nein")>0,"Falsch","Wahr") -> Wahr | Q57: 1 | R57: 5 | S57: 6 | T57: =IF(T59&T60&T61&T62&T63&T64&T65&T66&T67&T68="","",21) -> 21 | AA57: =IF(Source_CL!J57=0,"",Source_CL!I57)
A58: =Source_CL!A58 -> 5.3.1 | B58: =IF(Source_CL!B58="","",Source_CL!B58) -> + | C58: =Source_CL!C58 -> Minimum un inventaire annuel des engrais anorganiques et de biostimulateurs est disponible. L'achat (factures, bulletins de livraison) et l'utilisation sont documentés en continu de telle manière que le stock actuel puisse être établi. | D58: =IF(Source_CL!F58=0,"",Source_CL!F58) -> Une saisie électronique des entrées et sorties avec un solde automatique des inventaires est recommandable mais n'est pas exigée. | H58: =IF('Source PD'!$B$853,"D","") | I58: =IF(F58<>"",$F$1,IF(G58<>"",$G$1,IF(H58="D","N/A(D)",IF(H58<>"","N/A",IF('Source PD'!$B$853,"N/A(D)",""))))) | J58: =IF(Checkliste!I58="N/A(D)",'Source PD'!$D$825&'Source PD'!$D$854,"") | M58: =IF(I58="Ja",B58,IF(I58="Ja(D)",B58,IF(I58="Oui",B58,IF(I58="Oui(D)",B58,"")))) | N58: =IF(I58="Nein",B58,IF(I58="Non",B58,"")) | O58: =IF(I58="N/A",B58,IF(I58="N/A(D)",B58,"")) | AA58: =IF(Source_CL!J58=0,"",Source_CL!I58) -> Inventaire des engrais et biostimulateurs (FO) Achat d'engrais et de biostimulateurs (FO) Journal des cultures (FO) Auditeur : à l'aide d'un exemple, comparer le dernier inventaire avec le stock et les enregistrements d'engrais / les achats supplémentaires.
A59: =Source_CL!A59 -> 5.3.2 | B59: =IF(Source_CL!B59="","",Source_CL!B59) -> + | C59: =Source_CL!C59 -> Les engrais et les biostimulateurs doivent être stockés de manière à éviter toute contamination croisée : séparément des produits récoltés et dans un local séparé des produits phytosanitaires ; pour les PPh, au moins dans un compartiment séparé par un mur robuste ou un couloir. Les engrais et les biostimulateurs appliqués en même temps que les PPh (p. ex. les micronutriments ou les engrais foliaires) peuvent être stockés avec les PPh, à condition que chacun d'entre eux soit conservé dans des conteneurs fermés. | D59: =IF(Source_CL!F59=0,"",Source_CL!F59) -> Les engrais anorganiques peuvent également être conservés dans l'entrepôt des produits phytosanitaires, mais ils doivent être séparés de manière visible (air) et conservés dans des récipients. L'étiquetage doit exclure tout risque de confusion entre les engrais et les produits phytosanitaires. | H59: =IF('Source PD'!$B$853,"D","") | I59: =IF(F59<>"",$F$1,IF(G59<>"",$G$1,IF(H59="D","N/A(D)",IF(H59<>"","N/A",IF('Source PD'!$B$853,"N/A(D)",""))))) | J59: =IF(Checkliste!I59="N/A(D)",'Source PD'!$D$825&'Source PD'!$D$854,"") | K59: Büro, Dünger- lager | M59: =IF(I59="Ja",B59,IF(I59="Ja(D)",B59,IF(I59="Oui",B59,IF(I59="Oui(D)",B59,"")))) | N59: =IF(I59="Nein",B59,IF(I59="Non",B59,"")) | O59: =IF(I59="N/A",B59,IF(I59="N/A(D)",B59,"")) | Q59: 1 | R59: 5 | T59: =IF(OR(LEFT(F59,1)= " ",LEFT(G59,1)=" ",LEFT(H59,1)=" ",F59&G59&H59=""),21,"") -> 21 | U59: =IF(G59<>"",22,"") | AA59: =IF(Source_CL!J59=0,"",Source_CL!I59) -> Auditeur: contrôle visuel
A60: =Source_CL!A60 -> 5.3.3 | B60: =IF(Source_CL!B60="","",Source_CL!B60) -> + | C60: =Source_CL!C60 -> Les engrais anorganiques doivent être stockés sous abri. Ils doivent être protégés des rayons du soleil, du gel et de la pluie et/ou de la condensation. L'entrepôt doit être bien ventilé. Pas de stockage direct sur le sol, bien que les engrais calcaires puissent être stockés dans les champs. Les grands récipients d'engrais liquides peuvent être stockés à l'extérieur, pour autant qu'il n'y a pas de restrictions à ce sujet dans la fiche de données de sécurité. | D60: =IF(Source_CL!F60=0,"",Source_CL!F60) -> Les engrais spéciaux sensibles au gel (par ex. engrais liquides, engrais dépôt) doivent être entreposés à l'abri du gel. Bonne aération et protection contre l'eau de pluie et/ou la condensation. Un stockage sur palettes à même le sol est autorisé. | H60: =IF('Source PD'!$B$853,"D","") | I60: =IF(F60<>"",$F$1,IF(G60<>"",$G$1,IF(H60="D","N/A(D)",IF(H60<>"","N/A",IF('Source PD'!$B$853,"N/A(D)",""))))) | J60: =IF(Checkliste!I60="N/A(D)",'Source PD'!$D$825&'Source PD'!$D$854,"") | K60: Dünger- lager | M60: =IF(I60="Ja",B60,IF(I60="Ja(D)",B60,IF(I60="Oui",B60,IF(I60="Oui(D)",B60,"")))) | N60: =IF(I60="Nein",B60,IF(I60="Non",B60,"")) | O60: =IF(I60="N/A",B60,IF(I60="N/A(D)",B60,"")) | Q60: 5 | T60: =IF(OR(LEFT(F60,1)= " ",LEFT(G60,1)=" ",LEFT(H60,1)=" ",F60&G60&H60=""),21,"") -> 21 | U60: =IF(G60<>"",22,"") | AA60: =IF(Source_CL!J60=0,"",Source_CL!I60) -> Auditeur: contrôle visuel
A61: =Source_CL!A61 -> 5.3.4 | B61: =IF(Source_CL!B61="","",Source_CL!B61) -> + | C61: =Source_CL!C61 -> Les engrais anorganiques doivent être entreposés dans un endroit exempt de déchets ou de nids de rongeurs. Les engrais renversés ou déversés doivent être éliminés. | D61: =IF(Source_CL!F61=0,"",Source_CL!F61) -> La protection contre les rongeurs est remplie par un stockage propre. | H61: =IF('Source PD'!$B$853,"D","") | I61: =IF(F61<>"",$F$1,IF(G61<>"",$G$1,IF(H61="D","N/A(D)",IF(H61<>"","N/A",IF('Source PD'!$B$853,"N/A(D)",""))))) | J61: =IF(Checkliste!I61="N/A(D)",'Source PD'!$D$825&'Source PD'!$D$854,"") | K61: Dünger- lager | M61: =IF(I61="Ja",B61,IF(I61="Ja(D)",B61,IF(I61="Oui",B61,IF(I61="Oui(D)",B61,"")))) | N61: =IF(I61="Nein",B61,IF(I61="Non",B61,"")) | O61: =IF(I61="N/A",B61,IF(I61="N/A(D)",B61,"")) | Q61: 5 | T61: =IF(OR(LEFT(F61,1)= " ",LEFT(G61,1)=" ",LEFT(H61,1)=" ",F61&G61&H61=""),21,"") -> 21 | U61: =IF(G61<>"",22,"") | AA61: =IF(Source_CL!J61=0,"",Source_CL!I61) -> Auditeur : contrôle visuel de la propreté autour de l'engrais
A62: =Source_CL!A62 -> 5.3.5 | B62: =IF(Source_CL!B62="","",Source_CL!B62) -> ++ | C62: =Source_CL!C62 -> Les engrais et les biostimulateurs doivent être stockés de manière à éviter la contamination des sources d'eau. Engrais liquides : bac de rétention ou barrière imperméable d'une capacité de 110% du plus grand récipient. Les engrais organiques doivent être stockés sur une surface prévue à cet effet. Celle-ci est située à au moins 25 m d'une source d'eau ou des mesures de construction appropriées ont été prises. | D62: =IF(Source_CL!F62=0,"",Source_CL!F62) -> Par engrais liquides, on entend les solutions fertilisantes et les engrais sous forme liquide avec une teneur pure de fertilisants de plus de 1% (N, P, K, Mg, Mn, Bor). Il ne doit y avoir aucun risque de déversement dans les eaux si des engrais minéraux se répandent. Dès 200 litres d'engrais liquide : bac de rétention; couvrir les engrais granulés et en poudre. | H62: =IF('Source PD'!$B$853,"D","") | I62: =IF(F62<>"",$F$1,IF(G62<>"",$G$1,IF(H62="D","N/A(D)",IF(H62<>"","N/A",IF('Source PD'!$B$853,"N/A(D)",""))))) | J62: =IF(Checkliste!I62="N/A(D)",'Source PD'!$D$825&'Source PD'!$D$854,"") | K62: Dünger- lager | M62: =IF(I62="Ja",B62,IF(I62="Ja(D)",B62,IF(I62="Oui",B62,IF(I62="Oui(D)",B62,"")))) | N62: =IF(I62="Nein",B62,IF(I62="Non",B62,"")) | O62: =IF(I62="N/A",B62,IF(I62="N/A(D)",B62,"")) | Q62: 5 | T62: =IF(OR(LEFT(F62,1)= " ",LEFT(G62,1)=" ",LEFT(H62,1)=" ",F62&G62&H62=""),21,"") -> 21 | U62: =IF(G62<>"",22,"") | AA62: =IF(Source_CL!J62=0,"",Source_CL!I62) -> Auditeur: contrôle visuel
A63: =Source_CL!A63 -> 5.3.6 | B63: =IF(Source_CL!B63="","",Source_CL!B63) -> + | C63: =Source_CL!C63 -> Les concentrés acides doivent être entreposés séparément des autres matériaux dans un local fermant à clé, à moins qu'ils ne soient entreposés conformément aux exigences sur l'entreposage des produits phytosanitaires. | D63: =IF(Source_CL!F63=0,"",Source_CL!F63) -> Le dépôt pour les concentrés acides doit au moins être mis sous clé (par ex. local séparé ou réduit grillagé) ou répondre aux exigences sur l'entreposage des produits phytosanitaires. | H63: =IF('Source PD'!$B$855,"D","") | I63: =IF(F63<>"",$F$1,IF(G63<>"",$G$1,IF(H63="D","N/A(D)",IF(H63<>"","N/A",IF('Source PD'!$B$855,"N/A(D)",""))))) | J63: =IF(Checkliste!I63="N/A(D)",'Source PD'!$D$825&'Source PD'!$D$856,"") | K63: Dünger- lager | M63: =IF(I63="Ja",B63,IF(I63="Ja(D)",B63,IF(I63="Oui",B63,IF(I63="Oui(D)",B63,"")))) | N63: =IF(I63="Nein",B63,IF(I63="Non",B63,"")) | O63: =IF(I63="N/A",B63,IF(I63="N/A(D)",B63,"")) | Q63: 5 | T63: =IF(OR(LEFT(F63,1)= " ",LEFT(G63,1)=" ",LEFT(H63,1)=" ",F63&G63&H63=""),21,"") -> 21 | U63: =IF(G63<>"",22,"") | AA63: =IF(Source_CL!J63=0,"",Source_CL!I63) -> Auditeur: contrôle visuel
A64: =Source_CL!A64 -> 6 | B64: =IF(Source_CL!B64="","",Source_CL!B64) | C64: =Source_CL!C64 -> 6. GESTION DE L'EAU | I64: x | K64: Dünger- lager | M64: =IF(I64="Ja",B64,IF(I64="Ja(D)",B64,IF(I64="Oui",B64,IF(I64="Oui(D)",B64,"")))) | N64: =IF(I64="Nein",B64,IF(I64="Non",B64,"")) | O64: =IF(I64="N/A",B64,IF(I64="N/A(D)",B64,"")) | Q64: 5 | T64: =IF(OR(LEFT(F64,1)= " ",LEFT(G64,1)=" ",LEFT(H64,1)=" ",F64&G64&H64=""),21,"") -> 21 | U64: =IF(G64<>"",22,"") | AA64: =IF(Source_CL!J64=0,"",Source_CL!I64)
A65: =Source_CL!A65 -> 6.1 | B65: =IF(Source_CL!B65="","",Source_CL!B65) | C65: =Source_CL!C65 -> 6.1 Sources d'eau | I65: x | K65: Betrieb | M65: =IF(I65="Ja",B65,IF(I65="Ja(D)",B65,IF(I65="Oui",B65,IF(I65="Oui(D)",B65,"")))) | N65: =IF(I65="Nein",B65,IF(I65="Non",B65,"")) | O65: =IF(I65="N/A",B65,IF(I65="N/A(D)",B65,"")) | Q65: 6 | T65: =IF(OR(LEFT(F65,1)= " ",LEFT(G65,1)=" ",LEFT(H65,1)=" ",F65&G65&H65=""),21,"") -> 21 | U65: =IF(G65<>"",22,"") | AA65: =IF(Source_CL!J65=0,"",Source_CL!I65)
A66: =Source_CL!A66 -> 6.1.1 | B66: =IF(Source_CL!B66="","",Source_CL!B66) -> ++ | C66: =Source_CL!C66 -> Il existe une analyse des risques qui prend en compte l'impact environnemental de la gestion de l'eau dans l'entreprise (plein champ et serre, y compris post-récolte). Cela inclut le prélèvement d'eau (y compris la disponibilité suffisante des sources d'eau), le système d'irrigation ainsi que d'autres activités propres à l'exploitation. L'analyse des risques est revue chaque année ou en cas de modifications. | D66: =IF(Source_CL!F66=0,"",Source_CL!F66) -> Signer l'analyse des risques comme preuve de la vérification annuelle. | I66: =IF(F66<>"",$F$1,IF(G66<>"",$G$1,IF(H66<>"","N/A",""))) | K66: Betrieb | M66: =IF(I66="Ja",B66,IF(I66="Ja(D)",B66,IF(I66="Oui",B66,IF(I66="Oui(D)",B66,"")))) | N66: =IF(I66="Nein",B66,IF(I66="Non",B66,"")) | O66: =IF(I66="N/A",B66,IF(I66="N/A(D)",B66,"")) | Q66: 6 | T66: =IF(OR(LEFT(F66,1)= " ",LEFT(G66,1)=" ",LEFT(H66,1)=" ",F66&G66&H66=""),21,"") -> 21 | U66: =IF(G66<>"",22,"") | AA66: =IF(Source_CL!J66=0,"",Source_CL!I66) -> Analyse des risques liés à l'eau (CL) Auditeur: vérifier l'analyse des risques et noter la date de la vérification
A67: =Source_CL!A67 -> 6.1.2 | B67: =IF(Source_CL!B67="","",Source_CL!B67) -> ++ | C67: =Source_CL!C67 -> Le système d'irrigation mis en place évite un gaspillage d'eau. Le système d'irrigation mis en place est économique et efficace pour le type de culture et il est reconnu en tant que tel dans le cadre des bonnes pratiques agricoles. Des mesures pour l'optimisation de l'utilisation de l'eau sont disponibles sur des fiches techniques de la branche. Pour l'irrigation des cultures en plein champs, les infrastructures d'irrigation figurent sur le plan d'exploitation, p.ex. source/point de prélèvement d'eau, station de pompage, réservoir, canalisations fixes. L'entretien des systèmes d'irrigation et la formation du personnel sont également définis. | D67: =IF(Source_CL!F67=0,"",Source_CL!F67) -> Selon les recommandations des associations de la branche. | H67: =IF('Source PD'!$B$858,"D","") | I67: =IF(F67<>"",$F$1,IF(G67<>"",$G$1,IF(H67="D","N/A(D)",IF(H67<>"","N/A",IF('Source PD'!$B$858,"N/A(D)",""))))) | J67: =IF(Checkliste!I67="N/A(D)",'Source PD'!$D$825&'Source PD'!$D$859,"") | M67: =IF(I67="Ja",B67,IF(I67="Ja(D)",B67,IF(I67="Oui",B67,IF(I67="Oui(D)",B67,"")))) | N67: =IF(I67="Nein",B67,IF(I67="Non",B67,"")) | O67: =IF(I67="N/A",B67,IF(I67="N/A(D)",B67,"")) | Q67: 6 | T67: =IF(OR(LEFT(F67,1)= " ",LEFT(G67,1)=" ",LEFT(H67,1)=" ",F67&G67&H67=""),21,"") -> 21 | U67: =IF(G67<>"",22,"") | AA67: =IF(Source_CL!J67=0,"",Source_CL!I67) -> Fiche d'information Irrigation / Arrosage (RL) Plan d'ensemble de l'exploitation Instruction des collaborateurs (CL) Journal de maintenance et de réparations des appareils (FO) Auditeur: vérifier le plan de l'exploitation (infrastructure pour l'irrigation indiquée?), contrôle visuel, questionnement oral.
A68: =Source_CL!A68 -> 6.2 | B68: =IF(Source_CL!B68="","",Source_CL!B68) | C68: =Source_CL!C68 -> 6.2 Prévision des besoins en irrigation et de la disponibilité de l'eau | I68: x | K68: Betrieb | M68: =IF(I68="Ja",B68,IF(I68="Ja(D)",B68,IF(I68="Oui",B68,IF(I68="Oui(D)",B68,"")))) | N68: =IF(I68="Nein",B68,IF(I68="Non",B68,"")) | O68: =IF(I68="N/A",B68,IF(I68="N/A(D)",B68,"")) | Q68: 6 | T68: =IF(OR(LEFT(F68,1)= " ",LEFT(G68,1)=" ",LEFT(H68,1)=" ",F68&G68&H68=""),21,"") -> 21 | U68: =IF(G68<>"",22,"") | AA68: =IF(Source_CL!J68=0,"",Source_CL!I68)
A69: =Source_CL!A69 -> 6.2.1 | B69: =IF(Source_CL!B69="","",Source_CL!B69) -> + | C69: =Source_CL!C69 -> Les apports d'eau se font sur la base de valeurs mesurées (pluviométrie, cartographie du sol, rigoles d'écoulement pour les cultures sur substrat, mesures d'évaporation, tensiomètre). Dans les serres, on peut s'appuyer sur des valeurs d'expérience. | D69: =IF(Source_CL!F69=0,"",Source_CL!F69) -> Propres enregistrements des précipitations (pluviomètre), utilisation de tensiomètres, d'enregistreurs d'humidité des feuilles ou d'autres appareils de mesure. Les annonces de précipitations des stations météorologiques sont également possibles. | H69: =IF('Source PD'!$B$858,"D","") | I69: =IF(F69<>"",$F$1,IF(G69<>"",$G$1,IF(H69="D","N/A(D)",IF(H69<>"","N/A",IF('Source PD'!$B$858,"N/A(D)",""))))) | J69: =IF(Checkliste!I69="N/A(D)",'Source PD'!$D$825&'Source PD'!$D$859,"") | M69: =IF(I69="Ja",B69,IF(I69="Ja(D)",B69,IF(I69="Oui",B69,IF(I69="Oui(D)",B69,"")))) | N69: =IF(I69="Nein",B69,IF(I69="Non",B69,"")) | O69: =IF(I69="N/A",B69,IF(I69="N/A(D)",B69,"")) | Q69: 1 | R69: 3 | S69: 5 | T69: =T70 -> 21 | AA69: =IF(Source_CL!J69=0,"",Source_CL!I69) -> Auditeur: Contrôle visuel, questionnement oral
A70: =Source_CL!A70 -> 6.2.2 | B70: =IF(Source_CL!B70="","",Source_CL!B70) -> ++ | C70: =Source_CL!C70 -> Si nécessaire, des autorisations pour le prélèvement d'eau et toutes les utilisations opérationnelles de l'eau ainsi que pour les bassins de stockage d'eau doivent être présentées. S'il existe des restrictions de prélèvement d'eau imposées par les autorités (locales, cantonales), celles-ci doivent être respectées. | D70: =IF(Source_CL!F70=0,"",Source_CL!F70) -> Toute l'eau utilisée sur l'exploitation doit être agréée pour les utilisations du moment et, dans la mesure du possible, doit disposer d'un justificatif correspondant. En cas d'utilisation d'eau potable du réseau public, on considère que la preuve est donnée par le fournisseur d'eau potable. En cas d'utilisation d'eau d'irrigation d'une autre provenance : présenter une autorisation, une facture ou un droit à l'eau de la commune/du canton. | H70: =IF('Source PD'!$B$858,"D","") | I70: =IF(F70<>"",$F$1,IF(G70<>"",$G$1,IF(H70="D","N/A(D)",IF(H70<>"","N/A",IF('Source PD'!$B$858,"N/A(D)",""))))) | J70: =IF(Checkliste!I70="N/A(D)",'Source PD'!$D$825&'Source PD'!$D$859,"") | K70: Büro, Kulturen | M70: =IF(I70="Ja",B70,IF(I70="Ja(D)",B70,IF(I70="Oui",B70,IF(I70="Oui(D)",B70,"")))) | N70: =IF(I70="Nein",B70,IF(I70="Non",B70,"")) | O70: =IF(I70="N/A",B70,IF(I70="N/A(D)",B70,"")) | Q70: 1 | R70: 3 | T70: =IF(OR(LEFT(F70,1)= " ",LEFT(G70,1)=" ",LEFT(H70,1)=" ",F70&G70&H70=""),21,"") -> 21 | U70: =IF(G70<>"",22,"") | AA70: =IF(Source_CL!J70=0,"",Source_CL!I70) -> Justificatifs d'autorisation et licences pour le prélèvement d'eau, factures, autorisations Auditeur : vérifier que les licences ont été obtenues pour toutes les sources d'eau nécessaires (si exigées)
A71: =Source_CL!A71 -> 6.2.3 | B71: =IF(Source_CL!B71="","",Source_CL!B71) -> + | C71: =Source_CL!C71 -> L'eau est collectée et/ou réutilisée lorsque cela est économiquement et pratiquement réalisable, par exemple pour les toitures, les serres, etc. | D71: =IF(Source_CL!F71=0,"",Source_CL!F71) -> La collecte/réutilisation de l'eau ne concerne pas uniquement l'eau de pluie. S'il n'y a pas d' eau collectée / réutilisée, la raison peut être argumentée. | I71: =IF(F71<>"",$F$1,IF(G71<>"",$G$1,IF(H71<>"","N/A",""))) | M71: =IF(I71="Ja",B71,IF(I71="Ja(D)",B71,IF(I71="Oui",B71,IF(I71="Oui(D)",B71,"")))) | N71: =IF(I71="Nein",B71,IF(I71="Non",B71,"")) | O71: =IF(I71="N/A",B71,IF(I71="N/A(D)",B71,"")) | Q71: 1 | R71: 5 | T71: =T72 -> 21 | AA71: =IF(Source_CL!J71=0,"",Source_CL!I71) -> Auditeur : décrire le système de collecte ou noter la raison si rien n'est fait.
A72: =Source_CL!A72 -> 6.2.4 | B72: =IF(Source_CL!B72="","",Source_CL!B72) -> + | C72: =Source_CL!C72 -> Les bassins de stockage d'eau sont autorisés par la loi, en bon état et sécurisés de manière adéquate afin de prévenir les accidents. | D72: =IF(Source_CL!F72=0,"",Source_CL!F72) -> N/A, si la collecte des eaux de pluie n'est pas possible. | I72: =IF(F72<>"",$F$1,IF(G72<>"",$G$1,IF(H72<>"","N/A",""))) | K72: Büro, Dünger- lager | M72: =IF(I72="Ja",B72,IF(I72="Ja(D)",B72,IF(I72="Oui",B72,IF(I72="Oui(D)",B72,"")))) | N72: =IF(I72="Nein",B72,IF(I72="Non",B72,"")) | O72: =IF(I72="N/A",B72,IF(I72="N/A(D)",B72,"")) | Q72: 1 | R72: 5 | T72: =IF(OR(LEFT(F72,1)= " ",LEFT(G72,1)=" ",LEFT(H72,1)=" ",F72&G72&H72=""),21,"") -> 21 | U72: =IF(G72<>"",22,"") | AA72: =IF(Source_CL!J72=0,"",Source_CL!I72) -> Auditeur: contrôle visuel
A73: =Source_CL!A73 -> 6.3 | B73: =IF(Source_CL!B73="","",Source_CL!B73) | C73: =Source_CL!C73 -> 6.3 Enregistrement de la consommation d'eau | I73: x | M73: =IF(I73="Ja",B73,IF(I73="Ja(D)",B73,IF(I73="Oui",B73,IF(I73="Oui(D)",B73,"")))) | N73: =IF(I73="Nein",B73,IF(I73="Non",B73,"")) | O73: =IF(I73="N/A",B73,IF(I73="N/A(D)",B73,"")) | Q73: 1 | R73: 6 | T73: =IF(T74&T76&T80&T83="","",21) -> 21 | AA73: =IF(Source_CL!J73=0,"",Source_CL!I73)
A74: =Source_CL!A74 -> 6.3.1 | B74: =IF(Source_CL!B74="","",Source_CL!B74) -> + | C74: =Source_CL!C74 -> Il existe des enregistrements/documents sur l'ensemble des prélèvements en eau (pour l'ensemble de l'exploitation) provenant de toutes les différentes sources d'eau. L'indicateur recommandé est la quantité d'eau prélevée mensuellement, mais peut être défini différemment en fonction de l'exploitation. La quantité de référence peut être prouvée à l'aide de valeurs mesurables (p. ex. factures, compteurs d'eau) ou estimée (au moyen de débits et d'heures d'exploitation). | D74: =IF(Source_CL!F74=0,"",Source_CL!F74) -> Le prélèvement d'eau sert à comparer l'eau utilisée (pour l'irrigation ou la consommation totale sur l'exploitation) afin de rendre l'utilisation des sources d'eau plus efficace. | I74: =IF(F74<>"",$F$1,IF(G74<>"",$G$1,IF(H74<>"","N/A",""))) | M74: =IF(I74="Ja",B74,IF(I74="Ja(D)",B74,IF(I74="Oui",B74,IF(I74="Oui(D)",B74,"")))) | N74: =IF(I74="Nein",B74,IF(I74="Non",B74,"")) | O74: =IF(I74="N/A",B74,IF(I74="N/A(D)",B74,"")) | Q74: 1 | R74: 6 | T74: =T75 -> 21 | AA74: =IF(Source_CL!J74=0,"",Source_CL!I74) -> Prélèvements et consommation en eau (FO) Auditeur : vérifier les enregistrements, noter la quantité totale prélevée et indiquer si elle est mesurée ou estimée
A75: =Source_CL!A75 -> 6.3.2 | B75: =IF(Source_CL!B75="","",Source_CL!B75) -> + | C75: =Source_CL!C75 -> La consommation d'eau pour l'irrigation / la fertilisation par irrigation (fertigation) est enregistrée par compteur d'eau ou unité d'irrigation (date et quantité ou durée/débit). La quantité consommée peut également être estimée, analogue aux quantités prelevées. | D75: =IF(Source_CL!F75=0,"",Source_CL!F75) -> Il n'est pas obligatoire d'enregistrer les quantités récupérées en systèmes fermés. | I75: =IF(F75<>"",$F$1,IF(G75<>"",$G$1,IF(H75<>"","N/A",""))) | K75: Büro, Betrieb | M75: =IF(I75="Ja",B75,IF(I75="Ja(D)",B75,IF(I75="Oui",B75,IF(I75="Oui(D)",B75,"")))) | N75: =IF(I75="Nein",B75,IF(I75="Non",B75,"")) | O75: =IF(I75="N/A",B75,IF(I75="N/A(D)",B75,"")) | P75: =IF(COUNTIF(I75,"="&"Nein")>0,"FALSCH","WAHR") -> WAHR | Q75: 1 | R75: 6 | T75: =IF(OR(LEFT(F75,1)= " ",LEFT(G75,1)=" ",LEFT(H75,1)=" ",F75&G75&H75=""),21,"") -> 21 | U75: =IF(G75<>"",22,"") | AA75: =IF(Source_CL!J75=0,"",Source_CL!I75) -> Prélèvements et consommation en eau (FO) Auditeur: Vérifier les enregistrements et noter comment la quantité est relevée
A76: =Source_CL!A76 -> 6.3.3 | B76: =IF(Source_CL!B76="","",Source_CL!B76) -> +- | C76: =Source_CL!C76 -> La consommation totale d'eau sur l'exploitation est enregistrée. Cela comprend, outre l'eau d'irrigation, toute l'eau utilisée à d'autres fins. La quantité peut être estimée. | D76: =IF(Source_CL!F76=0,"",Source_CL!F76) -> La quantité consommée peut certes être estimée, mais elle doit être consignée dans les enregistrements / documents. | I76: =IF(F76<>"",$F$1,IF(G76<>"",$G$1,IF(H76<>"","N/A",""))) | M76: =IF(I76="Ja",B76,IF(I76="Ja(D)",B76,IF(I76="Oui",B76,IF(I76="Oui(D)",B76,"")))) | N76: =IF(I76="Nein",B76,IF(I76="Non",B76,"")) | O76: =IF(I76="N/A",B76,IF(I76="N/A(D)",B76,"")) | Q76: 1 | R76: 6 | T76: =IF(T77&T78&T79="","",21) -> 21 | AA76: =IF(Source_CL!J76=0,"",Source_CL!I76) -> Prélèvements et consommation en eau (FO) Auditeur: Vérifier les enregistrements et noter comment la quantité est relevée Noter la quantité
A77: =Source_CL!A77 -> 6.4 | B77: =IF(Source_CL!B77="","",Source_CL!B77) | C77: =Source_CL!C77 -> 6.4 Qualité de l'eau | I77: x | K77: Betrieb | M77: =IF(I77="Ja",B77,IF(I77="Ja(D)",B77,IF(I77="Oui",B77,IF(I77="Oui(D)",B77,"")))) | N77: =IF(I77="Nein",B77,IF(I77="Non",B77,"")) | O77: =IF(I77="N/A",B77,IF(I77="N/A(D)",B77,"")) | Q77: 6 | T77: =IF(OR(LEFT(F77,1)= " ",LEFT(G77,1)=" ",LEFT(H77,1)=" ",F77&G77&H77=""),21,"") -> 21 | U77: =IF(G77<>"",22,"") | AA77: =IF(Source_CL!J77=0,"",Source_CL!I77)
A78: =Source_CL!A78 -> 6.4.1 | B78: =IF(Source_CL!B78="","",Source_CL!B78) -> ++ | C78: =Source_CL!C78 -> L'utilisation d'eaux usées non traitées ou traitées pour l'irrigation est interdite. | D78: =IF(Source_CL!F78=0,"",Source_CL!F78) -> - | H78: =IF('Source PD'!$B$858,"D","") | I78: =IF(F78<>"",F1,IF(G78<>"",G1,IF(H78="D","N/A(D)",IF(H78<>"","N/A",IF('Source PD'!$B$858,"N/A(D)",""))))) | J78: =IF(Checkliste!I78="N/A(D)",'Source PD'!$D$825&'Source PD'!$D$859,"") | K78: Büro | M78: =IF(I78="Ja",B78,IF(I78="Ja(D)",B78,IF(I78="Oui",B78,IF(I78="Oui(D)",B78,"")))) | N78: =IF(I78="Nein",B78,IF(I78="Non",B78,"")) | O78: =IF(I78="N/A",B78,IF(I78="N/A(D)",B78,"")) | Q78: 1 | T78: =IF(OR(LEFT(F78,1)= " ",LEFT(G78,1)=" ",LEFT(H78,1)=" ",F78&G78&H78=""),21,"") -> 21 | U78: =IF(G78<>"",22,"") | AA78: =IF(Source_CL!J78=0,"",Source_CL!I78) -> Auditeur: contrôle visuel
A79: =Source_CL!A79 -> 6.4.2 | B79: =IF(Source_CL!B79="","",Source_CL!B79) -> + | C79: =Source_CL!C79 -> La provenance de l'eau d'irrigation et de l'eau utilisée pour toutes les autres activités avant la récolte (p. ex. pour la protection des plantes) doit être documentée et évaluée en termes d'utilisation et de sensibilité aux contaminations de toutes sortes (chimiques, physiques). Si des risques ont été constatés à cette occasion, l'exploitation a pris des mesures correctives et les a documentées. | D79: =IF(Source_CL!F79=0,"",Source_CL!F79) -> En cas d'utilisation d'eau potable du réseau public, on considère que la preuve est donnée par le fournisseur d'eau potable. Si l'eau d'irrigation, resp. l'eau pour les autres activités avant la récolte, a une autre provenance, cette dernière doit être listée et il faut effectuer une analyse des risques | I79: =IF(F79<>"",$F$1,IF(G79<>"",$G$1,IF(H79<>"","N/A",""))) | K79: Büro, Betrieb | M79: =IF(I79="Ja",B79,IF(I79="Ja(D)",B79,IF(I79="Oui",B79,IF(I79="Oui(D)",B79,"")))) | N79: =IF(I79="Nein",B79,IF(I79="Non",B79,"")) | O79: =IF(I79="N/A",B79,IF(I79="N/A(D)",B79,"")) | Q79: 1 | R79: 6 | T79: =IF(OR(LEFT(F79,1)= " ",LEFT(G79,1)=" ",LEFT(H79,1)=" ",F79&G79&H79=""),21,"") -> 21 | U79: =IF(G79<>"",22,"") | AA79: =IF(Source_CL!J79=0,"",Source_CL!I79) -> Analyse des risques liés à l'eau (CL) Auditeur : vérifier l'analyse des risques et évaluer l'exhaustivité des sources d'eau. Le cas échéant, noter les risques identifiés.
A80: =Source_CL!A80 -> 7 | B80: =IF(Source_CL!B80="","",Source_CL!B80) | C80: =Source_CL!C80 -> 7. PROTECTION PHYTOSANITAIRE INTEGREE | I80: x | M80: =IF(I80="Ja",B80,IF(I80="Ja(D)",B80,IF(I80="Oui",B80,IF(I80="Oui(D)",B80,"")))) | N80: =IF(I80="Nein",B80,IF(I80="Non",B80,"")) | O80: =IF(COUNTIF(Checkliste!I81:I82,"="&"Nein")+ COUNTIF(Checkliste!I84:I104,"="&"Nein")+ COUNTIF(Checkliste!I108:I125,"="&"Nein")+ COUNTIF(Checkliste!I127:I137,"="&"Nein")>0,"FALSCH","WAHR") -> WAHR | Q80: 1 | R80: 6 | T80: =IF(T81&T82="","",21) -> 21 | AA80: =IF(Source_CL!J80=0,"",Source_CL!I80)
A81: =Source_CL!A81 -> 7.1 | B81: =IF(Source_CL!B81="","",Source_CL!B81) -> ++ | C81: =Source_CL!C81 -> La personne responsable de la lutte phytosanitaire sur l'exploitation est au bénéfice d'un permis professionnel. La formation pour la protection phytosanitaire intégrée est ainsi couverte. | D81: =IF(Source_CL!F81=0,"",Source_CL!F81) -> Examen réussi du cours professionnel correspondant (permis professionnel). | I81: =IF(F81<>"",$F$1,IF(G81<>"",$G$1,IF(H81<>"","N/A",""))) | J81: =IF(Checkliste!I81="Ja(D)",'Source PD'!$D$825&'Source PD'!$D$866,"") | K81: Betrieb | L81: No N/A | M81: =IF(I81="Ja",B81,IF(I81="Ja(D)",B81,IF(I81="Oui",B81,IF(I81="Oui(D)",B81,"")))) | N81: =IF(I81="Nein",B81,IF(I81="Non",B81,"")) | O81: =IF(I81="N/A",B81,IF(I81="N/A(D)",B81,"")) | Q81: 6 | T81: =IF(OR(LEFT(F81,1)= " ",LEFT(G81,1)=" ",LEFT(H81,1)=" ",F81&G81&H81=""),21,"") -> 21 | U81: =IF(G81<>"",22,"") | AA81: =IF(Source_CL!J81=0,"",Source_CL!I81) -> Déclaration globale (voir checkliste Excel) Auditeur: faire confirmer la formation ou la consulter en cas de doute
A82: =Source_CL!A82 -> 7.2 | B82: =IF(Source_CL!B82="","",Source_CL!B82) -> + | C82: =Source_CL!C82 -> Les ravageurs, maladies et mauvaises herbes importants qui peuvent attaquer les cultures SwissGAP ou causer des dégâts sont connus du chef d'exploitation. En cas d'attaque, il doit être en mesure de nommer le ravageur/la maladie/la mauvaise herbe (une information orale suffit). | D82: =IF(Source_CL!F82=0,"",Source_CL!F82) -> Aucune preuve écrite n'est exigée, une explication orale est suffisante. | I82: =IF(F82<>"",$F$1,IF(G82<>"",$G$1,IF(H82<>"","N/A",""))) | K82: Büro, Betrieb | M82: =IF(I82="Ja",B82,IF(I82="Ja(D)",B82,IF(I82="Oui",B82,IF(I82="Oui(D)",B82,"")))) | N82: =IF(I82="Nein",B82,IF(I82="Non",B82,"")) | O82: =IF(I82="N/A",B82,IF(I82="N/A(D)",B82,"")) | Q82: 1 | R82: 6 | T82: =IF(OR(LEFT(F82,1)= " ",LEFT(G82,1)=" ",LEFT(H82,1)=" ",F82&G82&H82=""),21,"") -> 21 | U82: =IF(G82<>"",22,"") | AA82: =IF(Source_CL!J82=0,"",Source_CL!I82) -> Auditeur: questionnement oral
A83: =Source_CL!A83 -> 7.3 | B83: =IF(Source_CL!B83="","",Source_CL!B83) -> +- | C83: =Source_CL!C83 -> Le niveau de sensibilité des variétés des cultures SwissGAP aux ravageurs et aux maladies est connu. Il peut s'agir de listes de variétés de la branche, de propres enregistrements ou de valeurs basées sur l'expérience de l'exploitation. | D83: =IF(Source_CL!F83=0,"",Source_CL!F83) -> Aucune preuve écrite n'est exigée. | I83: =IF(F83<>"",$F$1,IF(G83<>"",$G$1,IF(H83<>"","N/A",""))) | M83: =IF(I83="Ja",B83,IF(I83="Ja(D)",B83,IF(I83="Oui",B83,IF(I83="Oui(D)",B83,"")))) | N83: =IF(I83="Nein",B83,IF(I83="Non",B83,"")) | O83: =IF(I83="N/A",B83,IF(I83="N/A(D)",B83,"")) | Q83: 1 | R83: 6 | T83: =IF(T84&T85&T86="","",21) -> 21 | AA83: =IF(Source_CL!J83=0,"",Source_CL!I83) -> Listes variétales Auditeur: questionnement oral
A84: =Source_CL!A84 -> 7.4 | B84: =IF(Source_CL!B84="","",Source_CL!B84) -> + | C84: =Source_CL!C84 -> Pour les cultures principales, la protection phytosanitaire intégrée se fait sur la base d'un plan de mesures. Dans ce plan, les ravageurs et maladies problématiques d'importance économique ainsi que l'utilisation prévue de mesures préventives et de mesures de lutte biologique, biotechnique et chimique sont consignés par culture (groupe de cultures) principale. Les traitements sont effectués selon le principe du seuil de nuisibilité, s'il y en a. Après la fin de la culture, le bilan des problèmes de culture et des mesures prises est analysé ; si nécessaire, le plan pour la culture suivante est adapté sur cette base. Pour les cultures de plein champ, l'entretien soigneux du sol et la régulation des mauvaises herbes doivent être planifiés par type de culture/parcelle et les mesures prises doivent être documentées. | D84: =IF(Source_CL!F84=0,"",Source_CL!F84) -> Un plan de mesures est disponible pour les cultures principales. Il peut s'agir d'une brève liste des ravageurs/maladies et/ou des mauvaises herbes problématiques et des mesures correspondantes. Signer le plan chaque année et l'adapter si nécessaire. Pour les cultures de plein champ : plan de rotation des cultures & documentation concernant l'entretien du sol et la régulation des mauvaises herbes dans des journaux. | I84: =IF(F84<>"",$F$1,IF(G84<>"",$G$1,IF(H84<>"","N/A",""))) | K84: Büro, Betrieb | M84: =IF(I84="Ja",B84,IF(I84="Ja(D)",B84,IF(I84="Oui",B84,IF(I84="Oui(D)",B84,"")))) | N84: =IF(I84="Nein",B84,IF(I84="Non",B84,"")) | O84: =IF(I84="N/A",B84,IF(I84="N/A(D)",B84,"")) | Q84: 1 | R84: 6 | T84: =IF(OR(LEFT(F84,1)= " ",LEFT(G84,1)=" ",LEFT(H84,1)=" ",F84&G84&H84=""),21,"") -> 21 | U84: =IF(G84<>"",22,"") | AA84: =IF(Source_CL!J84=0,"",Source_CL!I84) -> Plan de mesures protection phytosanitaire intégrée (FO) Auditeur: vérifier le plan, questionnement oral
A85: =Source_CL!A85 -> 7.5 | B85: =IF(Source_CL!B85="","",Source_CL!B85) -> ++ | C85: =Source_CL!C85 -> Lutte préventive: Le producteur peut prouver qu'il applique au moins deux mesures de prévention permettant d'adapter les méthodes de gestion pour diminuer l'apparition et l'intensité des attaques de ravageurs et de maladies. | D85: =IF(Source_CL!F85=0,"",Source_CL!F85) -> Mesures préventives possibles : - stérilisation à la vapeur du sol ou des substrats - choix de variétés appropriées (résistances) - bonne hygiène de culture (évacuer les cultures ou les déchets de plantes infectés ou malades) - nettoyage et désinfection des machines, des emplacements et des tables | I85: =IF(F85<>"",$F$1,IF(G85<>"",$G$1,IF(H85<>"","N/A",""))) | K85: Büro | M85: =IF(I85="Ja",B85,IF(I85="Ja(D)",B85,IF(I85="Oui",B85,IF(I85="Oui(D)",B85,"")))) | N85: =IF(I85="Nein",B85,IF(I85="Non",B85,"")) | O85: =IF(I85="N/A",B85,IF(I85="N/A(D)",B85,"")) | Q85: 1 | T85: =IF(OR(LEFT(F85,1)= " ",LEFT(G85,1)=" ",LEFT(H85,1)=" ",F85&G85&H85=""),21,"") -> 21 | U85: =IF(G85<>"",22,"") | AA85: =IF(Source_CL!J85=0,"",Source_CL!I85) -> Auditeur: Noter 2 mesures
A86: =Source_CL!A86 -> 7.6 | B86: =IF(Source_CL!B86="","",Source_CL!B86) -> ++ | C86: =Source_CL!C86 -> Observation et surveillance: Le producteur peut prouver qu'il applique au moins deux mesures d'observation et de surveillance. Cette mesure permet de lutter de manière ciblée contre les ravageurs (par ex. en utilisant leurs prédateurs naturels). | D86: =IF(Source_CL!F86=0,"",Source_CL!F86) -> Mesures d'observation et de surveillance possibles : - surveillance des cultures, par ex. avec des pièges colorés - comptage des ravageurs - utilisation de phéromones - Thermo-hygrographe | I86: =IF(F86<>"",$F$1,IF(G86<>"",$G$1,IF(H86<>"","N/A",""))) | K86: Büro | M86: =IF(I86="Ja",B86,IF(I86="Ja(D)",B86,IF(I86="Oui",B86,IF(I86="Oui(D)",B86,"")))) | N86: =IF(I86="Nein",B86,IF(I86="Non",B86,"")) | O86: =IF(I86="N/A",B86,IF(I86="N/A(D)",B86,"")) | Q86: 1 | T86: =IF(OR(LEFT(F86,1)= " ",LEFT(G86,1)=" ",LEFT(H86,1)=" ",F86&G86&H86=""),21,"") -> 21 | U86: =IF(G86<>"",22,"") | AA86: =IF(Source_CL!J86=0,"",Source_CL!I86) -> Protocole de surveillance ravageurs et maladies (FO) Auditeur: Noter 2 mesures
A87: =Source_CL!A87 -> 7.7 | B87: =IF(Source_CL!B87="","",Source_CL!B87) -> ++ | C87: =Source_CL!C87 -> Intervention: Le producteur peut prouver qu'au cas où l'attaque des ravageurs a un effet négatif sur la valeur économique d'une culture, un traitement est effectué avec des méthodes de lutte spécifiques contre les ravageurs. Dans la mesure du possible, des méthodes non chimiques doivent être envisagées ou les produits phytosanitaires doivent être sélectionnés selon une approche basée sur les risques et présentant le moins de dangers possible (p. ex. la toxicité). N/A si pas d'intervention nécessaire | D87: =IF(Source_CL!F87=0,"",Source_CL!F87) -> Mesures d'intervention possibles : - utilisation de mesures phytosanitaires biologiques comme par ex. nématodes, pièges, produits biologiques, lutte mécanique contre les mauvaises herbes ou ensemencements en pleine terre - Utilisation sélective de produits phytosanitaires, utilisation de produits phytosanitaires avec différents groupes de substances actives afin d'éviter les résistances. | I87: =IF(F87<>"",$F$1,IF(G87<>"",$G$1,IF(H87<>"","N/A",""))) | M87: =IF(I87="Ja",B87,IF(I87="Ja(D)",B87,IF(I87="Oui",B87,IF(I87="Oui(D)",B87,"")))) | N87: =IF(I87="Nein",B87,IF(I87="Non",B87,"")) | O87: =IF(I87="N/A",B87,IF(I87="N/A(D)",B87,"")) | Q87: 1 | R87: 4 | S87: 6 | T87: =IF(T88&T94&T99&T110&T130&T140&T145&T147="","",21) -> 21 | AA87: =IF(Source_CL!J87=0,"",Source_CL!I87) -> Journal des cultures (FO) Auditeur : vérifier les enregistrements phytosanitaires, questionnement oral si le même produit/substance active est souvent utilisé
A88: =Source_CL!A88 -> 7.8 | B88: =IF(Source_CL!B88="","",Source_CL!B88) -> + | C88: =Source_CL!C88 -> Si l'apparition de ravageurs, de maladies ou de mauvaises herbes nécessite des traitements répétés, il convient, dans la mesure du possible, d'alterner les groupes de substances actives afin d'éviter l'apparition de tolérance ou de résistance (si aucune autre substance active n'est autorisée pour l'application spécifique, l'alternance n'est pas possible). Lorsque cela est techniquement possible, il convient d'inclure des méthodes de traitement alternatives dans la lutte. | D88: =IF(Source_CL!F88=0,"",Source_CL!F88) -> A prendre en compte lorsque plusieurs traitements par culture sont la règle. Non applicable si aucune intervention ou seulement des interventions isolées sont nécessaires. | I88: =IF(F88<>"",$F$1,IF(G88<>"",$G$1,IF(H88<>"","N/A",""))) | M88: =IF(I88="Ja",B88,IF(I88="Ja(D)",B88,IF(I88="Oui",B88,IF(I88="Oui(D)",B88,"")))) | N88: =IF(I88="Nein",B88,IF(I88="Non",B88,"")) | O88: =IF(I88="N/A",B88,IF(I88="N/A(D)",B88,"")) | Q88: 1 | R88: 3 | S88: 6 | T88: =IF(T89&T90&T91&T92&T93="","",21) -> 21 | AA88: =IF(Source_CL!J88=0,"",Source_CL!I88) -> Journal des cultures (FO) Auditeur : vérifier les enregistrements phytosanitaires, questionnement oral si le même produit/substance active est utilisé plus souvent
A89: =Source_CL!A89 -> 8 | B89: =IF(Source_CL!B89="","",Source_CL!B89) | C89: =Source_CL!C89 -> 8. PROTECTION PHYTOSANITAIRE | D89: =IF(Source_CL!F89=0,"",Source_CL!F89) | I89: x | K89: Büro | M89: =IF(I89="Ja",B89,IF(I89="Ja(D)",B89,IF(I89="Oui",B89,IF(I89="Oui(D)",B89,"")))) | N89: =IF(I89="Nein",B89,IF(I89="Non",B89,"")) | O89: =IF(I89="N/A",B89,IF(I89="N/A(D)",B89,"")) | Q89: 1 | T89: =IF(OR(LEFT(F89,1)= " ",LEFT(G89,1)=" ",LEFT(H89,1)=" ",F89&G89&H89=""),21,"") -> 21 | U89: =IF(G89<>"",22,"")
A90: =Source_CL!A90 -> 8.1 | B90: =IF(Source_CL!B90="","",Source_CL!B90) | C90: =Source_CL!C90 -> 8.1 Choix des produits phytosanitaires | D90: =IF(Source_CL!F90=0,"",Source_CL!F90) | I90: x | K90: Büro, Kulturen, Betrieb | M90: =IF(I90="Ja",B90,IF(I90="Ja(D)",B90,IF(I90="Oui",B90,IF(I90="Oui(D)",B90,"")))) | N90: =IF(I90="Nein",B90,IF(I90="Non",B90,"")) | O90: =IF(I90="N/A",B90,IF(I90="N/A(D)",B90,"")) | Q90: 1 | R90: 3 | S90: 6 | T90: =IF(OR(LEFT(F90,1)= " ",LEFT(G90,1)=" ",LEFT(H90,1)=" ",F90&G90&H90=""),21,"") -> 21 | U90: =IF(G90<>"",22,"") | AA90: =IF(Source_CL!J90=0,"",Source_CL!I90)
A91: =Source_CL!A91 -> 8.1.1 | B91: =IF(Source_CL!B91="","",Source_CL!B91) -> ++ | C91: =Source_CL!C91 -> Le producteur dispose de la liste actuelle des produits phytosanitaires de l'Office fédéral de l'agriculture sous forme imprimée ou par accès à : https://www.psm.admin.ch/fr/produkte L'exploitation utilise pour ses cultures uniquement des produits phytosanitaires conformes à cette liste. | D91: =IF(Source_CL!F91=0,"",Source_CL!F91) -> Les listes de PPh ne doivent pas être plus anciennes que l'année précédente. Les listes publiées sur Internet sont également considérées comme disponibles sur l'exploitation et comme actualisées, pour autant que le chef d'exploitation utilise Internet. | H91: =IF('Source PD'!$B$862,"D","") | I91: =IF(F91<>"",$F$1,IF(G91<>"",$G$1,IF(H91="D","N/A(D)",IF(H91<>"","N/A",IF('Source PD'!$B$862,"N/A(D)",""))))) | J91: =IF(Checkliste!I91="N/A(D)",'Source PD'!$D$825&'Source PD'!$D$863,"") | K91: Büro, Kulturen | M91: =IF(I91="Ja",B91,IF(I91="Ja(D)",B91,IF(I91="Oui",B91,IF(I91="Oui(D)",B91,"")))) | N91: =IF(I91="Nein",B91,IF(I91="Non",B91,"")) | O91: =IF(I91="N/A",B91,IF(I91="N/A(D)",B91,"")) | Q91: 1 | R91: 3 | T91: =IF(OR(LEFT(F91,1)= " ",LEFT(G91,1)=" ",LEFT(H91,1)=" ",F91&G91&H91=""),21,"") -> 21 | U91: =IF(G91<>"",22,"") | AA91: =IF(Source_CL!J91=0,"",Source_CL!I91) -> Liste des PPh de l'OFAG (Index PPh) Auditeur : vérifier l'accès à l'index PPh
A92: =Source_CL!A92 -> 8.1.2 | B92: =IF(Source_CL!B92="","",Source_CL!B92) -> ++ | C92: =Source_CL!C92 -> Tous les produits phytosanitaires utilisés sont appropriés pour lutter contre les ravageurs, les maladies et les mauvaises herbes et leur utilisation peut être justifiée selon les indications figurant sur l'étiquette ou dans la liste des produits phytosanitaires de l'Office fédéral de l'agriculture. Si l'utilisation se fait sur la base d'une homologation en cas d’urgence, celle-ci doit être présentée. | D92: =IF(Source_CL!F92=0,"",Source_CL!F92) -> Le choix des produits se fait en fonction de la liste des produits phytosanitaires de l'Office fédéral de l'agriculture ou des catalogues d'entreprises suisses. Index des produits phytosanitaires (Banque de données): https://www.psm.admin.ch/fr/produkte | H92: =IF('Source PD'!$B$862,"D","") | I92: =IF(F92<>"",$F$1,IF(G92<>"",$G$1,IF(H92="D","N/A(D)",IF(H92<>"","N/A",IF('Source PD'!$B$862,"N/A(D)",""))))) | J92: =IF(Checkliste!I92="N/A(D)",'Source PD'!$D$825&'Source PD'!$D$863,"") | K92: Büro, Kulturen | M92: =IF(I92="Ja",B92,IF(I92="Ja(D)",B92,IF(I92="Oui",B92,IF(I92="Oui(D)",B92,"")))) | N92: =IF(I92="Nein",B92,IF(I92="Non",B92,"")) | O92: =IF(I92="N/A",B92,IF(I92="N/A(D)",B92,"")) | Q92: 1 | R92: 3 | T92: =IF(OR(LEFT(F92,1)= " ",LEFT(G92,1)=" ",LEFT(H92,1)=" ",F92&G92&H92=""),21,"") -> 21 | U92: =IF(G92<>"",22,"") | AA92: =IF(Source_CL!J92=0,"",Source_CL!I92) -> Journal des cultures (FO) Auditeur: vérifier un exemple d'un PPh utilisé selon le journal des traitements
A93: =Source_CL!A93 -> 8.1.3 | B93: =IF(Source_CL!B93="","",Source_CL!B93) -> ++ | C93: =Source_CL!C93 -> Les factures/bulletins de livraison des produits phytosanitaires et des produits de traitement post-récolte utilisés sont conservés et sont disponibles lors des contrôles externes. | D93: =IF(Source_CL!F93=0,"",Source_CL!F93) -> Contrôles par sondage pour vérifier si les factures des produits phytosanitaires utilisés sont disponibles. | H93: =IF('Source PD'!$B$862,"D","") | I93: =IF(F93<>"",$F$1,IF(G93<>"",$G$1,IF(H93="D","N/A(D)",IF(H93<>"","N/A",IF('Source PD'!$B$862,"N/A(D)",""))))) | J93: =IF(Checkliste!I93="N/A(D)",'Source PD'!$D$825&'Source PD'!$D$863,"") | K93: Büro, Kulturen | M93: =IF(I93="Ja",B93,IF(I93="Ja(D)",B93,IF(I93="Oui",B93,IF(I93="Oui(D)",B93,"")))) | N93: =IF(I93="Nein",B93,IF(I93="Non",B93,"")) | O93: =IF(I93="N/A",B93,IF(I93="N/A(D)",B93,"")) | Q93: 1 | R93: 3 | T93: =IF(OR(LEFT(F93,1)= " ",LEFT(G93,1)=" ",LEFT(H93,1)=" ",F93&G93&H93=""),21,"") -> 21 | U93: =IF(G93<>"",22,"") | AA93: =IF(Source_CL!J93=0,"",Source_CL!I93) -> Auditeur : noter l'exemple d'un produit contrôlé (stock & facture).
A94: =Source_CL!A94 -> 8.2 | B94: =IF(Source_CL!B94="","",Source_CL!B94) | C94: =Source_CL!C94 -> 8.2 Enregistrements relatifs à l'utilisation de produits phytosanitaires | I94: x | M94: =IF(I94="Ja",B94,IF(I94="Ja(D)",B94,IF(I94="Oui",B94,IF(I94="Oui(D)",B94,"")))) | N94: =IF(I94="Nein",B94,IF(I94="Non",B94,"")) | O94: =IF(I94="N/A",B94,IF(I94="N/A(D)",B94,"")) | Q94: 1 | R94: 4 | T94: =IF(T95&T96&T97&T98="","",21) -> 21 | AA94: =IF(Source_CL!J94=0,"",Source_CL!I94)
A95: =IF(Source_CL!A95="","",Source_CL!A95) -> 8.2 | B95: =IF(Source_CL!B95="","",Source_CL!B95) | C95: =Source_CL!C95 -> Tous les enregistrements relatifs à l'utilisation des produits phytosanitaires doivent mentionner les indications suivantes (pour les cultures mixtes, les enregistrements peuvent être résumés en groupe de cultures pour autant que les traitements soient identiques pour un groupe de culture) : | I95: x | K95: Büro, PSM-Lager | L95: No N/A | M95: =IF(I95="Ja",B95,IF(I95="Ja(D)",B95,IF(I95="Oui",B95,IF(I95="Oui(D)",B95,"")))) | N95: =IF(I95="Nein",B95,IF(I95="Non",B95,"")) | O95: =IF(I95="N/A",B95,IF(I95="N/A(D)",B95,"")) | Q95: 1 | R95: 4 | T95: =IF(OR(LEFT(F95,1)= " ",LEFT(G95,1)=" ",LEFT(H95,1)=" ",F95&G95&H95=""),21,"") -> 21 | U95: =IF(G95<>"",22,"") | AA95: =IF(Source_CL!J95=0,"",Source_CL!I95)
A96: =Source_CL!A96 -> 8.2.1 | B96: =IF(Source_CL!B96="","",Source_CL!B96) -> ++ | C96: =Source_CL!C96 -> Nom de la culture traitée, de la série et de la variété, y c. indication de la surface traitée (m2 ou ha) | D96: =IF(Source_CL!F96=0,"",Source_CL!F96) -> Il est possible de grouper les parcelles avec des traitements identiques. La surface traitée doit être traçable ou enregistrée. | H96: =IF('Source PD'!$B$862,"D","") | I96: =IF(F96<>"",$F$1,IF(G96<>"",$G$1,IF(H96="D","N/A(D)",IF(H96<>"","N/A",IF('Source PD'!$B$862,"N/A(D)",""))))) | J96: =IF(Checkliste!I96="N/A(D)",'Source PD'!$D$825&'Source PD'!$D$863,"") | K96: Büro, PSM-Lager | L96: No N/A | M96: =IF(I96="Ja",B96,IF(I96="Ja(D)",B96,IF(I96="Oui",B96,IF(I96="Oui(D)",B96,"")))) | N96: =IF(I96="Nein",B96,IF(I96="Non",B96,"")) | O96: =IF(I96="N/A",B96,IF(I96="N/A(D)",B96,"")) | Q96: 1 | R96: 4 | T96: =IF(OR(LEFT(F96,1)= " ",LEFT(G96,1)=" ",LEFT(H96,1)=" ",F96&G96&H96=""),21,"") -> 21 | U96: =IF(G96<>"",22,"") | AA96: =IF(Source_CL!J96=0,"",Source_CL!I96) -> Journal des cultures (FO) Auditeur: noter un exemple
A97: =Source_CL!A97 -> 8.2.2 | B97: =IF(Source_CL!B97="","",Source_CL!B97) -> ++ | C97: =Source_CL!C97 -> Nom du champ/quartier ou n° de la serre. | D97: =IF(Source_CL!F97=0,"",Source_CL!F97) -> Champ/parcelle ou série cultivée en serre | H97: =IF('Source PD'!$B$862,"D","") | I97: =IF(F97<>"",$F$1,IF(G97<>"",$G$1,IF(H97="D","N/A(D)",IF(H97<>"","N/A",IF('Source PD'!$B$862,"N/A(D)",""))))) | J97: =IF(Checkliste!I97="N/A(D)",'Source PD'!$D$825&'Source PD'!$D$863,"") | K97: Büro | L97: No N/A | M97: =IF(I97="Ja",B97,IF(I97="Ja(D)",B97,IF(I97="Oui",B97,IF(I97="Oui(D)",B97,"")))) | N97: =IF(I97="Nein",B97,IF(I97="Non",B97,"")) | O97: =IF(I97="N/A",B97,IF(I97="N/A(D)",B97,"")) | Q97: 1 | T97: =IF(OR(LEFT(F97,1)= " ",LEFT(G97,1)=" ",LEFT(H97,1)=" ",F97&G97&H97=""),21,"") -> 21 | U97: =IF(G97<>"",22,"") | AA97: =IF(Source_CL!J97=0,"",Source_CL!I97) -> dito
A98: =Source_CL!A98 -> 8.2.3 | B98: =IF(Source_CL!B98="","",Source_CL!B98) -> ++ | C98: =Source_CL!C98 -> Date d'application (jour/mois/année). | D98: =IF(Source_CL!F98=0,"",Source_CL!F98) -> Date | H98: =IF('Source PD'!$B$862,"D","") | I98: =IF(F98<>"",$F$1,IF(G98<>"",$G$1,IF(H98="D","N/A(D)",IF(H98<>"","N/A",IF('Source PD'!$B$862,"N/A(D)",""))))) | J98: =IF(Checkliste!I98="N/A(D)",'Source PD'!$D$825&'Source PD'!$D$863,"") | K98: Büro, PSM-Lager | L98: No N/A | M98: =IF(I98="Ja",B98,IF(I98="Ja(D)",B98,IF(I98="Oui",B98,IF(I98="Oui(D)",B98,"")))) | N98: =IF(I98="Nein",B98,IF(I98="Non",B98,"")) | O98: =IF(I98="N/A",B98,IF(I98="N/A(D)",B98,"")) | Q98: 1 | R98: 4 | T98: =IF(OR(LEFT(F98,1)= " ",LEFT(G98,1)=" ",LEFT(H98,1)=" ",F98&G98&H98=""),21,"") -> 21 | U98: =IF(G98<>"",22,"") | AA98: =IF(Source_CL!J98=0,"",Source_CL!I98) -> dito
A99: =Source_CL!A99 -> 8.2.4 | B99: =IF(Source_CL!B99="","",Source_CL!B99) -> ++ | C99: =Source_CL!C99 -> Nom commercial et substance active ainsi que concentration dans le produit commercial (g/kg ou ml/l). Dans le cas d'organismes utiles, le nom scientifique ou le nom commercial des produits utilisés. | D99: =IF(Source_CL!F99=0,"",Source_CL!F99) -> L'enregistrement du nom commercial (complet) ou de la substance active est suffisant pour autant que la substance active soit documentée sur une liste (p. ex. inventaire). La concentration dans le produit commercial peut également être justifiée à l'aide de listes de PPh ou d'indications sur l'emballage. | H99: =IF('Source PD'!$B$862,"D","") | I99: =IF(F99<>"",$F$1,IF(G99<>"",$G$1,IF(H99="D","N/A(D)",IF(H99<>"","N/A",IF('Source PD'!$B$862,"N/A(D)",""))))) | J99: =IF(Checkliste!I99="N/A(D)",'Source PD'!$D$825&'Source PD'!$D$863,"") | M99: =IF(I99="Ja",B99,IF(I99="Ja(D)",B99,IF(I99="Oui",B99,IF(I99="Oui(D)",B99,"")))) | N99: =IF(I99="Nein",B99,IF(I99="Non",B99,"")) | O99: =IF(I99="N/A",B99,IF(I99="N/A(D)",B99,"")) | Q99: 1 | T99: =IF(T101&T102&T103&T104&T105&T106&T107&T108&T109="","",21) -> 21 | AA99: =IF(Source_CL!J99=0,"",Source_CL!I99) -> dito
A100: =Source_CL!A100 -> 8.2.5 | B100: =IF(Source_CL!B100="","",Source_CL!B100) -> ++ | C100: =Source_CL!C100 -> Raison principale de l'utilisation (indiquer le ravageur, la maladie, les mauvaises herbes problématiques à traiter). | D100: =IF(Source_CL!F100=0,"",Source_CL!F100) -> - | H100: =IF('Source PD'!$B$862,"D","") | I100: =IF(F100<>"",$F$1,IF(G100<>"",$G$1,IF(H100="D","N/A(D)",IF(H100<>"","N/A",IF('Source PD'!$B$862,"N/A(D)",""))))) | J100: =IF(Checkliste!I100="N/A(D)",'Source PD'!$D$825&'Source PD'!$D$863,"") | M100: =IF(I100="Ja",B100,IF(I100="Ja(D)",B100,IF(I100="Oui",B100,IF(I100="Oui(D)",B100,"")))) | N100: =IF(I100="Nein",B100,IF(I100="Non",B100,"")) | O100: =IF(I100="N/A",B100,IF(I100="N/A(D)",B100,"")) | Q100: 1 | T100: =T99 -> 21 | AA100: =IF(Source_CL!J100=0,"",Source_CL!I100) -> Motifs principaux d'application (FO) Journal des cultures (FO) Auditeur: noter un exemple
...

Sheet Resultat
A1: =Source!D340 -> Résultat de la checkliste SwissGAP horticulture
A3: =Source!D341 -> Exploitation: | B3: ='Audit Info'!C5 -> 0 | H3: =Source!D370 -> Date: | I3: =IF(ISBLANK('Audit Info'!E22),"",'Audit Info'!E22)
A5: =Source!D342 -> Calcul original après la fin de l'audit
A6: =Source!D348 -> Niveau | B6: =Source!D373 -> Total points de contrôle | C6: =Source!D374 -> sans réponse | D6: =Source!D375 -> N/A | E6: =Source!D376 -> Oui | F6: =Source!D377 -> Non | G6: =Source!D378 -> Non conformités corrigés | H6: =Source!D379 -> % Conformité | I6: =Source!D380 -> Niveau de conformité exigé (%)
A7: =Source!D349 -> Exigences majeures | B7: =COUNTIF(Checkliste!B2:B210,"++") -> 65 | C7: =B7-COUNTIF(Checkliste!M4:O210,"++") -> 64 | D7: =COUNTIF(Checkliste!O4:O210,"++") -> 0 | E7: =COUNTIF(Checkliste!M4:M210,"++") -> 1 | F7: =COUNTIF(Checkliste!N4:N210,"++") -> 0 | G7: - | H7: =E7/(B7-D7) -> 0.015384615 | I7: 1
A8: =Source!D350 -> Exigences mineures | B8: =COUNTIF(Checkliste!B2:B210,"+") -> 81 | C8: =B8-COUNTIF(Checkliste!M4:O210,"+") -> 81 | D8: =COUNTIF(Checkliste!O4:O210,"+") -> 0 | E8: =COUNTIF(Checkliste!M4:M210,"+") -> 0 | F8: =COUNTIF(Checkliste!N4:N210,"+") -> 0 | G8: - | H8: =E8/(B8-D8) -> 0 | I8: 0.95
A9: =Source!D351 -> Recommandations: | B9: =COUNTIF(Checkliste!B2:B210,"+-") -> 11 | C9: =B9-COUNTIF(Checkliste!M4:O210,"+-") -> 11 | D9: =COUNTIF(Checkliste!O4:O210,"+-") -> 0 | E9: =COUNTIF(Checkliste!M4:M210,"+-") -> 0 | F9: =COUNTIF(Checkliste!N4:N210,"+-") -> 0 | G9: - | H9: =E9/(B9-D9) -> 0 | I9: -
A10: =Source!D352 -> Total | B10: =SUM(B7:B9) -> 157 | C10: =SUM(C7:C9) -> 156 | D10: =SUM(D7:D9) -> 0 | E10: =SUM(E7:E9) -> 1 | F10: =SUM(F7:F9) -> 0 | G10: - | H10: - | I10: -
A12: =Source!D343 -> Calcul révisé après la clôture des poits non-conformes
A13: =Source!D348 -> Niveau | B13: =Source!D373 -> Total points de contrôle | C13: =Source!D374 -> sans réponse | D13: =Source!D375 -> N/A | E13: =Source!D376 -> Oui | F13: =Source!D377 -> Non | G13: =Source!D378 -> Non conformités corrigés | H13: =Source!D379 -> % Conformité | I13: =Source!D380 -> Niveau de conformité exigé (%)
A14: =Source!D349 -> Exigences majeures | B14: =COUNTIF(Checkliste!B2:B210,"++") -> 65 | C14: =B7-COUNTIF(Checkliste!M4:O210,"++") -> 64 | D14: =COUNTIF(Checkliste!O4:O210,"++") -> 0 | E14: =COUNTIF(Checkliste!M4:M210,"++") -> 1 | F14: =COUNTIF(Checkliste!N4:N210,"++") -> 0 | H14: =(E14+G14)/(B14-D14) -> 0.015384615 | I14: 1
A15: =Source!D350 -> Exigences mineures | B15: =COUNTIF(Checkliste!B2:B210,"+") -> 81 | C15: =B8-COUNTIF(Checkliste!M4:O210,"+") -> 81 | D15: =COUNTIF(Checkliste!O4:O210,"+") -> 0 | E15: =COUNTIF(Checkliste!M4:M210,"+") -> 0 | F15: =COUNTIF(Checkliste!N4:N210,"+") -> 0 | H15: =(E15+G15)/(B15-D15) -> 0 | I15: 0.95
A16: =Source!D351 -> Recommandations: | B16: =COUNTIF(Checkliste!B2:B210,"+-") -> 11 | C16: =B9-COUNTIF(Checkliste!M4:O210,"+-") -> 11 | D16: =COUNTIF(Checkliste!O4:O210,"+-") -> 0 | E16: =COUNTIF(Checkliste!M4:M210,"+-") -> 0 | F16: =COUNTIF(Checkliste!N4:N210,"+-") -> 0 | H16: =(E16+G16)/(B16-D16) -> 0 | I16: -
A17: =Source!D352 -> Total | B17: =SUM(B14:B16) -> 157 | C17: =SUM(C14:C16) -> 156 | D17: =SUM(D14:D16) -> 0 | E17: =SUM(E14:E16) -> 1 | F17: =SUM(F14:F16) -> 0 | G17: =SUM(G14:G16) -> 0 | H17: - | I17: -
A21: =Source!D353 -> Interprétation des résultats:
A22: =Source!D354 -> Exigences majeures:
A23: =Source!D355 -> Si le niveau de conformité atteint est en dessous du niveau de conformité exigé de 100%, des mesures correctives doivent être implementées pour tous les points de contrôle non conformes. Lors d'une re-certification, le délai disponible pour une correction s'élève au maximum à 28 jours.
A24: =Source!D356 -> Exigences mineures:
A25: =Source!D357 -> Si le niveau de conformité atteint est en dessous du niveau de conformité exigé de 95%, des mesures correctives doivent être implementées pour les points de contrôle non conformes, jusqu'à ce que le degré de conformité exigé de 95% soit atteint.
A26: =Source!D358 -> Recommandations:
A27: =Source!D359 -> Aucun pourcentage minimum de conformité n'est exigé.
A30: =Source!D360 -> Pour utilisation interne ProCert
C31: =Source!D363 -> Date | E31: =Source!D364 -> Sigle
A32: =Source!D361 -> Verification | E32: MW
A33: =Source!D362 -> Libération pour la certification | E33: MW

Sheet CL Suisse Garantie
A1: =Source!D430 -> Date: | B1: =IF(ISBLANK('Audit Info'!E22),"",'Audit Info'!E22) | E1: =Source!D636 -> Organe de certification: | F1: ProCert
E2: =Source!D637 -> Inspecteur:
A3: =Source!D431 -> Lieu: | B3: =IF(ISBLANK('Audit Info'!C8),"",'Audit Info'!C8) | E3: =IF(ISBLANK('Audit Info'!C22),"",'Audit Info'!C22)
E4: =Source!D638 -> N° de tél: | F4: ='Audit Info'!C23 -> 0
A5: =Source!D432 -> Entreprise: | E5: =Source!D639 -> Responsable pour Suisse Garantie:
E6: =Source!D640 -> Nom: | F6: ='Audit Info'!C13&" " &'Audit Info'!C14
A7: =Source!D434 -> Nom: | B7: =IF(ISBLANK('Audit Info'!C5),"",'Audit Info'!C5) | E7: =Source!D641 -> E-mail: | F7: =IF(ISBLANK('Audit Info'!C17),"",'Audit Info'!C17)
A8: =Source!D435 -> Rue: | B8: =IF(ISBLANK('Audit Info'!C6),"",'Audit Info'!C6) | E8: =Source!D642 -> Autres collaborateurs interrogés et leur fonction:
A9: =Source!D436 -> NPA/lieu: | B9: ='Audit Info'!C7&" " &'Audit Info'!C8
A10: =Source!D437 -> Type d'audit: | D10: =Source!D427 -> Admission | E10: =Source!D428 -> Surveillance | F10: =Source!D429 -> Re-certification
A11: =Source!D439 -> Produits dans le domaine Suisse Garantie: | E11: =Source!D643 -> Documents de référence dans leurs versions actuelles:
B12: =Source!D530 -> Plantes d'ornement | D12: =Source!D626 -> Plantes de pépinières | E12: =Source!D644 -> • Règlement général AMS
B13: =Source!D531 -> plantes de saison et de balcon | D13: =Source!D627 -> Arbustes (0.5-1m) et couvre-sol | E13: =Source!D645 -> • Manuel de présentation graphique AMS
B14: =Source!D532 -> plantes en pots | D14: =Source!D628 -> Plantes pour haies | E14: =Source!D646 -> • Règlement des sanctions AMS
B15: =Source!D533 -> plantes vertes | D15: =Source!D629 -> Conifères | E15: =Source!D647 -> • Règlement de la branche horticulture
B16: =Source!D534 -> fleurs coupées | D16: =Source!D630 -> Feuillus (caduques et persistants)
B17: =Source!D535 -> Plantes vivaces/herbes ornementales (sans les arbustes à couper) | D17: =Source!D631 -> Arbres fruitiers et petits fruits
B18: =Source!D536 -> jeunes plants de légumes | D18: =Source!D632 -> Rosiers
A20: =Source!D440 -> Légende: | B20: =Source!D537 -> AMS = Agro-Marketing Suisse | E20: =Source!D649 -> RG = Règlement général
B21: =Source!D538 -> MP = Manuel de présentation graphique | E21: =Source!D650 -> SGA = Suisse Garantie
B22: =Source!D539 -> RS = Règlement sectoriel | E22: =Source!D651 -> Pres. = Prescription
B23: =Source!D540 -> crit. = Exigence critique | E23: =Source!D652 -> nc = Exigence non critique
B24: =Source!D542 -> N = Non-conformités et mesures à prendre
B25: =Source!D543 -> E = Exigences spécifiques à l’entreprise: à respecter en permanence !
B26: =Source!D541 -> R = Recommandations et remarques non contraignantes
A27: =Source!D441 -> A: Généralités
A28: =Source!D442 -> Indications générales, règlement sectoriel et état de l’information
A29: =Source!D443 -> Objet du contrôle | E29: =Source!D653 -> Preuve / non-conformité | F29: =Source!D689 -> rempli | H29: =Source!D755 -> Pas appli-cable | I29: =Source!D767 -> Pres. + N°
F30: =Source!D690 -> oui | G30: =Source!D735 -> non | I30: =Source!D768 -> (NER)
A31: =Source!D444 -> L’entreprise est en possession des versions actuelles du règlement général AMS et du règlement sectoriel. | F31: =Source!D691 -> nc
A32: =Source!D445 -> Les responsables et les collaborateurs concernés disposent des informations / instructions nécessaires sur le programme Suisse Garantie (séparation des différents types de produits / étiquetage). | F32: =Source!D692 -> nc
A33: =Source!D446 -> Points en suspens / Prescriptions découlant de l’audit précédent
A34: =Source!D447 -> Le précédent audit n’a débouché sur aucune mesure à prendre / les points en suspens ont été réglés dans les délais impartis. | F34: =Source!D694 -> crit.
A35: =Source!D448 -> Systèmes de communication
A36: =Source!D449 -> La communication de l’entreprise reflète les contenus des documents de référence Suisse Garantie. Ils ne comportent pas d’affirmations erronées ou trompeuses. | F36: =Source!D694 -> crit.
A37: =Source!D450 -> Réclamations au sujet de Suisse Garantie
A38: =Source!D451 -> Il existe une procédure d’enregistrement et de traitement des réclamations efficace. | F38: =Source!D695 -> nc
A40: =Source!D456 -> B. Exigences recoupant le règlement sectoriel (RG & MP)
A41: =Source!D457 -> Étiquetage
A42: =Source!D458 -> Art. | B42: =Source!D544 -> Objet du contrôle | E42: =Source!D656 -> Preuve / non-conformité | F42: =Source!D698 -> rempli | H42: =Source!D756 -> Pas appli-cable | I42: =Source!D769 -> Pres. + N°
E43: =Source!D657 -> Ajouter des exemples | F43: =Source!D699 -> oui | G43: =Source!D736 -> non | I43: =Source!D768 -> (NER)
A44: =Source!D459 -> RG 3.1.1 6.3 & MP | B44: =Source!D545 -> Les informations suivantes figurent sur l’étiquette / ou l’emballage: - Nom de l’entreprise autorisée ou son N° d’agrément (N° AMS) - Nom de l’organisme de certification - Marque de garantie Suisse Garantie (Logo) | F44: =Source!D700 -> nc
A45: =Source!D460 -> RG 3.1.1 & MP | B45: =Source!D546 -> L’utilisation de la marque de garantie respecte les prescriptions du manuel de présentation graphique d'AMS. | E45: =Source!D658 -> - au moins 10mm - écriture noire - fond blanc, angles arrondi - drapeau rouge ou noir - sur arrière-fond blanc ou transparent: cadre noir | F45: =Source!D701 -> nc
B46: =Source!D547 -> (D’autres informations peuvent être ajoutées à la marque pour autant qu’elles ne modifient pas le logotype et que le corps de la police ne soit pas supérieur à celui utilisé pour le logotype)
A47: =Source!D461 -> RG 3.1.1 | B47: =Source!D548 -> Tous les achats et ventes de marchandises SGA sont documentés et déclarés sur les documents de livraison (bulletin de livraison, facture) (Suisse Garantie, SGA ou SG dans le fichier d'articles). | F47: =Source!D702 -> nc
A48: =Source!D462 -> Exigences communes pour la provenance, la transformation, les PER et les OGM (y c. ajouts du secteur)
A49: =Source!D463 -> Art. | B49: =Source!D549 -> Objet du contrôle | E49: =Source!D659 -> Preuve / non-conformité | F49: =Source!D703 -> rempli | H49: =Source!D757 -> Pas appli-cable | I49: =Source!D771 -> Pres. + N°
E50: =Source!D660 -> Ajouter la liste des fournisseurs | F50: =Source!D704 -> oui | G50: =Source!D737 -> non | I50: =Source!D768 -> (NER)
A51: =Source!D464 -> RG 3.1.1 & RS 3.2.1 | B51: =Source!D550 -> Provenance suisse:
B52: =Source!D551 -> Les plantes d'ornement sont cultivées au moins 80 % du temps en Suisse. Pour le règlement des régions avoisinantes voir RS + RG. | F52: =Source!D705 -> crit.
B53: =Source!D552 -> Les plantes issues de pépinières portant la marque Suisse Garantie doivent être élevées ou empotées en Suisse. Sont inclus la principauté du Liechtenstein ainsi que les enclaves douanières (Büsingen) | F53: =Source!D706 -> crit.
A54: =Source!D465 -> RG 3.1.1 & RS 3.2.1 | B54: =Source!D553 -> PER ou exigences comparables:
B55: =Source!D554 -> L'exploitation remplit au moins quatre des huit points listés ci-dessous concernant les exigences PER (Les entreprises sans cultures de plein champ doivent remplir 3 des 8 points): | F55: =Source!D707 -> crit.
C56: =Source!D595 -> Une fumure basée sur des analyses de sol et sur des chiffres reconnus de consommation si disponibles (SwissGAP Horti, Chap. 5 rempli).
C57: =Source!D596 -> Preuve de surfaces de promotion de la biodiversité
C58: =Source!D597 -> Chapitres 12 SwissGAPHorticulture rempli
C59: =Source!D598 -> La qualité des surfaces de promotion de la biodiversité correspond aux exigences
C60: =Source!D599 -> Preuve d’une rotation des cultures adéquate (SGAP Horti, PC 3.1 rempli)
C61: =Source!D600 -> Preuve de mesures pour la protection du sol
C62: =Source!D601 -> Chapitre 3 des directives SwissGAPHorticulture rempli
C63: =Source!D602 -> Les surfaces en friche et surfaces entre les cultures sont ensemencées ou recouvertes avec du mulch à au moins 50 % pendant la période hivernale
C64: =Source!D603 -> 50 % des cultures qui se prêtent à l'ensemencement sont ensemencées ou recouvertes d'un paillis.
C65: =Source!D604 -> Preuve d’une utilisation raisonnée des produits phytosanitaires (SwissGAP Horti, Chap. 7 + 8 rempli)
C66: =Source!D605 -> Preuve d’une irrigation adaptée (2 remplis de 4)
C67: =Source!D606 -> Utilisation des sources d’eau suivantes (nappe phréatique, eau de rivière, eau de pluie)
... C72: =Source!D611 -> Preuve d’un concept pour l’évacuation des déchets et d’un système de management environnemental (SwissGAP Horti, Chap. 11 rempli)
A73: =Source!D466 -> Art. | B73: =Source!D555 -> Objet du contrôle | E73: =Source!D661 -> Preuve / non-conformité | F73: =Source!D708 -> rempli | H73: =Source!D758 -> Pas appli-cable | I73: =Source!D773 -> Pres. + N°
F74: =Source!D709 -> oui | G74: =Source!D737 -> non | I74: =Source!D768 -> (NER)
A75: =Source!D467 -> RG 3.1.1 & RS 3.2.1 | B75: =Source!D556 -> Intervention d’org. génétiquement modifiés:
B76: =Source!D557 -> Les produits végétaux proviennent de la culture de plantes génétiquement non modifiées. Aucun composant OGM soumis à déclaration ne peut être utilisé à quelconque stade de la production ou de la transformation. | F76: =Source!D710 -> crit.
A78: =Source!D468 -> C. Exigences sectorielles spécifiques
A79: =Source!D469 -> Exigences au niveau de la production de plantes d'ornement et plantes de pépinières
A80: =Source!D470 -> Art. | B80: =Source!D558 -> Objet du contrôle | E80: =Source!D662 -> Preuve / non-conformité | F80: =Source!D711 -> rempli | H80: =Source!D759 -> Pas appli-cable | I80: =Source!D775 -> Pres. + N°
F81: =Source!D712 -> oui | G81: =Source!D738 -> non | I81: =Source!D768 -> (NER)
A82: =Source!D471 -> RS 3.2.2 | B82: =Source!D559 -> Le standard SwissGAP Horticulture est rempli. | F82: =Source!D710 -> crit.
A83: =Source!D472 -> RS 3.2.2 | B83: =Source!D560 -> La qualité des plantes issues des pépinières doit correspondre aux exigences de qualité pour plantes issues de pépinières de JardinSuisse (www.jardinsuisse.ch). | F83: =Source!D714 -> nc
A84: =Source!D473 -> Exigences pour la transformation et la vente
A85: =Source!D474 -> Art. | B85: =Source!D561 -> Objet du contrôle | E85: =Source!D663 -> Preuve / non-conformité | F85: =Source!D715 -> rempli | H85: =Source!D760 -> Pas appli-cable | I85: =Source!D777 -> Pres. + N°
F86: =Source!D716 -> oui | G86: =Source!D739 -> non | I86: =Source!D768 -> (NER)
A87: =Source!D475 -> RG 3.1.1 & RS 3.3.1 | B87: =Source!D562 -> Transformation en Suisse:
B88: =Source!D563 -> La transformation doit avoir lieu entièrement en Suisse. (incl. FL et l'enclave douanière de Büsingen) | F88: =Source!D717 -> crit.
B89: =Source!D564 -> Les produits utilisés pour la transformation sont certifiés et portent la marque Suisse Garantie. | F89: =Source!D718 -> crit.
B90: =Source!D565 -> 0 | F90: =Source!D719 -> crit.
B91: =Source!D566 -> La part de matériel de décoration d’origine végétale qui ne correspond pas aux exigences Suisse Garantie ne dépasse pas 10 % du prix du produit fini. | F91: =Source!D720 -> crit.
A92: =Source!D477 -> RG 3.1.1 & RS 3.3.1 | B92: =Source!D567 -> Système de management de la qualité:
B93: =Source!D568 -> Le système de management de la qualité est assuré par la directive SwissGAP Horticulture. | F93: =Source!D721 -> nc
A94: =Source!D478 -> D. Traçabilité qualitative dans l’entreprise
A95: =Source!D479 -> Ce contrôle n’est pas nécessaire si toutes les matières premières utilisées dans l’entreprise satisfont aux exigences Suisse Garantie
A96: =Source!D480 -> Étape de production | C96: =Source!D616 -> Exemple(s) | E96: =Source!D665 -> Preuve / Justificatifs | G96: =Source!D741 -> complet | H96: =Source!D761 -> Pas complet, manque d’enregistrements | I96: =Source!D779 -> Pres. + N° (NER)
A98: =Source!D481 -> Vente
A102: =Source!D482 -> Réception / Achat
A104: =Source!D483 -> Remarques:
A105: =Source!D484 -> Art. | B105: =Source!D570 -> Objet du contrôle | E105: =Source!D666 -> Preuve / non-conformité | F105: =Source!D722 -> rempli | H105: =Source!D762 -> Pas appli-cable | I105: =Source!D780 -> Pres. + N°
F106: =Source!D723 -> oui | G106: =Source!D739 -> non | I106: =Source!D768 -> (NER)
A107: =Source!D485 -> RG 3.1.1 | B107: =Source!D571 -> Résultat de la traçabilité qualitative:
B108: =Source!D572 -> Les produits Suisse Garantie sont séparés physiquement des autres produits, respectivement sont marqués en conséquence. | F108: =Source!D724 -> crit.
A110: =Source!D486 -> E. Traçabilité quantitative (contrôle du flux de marchandises)
A112: =Source!D487 -> Art. | B112: =Source!D573 -> Objet du contrôle | E112: =Source!D667 -> Preuve / non-conformité | F112: =Source!D725 -> rempli | H112: =Source!D763 -> Pas appli-cable | I112: =Source!D782 -> Pres. + N°
F113: =Source!D726 -> oui | G113: =Source!D740 -> non | I113: =Source!D768 -> (NER)
A114: =Source!D488 -> RG 3.1.1 | B114: =Source!D574 -> Un contrôle des flux de marchandises est-il réalisable lors de l’application des mesures assurant la traçabilité de la qualité? | F114: =Source!D727 -> crit.
...

Sheet Bemerk_Verbesserungen_Korrektur
A2: KP | B2: Sprache | C2: Anforderungen_falsch | D2: Anforderungen_angepasst | E2: Interpretation_falsch | F2: Interpretation_angepasst | G2: U-doku_falsch | H2: U-Doku angepasst | I2: Bemerkung
A3: 10.1.3 | G3: Risikoanalyse Wasser (RL) | H3: Risikoanalyse Wasser (CL) | I3: RL ist falsch: in D/F korrigiert
A4: 1.1.1 | B4: F | C4: Tous les nouveaux requérants doivent avoir établi des enregistrements complets au moins 3 mois avant le délai d'inspection. | D4: Tous les nouveaux requérants doivent avoir établi des enregistrements complets au moins 3 mois avant le premier audit. | I4: korrigiert
A5: 2.2.2 | B5: F | C5: Sur demande, le producteur peut prouver, en plus des exigences du point 2.2.1, que le matériel de multiplication acquis au cours des 24 derniers mois l'a été en conformité avec les droits de propriété intellectuelle nationaux.Sur demande, le producteur peut prouver, en plus des exigences du point 2.2.1, que le matériel de multiplication acquis au cours des 24 derniers mois l'a été en conformité avec les droits de propriété intellectuelle nationaux. | D5: Sur demande, le producteur peut prouver, en plus des exigences du point 2.2.1, que le matériel de multiplication acquis au cours des 24 derniers mois l'a été en conformité avec les droits de propriété intellectuelle nationaux. | I5: korrigiert: Satz war doppelt eingetragen
A6: Intro | B6: D/F | D6: Text in Zelle 32 korrigiert | I6: korrigiert
A7: Deklaration 2 | B7: D/F | C7: Kap. 12: Kolonne D: 12.1 - 12.5 | D7: neu: 12.1 - 12.3, in CL die Formeln korrigieren | I7: korrigiert
A8: Deklaration 3 | B8: D/F | C8: Allgemeine Verantwortung: Kolonne Meisterprüfung löschen und nur 1 Kolonne für Berufsausweis oder höhere ausildung für Dünger und PSM Zeilen für Anwender und Geräte einfügen | I8: korrigiert
A9: AuditInfo | B9: D/F | C9: Unter "Audit": 2 Linien Auditierte löschen und Bemerkungen nach Unterschrift, so dass bis Unterschrift alles auf eine Seite passt. Inspektor durch Auditor ersetzen
A10: Deklaration 2 | B10: D/F | C10: Kap. 3: Kolonne D: 3.1 - 3.5 | D10: neu: 3.1 - 3.3, in CL die Formeln korrigieren | I10: korrigiert
A11: CL Suise Garantie | B11: D/F | C11: Die Resultate der Empfehlungen werden für die ÖLN-Anforderungen in der CL SGA mitgezählt. Da diese freiwillig sind, müssen sie aus der Forme rausgenommen werden: Siehe mail B. Dreier | I11: korrigiert
A12: CL Suise Garantie | B12: D/F | C12: Feld für Bemerkungen gentechrei (KP 3.1.1/3.2.1) ist bockiert | D12: Feld freigeben | I12: korrigiert
A13: Deklararion 1 | B13: D/F | C13: beim Paralleleigentum funktioniert das Ankreuzen von Ja und Nein nicht richtig funktioniert, da die Gruppen verlinkt sind | D13: Ja / Nein soll nur pro Linie verlinkt sein | I13: korrigiert
A14: Druckversion | C14: Wenn CL nur auf "Nein" gefiltert wird, so werden die Punkte auf mehreren Seiten usgedruckt | D14: Druckansicht für das Gesamtdokument eingestellt und sollte nicht geändert werden. Lösung: Vor dem Drucken die Druckeinstellungen auswählen "Blatt auf einer Seite darstellen" | I14: Lösung umsetzten = korrigiert

Sheet Source
E1: Deutsch | F1: Français
D2: English | E2: German | F2: French | G2: Spanish | H2: Italian | I2: Africans | J2: Greek | K2: ="Sort "&D2 -> Sort English | L2: ="Sort "&E2 -> Sort German | M2: ="Sort "&F2 -> Sort French | N2: ="Sort "&G2 -> Sort Spanish | O2: ="Sort "&H2 -> Sort Italian | P2: ="Sort "&I2 -> Sort Africans | Q2: ="Sort "&J2 -> Sort Greek | R2: Selected
C3: Language | R3: de
C4: en | D4: English | E4: Englisch | F4: anglais | G4: inglés
C5: de | D5: German | E5: Deutsch | F5: allemand | G5: alemán
C6: fr | D6: French | E6: Französisch | F6: français | G6: francés
C7: es | D7: Spanish | E7: Spanisch | F7: espagnol | G7: español
C10: Country | R10: XXX
C11: XXX | D11: <select> | E11: <Bitte wählen> | F11: <Choissisez> | G11: <Por Favor Seleccione> | R11: XXX
C12: EGY | D12: Egypt | E12: Ägypten | F12: Égypte | G12: Egipto
C13: ALA | D13: Åland Isl. | E13: Åland-Inseln | F13: Îles Åland | G13: Islas Åland
C14: ALB | D14: Albania | E14: Albanien | F14: Albanie | G14: Albania
C15: DZA | D15: Algeria | E15: Algerien | F15: Algérie | G15: Argelia
C16: AND | D16: Andorra | E16: Andorra | F16: Andorre | G16: Andorra
C17: AGO | D17: Angola | E17: Angola | F17: Angola | G17: Angola
C18: AIA | D18: Anguilla | E18: Anguilla | F18: Anguilla | G18: Anguilla
C19: ATA | D19: Antarctica | E19: Antarktis | F19: Antarctique | G19: Antartida
C20: ATG | D20: Antigua/Barbuda | E20: Antigua und Barbuda | F20: Antigua-et-Barbuda | G20: Antigua y Barbuda
C21: GNQ | D21: Equatorial Guinea | E21: Äquatorialguinea | F21: Guinée Équatoriale | G21: Guinea Ecuatorial
C22: ARG | D22: Argentina | E22: Argentinien | F22: Argentine | G22: Argentina
C23: ARM | D23: Armenia | E23: Armenien | F23: Arménie | G23: Armenia
... C252: CYP | D252: Cyprus | E252: Zypern | F252: Chypre | G252: Chipre
C255: checkbox and optionbuttons captions
D256: (same as Farm address) | E256: (gleich wie Betriebsadresse) | F256: (égale à l'adresse de l'exploitation) | G256: (iguales que la dirección de la granja)
D257: Farm with production | E257: Betrieb mit eigener Produktion | F257: Exploitation avec production | G257: Sí
D258: Farm without production (trade) | E258: Betrieb ohne Produktion (Handel) | F258: Exploitation sans production (entreprise commerciale) | G258: No
C261: AuditLocations
C262: 0 | D262: <all> | E262: <Alle> | F262: <tous> | G262: <todos>
C263: 21 | D263: <no answer> | E263: <unbeantwortet> | F263: <sans réponse>
C264: 22 | D264: <non compliant> | E264: <nicht erfüllt> | F264: <non remplie>
C265: 1 | D265: Office | E265: Büro | F265: bureau | G265: Office
C266: 2 | D266: Handling | E266: Verarbeitung | F266: manutention | G266: Handling
C267: 3 | D267: Field | E267: Feld | F267: champs | G267: Field
C268: 4 | D268: CPP store | E268: Pflanzenschutzmittellager | F268: stock des produits phyto | G268: CPP store
C269: 5 | D269: Fertiliser store | E269: Düngerlager | F269: stock d'engrais | G269: Fertiliser store
C270: 6 | D270: Company area | E270: Betriebsgelände | F270: terrain de l'exploitation | G270: Company area
C271: '1 Row Checklist
C272: 1 | D272: No | E272: Nr | F272: N° | G272: no
C273: 12 | D273: Yes | E273: Ja | F273: oui | G273: Sí
C274: 13 | D274: No | E274: Nein | F274: non | G274: No
C275: 14 | D275: N/A | E275: N/A | F275: N/A | G275: N/A
C276: 15 | D276: Audit Location | E276: Auswahl | F276: Sélection | G276: Audit Location
D278: =IF('Audit Info'!$E$1="Deutsch",Source!E278,Source!F278) -> Oui | E278: Ja | F278: Oui
D279: =IF('Audit Info'!$E$1="Deutsch",Source!E279,Source!F279) -> Non | E279: Nein | F279: Non
D280: =IF('Audit Info'!$E$1="Deutsch",Source!E280,Source!F280) -> Oui(D) | E280: Ja(D) | F280: Oui(D)
D281: =IF('Audit Info'!$E$1="Deutsch",Source!E281,Source!F281) -> N/A(D) | E281: N/A(D) | F281: N/A(D)
C283: 'A column Audit Info
C284: 1 | D284: =IF('Audit Info'!$E$1="Deutsch",Source!E284,Source!F284) -> Entreprise | E284: Firma | F284: Entreprise | G284: Company
C285: 12 | D285: =IF('Audit Info'!$E$1="Deutsch",Source!E285,Source!F285) -> Contact | E285: Kontakt | F285: Contact | G285: Contact
C286: 19 | D286: =IF('Audit Info'!$E$1="Deutsch",Source!E286,Source!F286) -> Audit | E286: Audit | F286: Audit | G286: Audit
C287: 27 | D287: =IF('Audit Info'!$E$1="Deutsch",Source!E287,Source!F287) -> Remarques | E287: Bemerkungen | F287: Remarques | G287: Remarks
C289: 2 | D289: =IF('Audit Info'!$E$1="Deutsch",Source!E289,Source!F289) -> N° d'enregistrement | E289: Registrierungsnummer | F289: N° d'enregistrement
C290: 4 | D290: =IF('Audit Info'!$E$1="Deutsch",Source!E290,Source!F290) -> Nom | E290: Name | F290: Nom
C291: 5 | D291: =IF('Audit Info'!$E$1="Deutsch",Source!E291,Source!F291) -> Adresse | E291: Adresse | F291: Adresse
C292: 6 | D292: =IF('Audit Info'!$E$1="Deutsch",Source!E292,Source!F292) -> Code postal | E292: PLZ | F292: Code postal
C293: 7 | D293: =IF('Audit Info'!$E$1="Deutsch",Source!E293,Source!F293) -> Lieu | E293: Ort | F293: Lieu
C294: 8 | D294: =IF('Audit Info'!$E$1="Deutsch",Source!E294,Source!F294) -> Canton | E294: Kanton | F294: Canton
C295: 9 | D295: =IF('Audit Info'!$E$1="Deutsch",Source!E295,Source!F295) -> Type d'exploitation | E295: Betriebstyp | F295: Type d'exploitation
C296: 10 | D296: =IF('Audit Info'!$E$1="Deutsch",Source!E296,Source!F296) -> Surface des cultures | E296: Kulturfläche | F296: Surface des cultures
C297: 13 | D297: =IF('Audit Info'!$E$1="Deutsch",Source!E297,Source!F297) -> Prénom | E297: Vorname | F297: Prénom
C298: 14 | D298: =IF('Audit Info'!$E$1="Deutsch",Source!E298,Source!F298) -> Nom | E298: Nachname | F298: Nom | G298: país
C299: 15 | D299: =IF('Audit Info'!$E$1="Deutsch",Source!E299,Source!F299) -> Fonction | E299: Funktion | F299: Fonction
C300: 16 | D300: =IF('Audit Info'!$E$1="Deutsch",Source!E300,Source!F300) -> Téléphone | E300: Telefon | F300: Téléphone
C301: 17 | D301: =IF('Audit Info'!$E$1="Deutsch",Source!E301,Source!F301) -> Mobile | E301: Mobiltelefon | F301: Mobile
C302: 18 | D302: =IF('Audit Info'!$E$1="Deutsch",Source!E302,Source!F302) -> e-mail | E302: e-mail | F302: e-mail
C303: 20 | D303: =IF('Audit Info'!$E$1="Deutsch",Source!E303,Source!F303) -> Standards | E303: Standards | F303: Standards
C304: 21 | D304: =IF('Audit Info'!$E$1="Deutsch",Source!E304,Source!F304) -> Audités | E304: Auditierte | F304: Audités
C305: 24 | D305: =IF('Audit Info'!$E$1="Deutsch",Source!E305,Source!F305) -> Auditeur | E305: Auditor | F305: Auditeur
C306: 25 | D306: =IF('Audit Info'!$E$1="Deutsch",Source!E306,Source!F306) -> Tél. Auditeur | E306: Telefon Auditor | F306: Tél. Auditeur
D307: =IF('Audit Info'!$E$1="Deutsch",Source!E307,Source!F307) -> Durée autres labels | E307: Dauer andere Labels | F307: Durée autres labels
C308: 26 | D308: =IF('Audit Info'!$E$1="Deutsch",Source!E308,Source!F308) -> Non-conformité(s) | E308: nicht erfüllte Punkte | F308: Non-conformité(s)
D309: =IF('Audit Info'!$E$1="Deutsch",Source!E309,Source!F309) -> PC Major | E309: KP Major | F309: PC Major
D310: =IF('Audit Info'!$E$1="Deutsch",Source!E310,Source!F310) -> PC Minor | E310: KP Minor | F310: PC Minor
C311: 29 | D311: =IF('Audit Info'!$E$1="Deutsch",Source!E311,Source!F311) -> Les signataires confirment avec leur signature l'exactitude des informations faites dans cette checkliste. | E311: Die Unterzeichnenden bestätigen mit ihrer Unterschrift die Korrektheit der in dieser Checkliste aufgezeichneten Ergebnisse. | F311: Les signataires confirment avec leur signature l'exactitude des informations faites dans cette checkliste.
C312: 30 | D312: =IF('Audit Info'!$E$1="Deutsch",Source!E312,Source!F312) -> Signature exploitation | E312: Unterschrift Betrieb | F312: Signature exploitation
C313: 31 | D313: =IF('Audit Info'!$E$1="Deutsch",Source!E313,Source!F313) -> Signature inspecteur | E313: Unterschrift Inspektor | F313: Signature inspecteur
D314: =IF('Audit Info'!$E$1="Deutsch",Source!E314,Source!F314) -> Exploitation avec production | E314: Betrieb mit eigener Produktion | F314: Exploitation avec production
D315: =IF('Audit Info'!$E$1="Deutsch",Source!E315,Source!F315) -> Exploitation sans production (entreprise commerciale) | E315: Betrieb ohne Produktion (Handel) | F315: Exploitation sans production (entreprise commerciale)
C317: 3 | D317: =IF('Audit Info'!$E$1="Deutsch",Source!E317,Source!F317) -> Exploitation: | E317: Betrieb: | F317: Exploitation:
C318: 10 | D318: =IF('Audit Info'!$E$1="Deutsch",Source!E318,Source!F318) -> production en pleine terre | E318: Freiland | F318: production en pleine terre
C319: 11 | D319: =IF('Audit Info'!$E$1="Deutsch",Source!E319,Source!F319) -> production sous abri | E319: geschützer Anbau | F319: production sous abri
C321: 3 | D321: =IF('Audit Info'!$E$1="Deutsch",Source!E321,Source!F321) -> Adresse postale / Lieu principal | E321: Postanschrift / Hauptsitz | F321: Adresse postale / Lieu principal
D322: =IF('Audit Info'!$E$1="Deutsch",Source!E322,Source!F322) -> (égale à l'adresse de l'exploitation) | E322: (gleich wie Betriebsadresse) | F322: (égale à l'adresse de l'exploitation)
C323: 20 | D323: =IF('Audit Info'!$E$1="Deutsch",Source!E323,Source!F323) -> Type d'audit | E323: Audittyp | F323: Type d'audit
C324: 21 | D324: =IF('Audit Info'!$E$1="Deutsch",Source!E324,Source!F324) -> Fonction | E324: Funktion | F324: Fonction
C325: 24 | D325: =IF('Audit Info'!$E$1="Deutsch",Source!E325,Source!F325) -> Date | E325: Datum | F325: Date
C326: 25 | D326: =IF('Audit Info'!$E$1="Deutsch",Source!E326,Source!F326) -> Durée [h] | E326: Dauer [h] | F326: Durée [h]
C328: 20 | D328: =IF('Audit Info'!$E$1="Deutsch",Source!E328,Source!F328) -> auto-contrôle audit externe | E328: Selbstkontrolle Externes Audit | F328: auto-contrôle audit externe
D330: =IF('Audit Info'!$E$1="Deutsch",Source!E330,Source!F330) -> annoncé non-annoncé | E330: angemeldet unangemeldet | F330: annoncé non-annoncé
D332: =IF('Audit Info'!$E$1="Deutsch",Source!E332,Source!F332) -> Audités / Liste des sigles de la checkliste | E332: Auditierte / Kürzelverzeichnis der Checkliste | F332: Audités / Liste des sigles de la checkliste
D333: =IF('Audit Info'!$E$1="Deutsch",Source!E333,Source!F333) -> Nom/Prénom | E333: Name/Vorname | F333: Nom/Prénom
D334: =IF('Audit Info'!$E$1="Deutsch",Source!E334,Source!F334) -> Fonction | E334: Funktion | F334: Fonction
D335: =IF('Audit Info'!$E$1="Deutsch",Source!E335,Source!F335) -> Sigle | E335: Kürzel | F335: Sigle
D336: =IF('Audit Info'!$E$1="Deutsch",Source!E336,Source!F336) -> audité(A) vérification documents (D) | E336: auditiert (A) Dokumentenprüfung (D) | F336: audité(A) vérification documents (D)
C339: 'A column Resultat
C340: 1 | D340: =IF('Audit Info'!$E$1="Deutsch",Source!E340,Source!F340) -> Résultat de la checkliste SwissGAP horticulture | E340: Auswertung der Checkliste SwissGAP Hortikultur | F340: Résultat de la checkliste SwissGAP horticulture
C341: 3 | D341: =IF('Audit Info'!$E$1="Deutsch",Source!E341,Source!F341) -> Exploitation: | E341: Betrieb: | F341: Exploitation:
C342: 5 | D342: =IF('Audit Info'!$E$1="Deutsch",Source!E342,Source!F342) -> Calcul original après la fin de l'audit | E342: Berechnung nach Abschluss des Audits | F342: Calcul original après la fin de l'audit
D343: =IF('Audit Info'!$E$1="Deutsch",Source!E343,Source!F343) -> Calcul révisé après la clôture des poits non-conformes | E343: Überarbeitete Berechnung nach Abschluss der Abweichungen | F343: Calcul révisé après la clôture des poits non-conformes
C344: 6 | D344: =IF('Audit Info'!$E$1="Deutsch",Source!E344,Source!F344) -> Dans la checkliste informatique le résultat est calculé automatiquement. | E344: Bei der elektronischen Checkliste erfolgt diese Auswertung automatisch. | F344: Dans la checkliste informatique le résultat est calculé automatiquement.
...

Sheet Source PD
E1: Deutsch | F1: Français
D2: English | E2: German | F2: French | G2: Spanish | H2: Italian | I2: Africans | J2: Greek | K2: ="Sort "&D2 -> Sort English | L2: ="Sort "&E2 -> Sort German | M2: ="Sort "&F2 -> Sort French | N2: ="Sort "&G2 -> Sort Spanish | O2: ="Sort "&H2 -> Sort Italian | P2: ="Sort "&I2 -> Sort Africans | Q2: ="Sort "&J2 -> Sort Greek | R2: Selected
C3: Language | R3: de
C4: en | D4: English | E4: Englisch | F4: anglais | G4: inglés
C5: de | D5: German | E5: Deutsch | F5: allemand | G5: alemán
C6: fr | D6: French | E6: Französisch | F6: français | G6: francés
C7: es | D7: Spanish | E7: Spanisch | F7: espagnol | G7: español
C10: Country | R10: XXX
C11: XXX | D11: <select> | E11: <Bitte wählen> | F11: <Choissisez> | G11: <Por Favor Seleccione> | R11: XXX
C12: EGY | D12: Egypt | E12: Ägypten | F12: Égypte | G12: Egipto
C13: ALA | D13: Åland Isl. | E13: Åland-Inseln | F13: Îles Åland | G13: Islas Åland
C14: ALB | D14: Albania | E14: Albanien | F14: Albanie | G14: Albania
C15: DZA | D15: Algeria | E15: Algerien | F15: Algérie | G15: Argelia
C16: AND | D16: Andorra | E16: Andorra | F16: Andorre | G16: Andorra
C17: AGO | D17: Angola | E17: Angola | F17: Angola | G17: Angola
C18: AIA | D18: Anguilla | E18: Anguilla | F18: Anguilla | G18: Anguilla
C19: ATA | D19: Antarctica | E19: Antarktis | F19: Antarctique | G19: Antartida
C20: ATG | D20: Antigua/Barbuda | E20: Antigua und Barbuda | F20: Antigua-et-Barbuda | G20: Antigua y Barbuda
C21: GNQ | D21: Equatorial Guinea | E21: Äquatorialguinea | F21: Guinée Équatoriale | G21: Guinea Ecuatorial
C22: ARG | D22: Argentina | E22: Argentinien | F22: Argentine | G22: Argentina
C23: ARM | D23: Armenia | E23: Armenien | F23: Arménie | G23: Armenia
... C252: CYP | D252: Cyprus | E252: Zypern | F252: Chypre | G252: Chipre
C255: checkbox and optionbuttons captions
D256: (same as Farm address) | E256: (gleich wie Betriebsadresse) | F256: (égale à l'adresse de l'exploitation) | G256: (iguales que la dirección de la granja)
D257: Farm with production | E257: Betrieb mit eigener Produktion | F257: Exploitation avec production | G257: Sí
D258: Farm without production (trade) | E258: Betrieb ohne Produktion (Handel) | F258: Exploitation sans production (entreprise commerciale) | G258: No
C261: AuditLocations
C262: 0 | D262: <all> | E262: <Alle> | F262: <tous> | G262: <todos>
C263: 21 | D263: <no answer> | E263: <unbeantwortet> | F263: <sans réponse>
C264: 22 | D264: <non compliant> | E264: <nicht erfüllt> | F264: <non remplie>
C265: 1 | D265: Office | E265: Büro | F265: bureau | G265: Office
C266: 2 | D266: Handling | E266: Verarbeitung | F266: manutention | G266: Handling
C267: 3 | D267: Field | E267: Feld | F267: champs | G267: Field
C268: 4 | D268: CPP store | E268: Pflanzenschutzmittellager | F268: stock des produits phyto | G268: CPP store
C269: 5 | D269: Fertiliser store | E269: Düngerlager | F269: stock d'engrais | G269: Fertiliser store
C270: 6 | D270: Company area | E270: Betriebsgelände | F270: terrain de l'exploitation | G270: Company area
C271: '1 Row Checklist
C272: 1 | D272: No | E272: Nr | F272: N° | G272: no
C273: 12 | D273: Yes | E273: Ja | F273: oui | G273: Sí
C274: 13 | D274: No | E274: Nein | F274: non | G274: No
C275: 14 | D275: N/A | E275: N/A | F275: N/A | G275: N/A
C276: 15 | D276: Audit Location | E276: Auswahl | F276: Sélection | G276: Audit Location
C301: 'A column Audit Info
C302: 1 | D302: =IF('Audit Info'!$E$1="Deutsch",'Source PD'!E302,'Source PD'!F302) -> Entreprise | E302: Firma | F302: Entreprise | G302: Company
C303: 12 | D303: =IF('Audit Info'!$E$1="Deutsch",'Source PD'!E303,'Source PD'!F303) -> Contact | E303: Kontakt | F303: Contact | G303: Contact
C304: 19 | D304: =IF('Audit Info'!$E$1="Deutsch",'Source PD'!E304,'Source PD'!F304) -> Audit | E304: Audit | F304: Audit | G304: Audit
C305: 27 | D305: =IF('Audit Info'!$E$1="Deutsch",'Source PD'!E305,'Source PD'!F305) -> Remarques | E305: Bemerkungen | F305: Remarques | G305: Remarks
C308: 'B column Audit Info
C309: 2 | D309: =IF('Audit Info'!$E$1="Deutsch",'Source PD'!E309,'Source PD'!F309) -> N° d'enregistrement | E309: Registrierungsnummer | F309: N° d'enregistrement
C310: 4 | D310: =IF('Audit Info'!$E$1="Deutsch",'Source PD'!E310,'Source PD'!F310) -> Nom | E310: Name | F310: Nom
C311: 5 | D311: =IF('Audit Info'!$E$1="Deutsch",'Source PD'!E311,'Source PD'!F311) -> Adresse | E311: Adresse | F311: Adresse
C312: 6 | D312: =IF('Audit Info'!$E$1="Deutsch",'Source PD'!E312,'Source PD'!F312) -> Code postal | E312: PLZ | F312: Code postal
C313: 7 | D313: =IF('Audit Info'!$E$1="Deutsch",'Source PD'!E313,'Source PD'!F313) -> Lieu | E313: Ort | F313: Lieu
C314: 8 | D314: =IF('Audit Info'!$E$1="Deutsch",'Source PD'!E314,'Source PD'!F314) -> Canton | E314: Kanton | F314: Canton
C315: 9 | D315: =IF('Audit Info'!$E$1="Deutsch",'Source PD'!E315,'Source PD'!F315) -> Type d'exploitation | E315: Betriebstyp | F315: Type d'exploitation
C316: 10 | D316: =IF('Audit Info'!$E$1="Deutsch",'Source PD'!E316,'Source PD'!F316) -> Surface des cultures | E316: Kulturfläche | F316: Surface des cultures
C317: 13 | D317: =IF('Audit Info'!$E$1="Deutsch",'Source PD'!E317,'Source PD'!F317) -> Prénom | E317: Vorname | F317: Prénom
C318: 14 | D318: =IF('Audit Info'!$E$1="Deutsch",'Source PD'!E318,'Source PD'!F318) -> Nom | E318: Nachname | F318: Nom | G318: país
C319: 15 | D319: =IF('Audit Info'!$E$1="Deutsch",'Source PD'!E319,'Source PD'!F319) -> Fonction | E319: Funktion | F319: Fonction
C320: 16 | D320: =IF('Audit Info'!$E$1="Deutsch",'Source PD'!E320,'Source PD'!F320) -> Téléphone | E320: Telefon | F320: Téléphone
C321: 17 | D321: =IF('Audit Info'!$E$1="Deutsch",'Source PD'!E321,'Source PD'!F321) -> Mobile | E321: Mobiltelefon | F321: Mobile
C322: 18 | D322: =IF('Audit Info'!$E$1="Deutsch",'Source PD'!E322,'Source PD'!F322) -> e-mail | E322: e-mail | F322: e-mail
C323: 20 | D323: =IF('Audit Info'!$E$1="Deutsch",'Source PD'!E323,'Source PD'!F323) -> Standards | E323: Standards | F323: Standards
C324: 21 | D324: =IF('Audit Info'!$E$1="Deutsch",'Source PD'!E324,'Source PD'!F324) -> Audités | E324: Auditierte | F324: Audités
C325: 24 | D325: =IF('Audit Info'!$E$1="Deutsch",'Source PD'!E325,'Source PD'!F325) -> Inspecteur | E325: Inspektor | F325: Inspecteur
C326: 25 | D326: =IF('Audit Info'!$E$1="Deutsch",'Source PD'!E326,'Source PD'!F326) -> Tél. Inspecteur | E326: Telefon Inspektor | F326: Tél. Inspecteur
C327: 26 | D327: =IF('Audit Info'!$E$1="Deutsch",'Source PD'!E327,'Source PD'!F327) -> Non-conformité(s) | E327: nicht erfüllte Punkte | F327: Non-conformité(s)
C328: 29 | D328: =IF('Audit Info'!$E$1="Deutsch",'Source PD'!E328,'Source PD'!F328) -> Les signataires confirment avec leur signature l'exactitude des informations faites dans cette checkliste. | E328: Die Unterzeichnenden bestätigen mit ihrer Unterschrift die Korrektheit der in dieser Checkliste aufgezeichneten Ergebnisse. | F328: Les signataires confirment avec leur signature l'exactitude des informations faites dans cette checkliste.
C329: 30 | D329: =IF('Audit Info'!$E$1="Deutsch",'Source PD'!E329,'Source PD'!F329) -> Signature exploitation | E329: Unterschrift Betrieb | F329: Signature exploitation
C330: 31 | D330: =IF('Audit Info'!$E$1="Deutsch",'Source PD'!E330,'Source PD'!F330) -> Signature inspecteur | E330: Unterschrift Inspektor | F330: Signature inspecteur
D331: =IF('Audit Info'!$E$1="Deutsch",'Source PD'!E331,'Source PD'!F331) -> Exploitation avec production | E331: Betrieb mit eigener Produktion | F331: Exploitation avec production
D332: =IF('Audit Info'!$E$1="Deutsch",'Source PD'!E332,'Source PD'!F332) -> Exploitation sans production (entreprise commerciale) | E332: Betrieb ohne Produktion (Handel) | F332: Exploitation sans production (entreprise commerciale)
C335: 'C column Audit Info
C336: 3 | D336: =IF('Audit Info'!$E$1="Deutsch",'Source PD'!E336,'Source PD'!F336) -> Exploitation: | E336: Betrieb: | F336: Exploitation:
C337: 10 | D337: =IF('Audit Info'!$E$1="Deutsch",'Source PD'!E337,'Source PD'!F337) -> production en pleine terre | E337: Freiland | F337: production en pleine terre
C338: 11 | D338: =IF('Audit Info'!$E$1="Deutsch",'Source PD'!E338,'Source PD'!F338) -> production sous abri | E338: geschützer Anbau | F338: production sous abri
C340: 'D column Audit Info
C341: 3 | D341: =IF('Audit Info'!$E$1="Deutsch",'Source PD'!E341,'Source PD'!F341) -> Adresse postale / Lieu principal | E341: Postanschrift / Hauptsitz | F341: Adresse postale / Lieu principal
D342: =IF('Audit Info'!$E$1="Deutsch",'Source PD'!E342,'Source PD'!F342) -> (égale à l'adresse de l'exploitation) | E342: (gleich wie Betriebsadresse) | F342: (égale à l'adresse de l'exploitation)
C343: 20 | D343: =IF('Audit Info'!$E$1="Deutsch",'Source PD'!E343,'Source PD'!F343) -> Type | E343: Typ | F343: Type
C344: 21 | D344: =IF('Audit Info'!$E$1="Deutsch",'Source PD'!E344,'Source PD'!F344) -> Fonction | E344: Funktion | F344: Fonction
C345: 24 | D345: =IF('Audit Info'!$E$1="Deutsch",'Source PD'!E345,'Source PD'!F345) -> Date | E345: Datum | F345: Date
C346: 25 | D346: =IF('Audit Info'!$E$1="Deutsch",'Source PD'!E346,'Source PD'!F346) -> Durée [h] | E346: Dauer [h] | F346: Durée [h]
C349: 'E column Audit Info
C350: 20 | D350: =IF('Audit Info'!$E$1="Deutsch",'Source PD'!E350,'Source PD'!F350) -> Auto-contrôle Audit externe | E350: Selbstkontrolle Externes Audit | F350: Auto-contrôle Audit externe
C353: 'A column Resultat
C354: 1 | D354: =IF('Audit Info'!$E$1="Deutsch",'Source PD'!E354,'Source PD'!F354) -> Résultat de la checkliste SwissGAP horticulture | E354: Auswertung der Checkliste SwissGAP Hortikultur | F354: Résultat de la checkliste SwissGAP horticulture
C355: 3 | D355: =IF('Audit Info'!$E$1="Deutsch",'Source PD'!E355,'Source PD'!F355) -> Exploitation: | E355: Betrieb: | F355: Exploitation:
C356: 5 | D356: =IF('Audit Info'!$E$1="Deutsch",'Source PD'!E356,'Source PD'!F356) -> Version informatique: | E356: Elektronische Version: | F356: Version informatique:
C357: 6 | D357: =IF('Audit Info'!$E$1="Deutsch",'Source PD'!E357,'Source PD'!F357) -> Dans la checkliste informatique le résultat est calculé automatiquement. | E357: Bei der elektronischen Checkliste erfolgt diese Auswertung automatisch. | F357: Dans la checkliste informatique le résultat est calculé automatiquement.
C358: 8 | D358: =IF('Audit Info'!$E$1="Deutsch",'Source PD'!E358,'Source PD'!F358) -> Version sur papier: | E358: Papierversion: | F358: Version sur papier:
C359: 9 | D359: =IF('Audit Info'!$E$1="Deutsch",'Source PD'!E359,'Source PD'!F359) -> Avec la version sur papier, il faut procéder comme suit: | E359: Bei der Papierversion ist folgendermassen vorzugehen: | F359: Avec la version sur papier, il faut procéder comme suit:
C360: 10 | D360: =IF('Audit Info'!$E$1="Deutsch",'Source PD'!E360,'Source PD'!F360) -> 1. Condition: La checkliste est remplie complètement 2. Pour chaque niveau d'exigence (exigences majeures, exigences mineures, recommandations), additioner le nombre de points de contrôle "non applicable" et introduire dans la colonne (B) du tableau ci-dessous. 3. Soustraire le nombre des points de contrôle "non applicable" (B) du total des critères (A) et introduire le résultat dans la colonne (C). 4. Pour chaque niveau d'exigence, additionner le nombre de points de contrôle avec réponse "non" et introduire le résultat dans la colonne (D). 5. Soustraire le nombre de points de contrôle avec réponse "non" (D) du total des critères applicables (C) et diviser le résultat par celui des critères applicables (C). 6. Introduire le résultat dans la colonne "niveau de conformité atteint" (E) et le comparer avec le niveau de conformité exigé. | E360: 1. Voraussetzung: Checkliste ist vollständig ausgefüllt 2. Für jedes Anforderungsniveau (Kritische -, Nicht-Kritische Muss-Kriterien, Empfehlungen) sind die Anzahl Kontrollpunkte, die mit "nicht anwendbar" beanwortet wurden, separat zusammenzuzählen und in untenstehender Tabelle in die Spalte (B) einzutragen. 3. Die Anzahl "nicht anwendbarer" Kriterien (B) ist vom Total der Kriterien (A) abzuziehen, Resultat in Spalte (C) eintragen. 4. Für jedes Anforderungsniveau sind die Anzahl Kontrollpunkte, die mit "nein" beanwortet wurden, separat zusammenzuzählen und in untenstehender Tabelle in die Spalte (D) einzutragen. 5. Die Anzahl mit "nein" beantworteten Kontrollpunkte (D) vom Total der anwendbaren Kriterien (C) abziehen und das Resultat durch das Total der anwendbaren Kriterien (C) dividieren. 6. Das Ergebnis in Spalte (E), "Erreichter Erfüllungsgrad" eintragen und mit dem geforderten Erfüllungsgrad vergleichen. | F360: 1. Condition: La checkliste est remplie complètement 2. Pour chaque niveau d'exigence (exigences majeures, exigences mineures, recommandations), additioner le nombre de points de contrôle "non applicable" et introduire dans la colonne (B) du tableau ci-dessous. 3. Soustraire le nombre des points de contrôle "non applicable" (B) du total des critères (A) et introduire le résultat dans la colonne (C). 4. Pour chaque niveau d'exigence, additionner le nombre de points de contrôle avec réponse "non" et introduire le résultat dans la colonne (D). 5. Soustraire le nombre de points de contrôle avec réponse "non" (D) du total des critères applicables (C) et diviser le résultat par celui des critères applicables (C). 6. Introduire le résultat dans la colonne "niveau de conformité atteint" (E) et le comparer avec le niveau de conformité exigé.
C361: 12 | D361: =IF('Audit Info'!$E$1="Deutsch",'Source PD'!E361,'Source PD'!F361) -> Niveau | E361: Grad | F361: Niveau
C362: 13 | D362: =IF('Audit Info'!$E$1="Deutsch",'Source PD'!E362,'Source PD'!F362) -> Exigences majeures | E362: Kritische Musskriterien | F362: Exigences majeures
C363: 14 | D363: =IF('Audit Info'!$E$1="Deutsch",'Source PD'!E363,'Source PD'!F363) -> Exigences mineures | E363: Nichtkritische Musskriterien | F363: Exigences mineures
C364: 15 | D364: =IF('Audit Info'!$E$1="Deutsch",'Source PD'!E364,'Source PD'!F364) -> Recommandations: | E364: Empfehlungen | F364: Recommandations:
C365: 16 | D365: =IF('Audit Info'!$E$1="Deutsch",'Source PD'!E365,'Source PD'!F365) -> Total | E365: Total | F365: Total
... C372: 25 | D372: =IF('Audit Info'!$E$1="Deutsch",'Source PD'!E372,'Source PD'!F372) -> Aucun pourcentage minimum de conformité n'est exigé. | E372: Es ist keine Mindesterfüllung festgesetzt. | F372: Aucun pourcentage minimum de conformité n'est exigé.
C374: 'G column Resultat
...

Sheet Source_CL
A1: Nr. SGAP V6 | B1: Level SGAP V6 | C1: Uebernahme KP in CL | D1: Anforderungen SwissGAP Hortikultur V6 | E1: Anforderungen SwissGAP Hortikultur V6_F | F1: Uebernahme Interpretation in CL | G1: Interpretation V6 | H1: Interpretation V6_F | I1: Uebernahme Umsetzungsdokumentation in CL | J1: Umsetzungs-Dokumentation V6 Kontrollvorgabe an Auditor Stand 12.03.2024 | K1: Umsetzungs-Dokumentation V6_F Kontrollvorgabe an Auditor Stand 12.03.2024
A2: 1 | C2: =IF('Audit Info'!$E$1="Deutsch",D2,E2) -> 1. ENREGISTREMENTS GENERAUX | D2: 1. ALLGEMEINE AUFZEICHNUNGEN | E2: 1. ENREGISTREMENTS GENERAUX | F2: =IF('Audit Info'!$E$1="Deutsch",G2,H2) -> 0
A3: 1.1 | C3: =IF('Audit Info'!$E$1="Deutsch",D3,E3) -> 1.1 Historique du site | D3: 1.1 Standortgeschichte | E3: 1.1 Historique du site | F3: =IF('Audit Info'!$E$1="Deutsch",G3,H3) -> 0 | I3: =IF('Audit Info'!$E$1="Deutsch",J3,K3) -> 0
A4: 1.1.1 | B4: ++ | C4: =IF('Audit Info'!$E$1="Deutsch",D4,E4) -> Le producteur doit conserver tous les enregistrements actuels, y compris les enregistrements électroniques, pendant au moins 2 ans à moins que la loi ne prescrive des délais de conservation plus longs. Tous les nouveaux requérants doivent avoir établi des enregistrements complets au moins 3 mois avant le premier audit. Lorsque des enregistrements spécifiques sont manquants, le point de contrôle correspondant n'est pas rempli. | D4: Der Produzent muss alle aktuellen Aufzeichnungen inkl. elektronische Aufzeichungen mindestens 2 Jahre lang aufbewahren, soweit gesetzlich nicht längere Aufbewahrungszeiten vorgeschrieben sind. Alle neuen Antragsteller müssen vollständige Aufzeichnungen für mind. 3 Monate vor dem ersten Audittermin vorlegen können. Wenn einzelne Aufzeichnungen fehlen, ist der davon betroffene Kontrollpunkt nicht erfüllt. | E4: Le producteur doit conserver tous les enregistrements actuels, y compris les enregistrements électroniques, pendant au moins 2 ans à moins que la loi ne prescrive des délais de conservation plus longs. Tous les nouveaux requérants doivent avoir établi des enregistrements complets au moins 3 mois avant le premier audit. Lorsque des enregistrements spécifiques sont manquants, le point de contrôle correspondant n'est pas rempli. | F4: =IF('Audit Info'!$E$1="Deutsch",G4,H4) -> Les producteurs qui s'annoncent pour la première fois doivent présenter des enregistrements pour au moins les 3 derniers mois précédant la première inspection de l'exploitation. | G4: Betriebe, die sich neu anmelden, müssen mindestens für die letzten 3 Monate vor der ersten Betriebsinspektion Aufzeichnungen vorlegen. | H4: Les producteurs qui s'annoncent pour la première fois doivent présenter des enregistrements pour au moins les 3 derniers mois précédant la première inspection de l'exploitation. | I4: =IF('Audit Info'!$E$1="Deutsch",J4,K4) -> Classeur Documentation d'application Auditeur: vérifier les enregistrements | J4: Ordner Umsetzungs-Dokumentation Auditor: Aufzeichnungen prüfen | K4: Classeur Documentation d'application Auditeur: vérifier les enregistrements
A5: 1.1.2 | B5: ++ | C5: =IF('Audit Info'!$E$1="Deutsch",D5,E5) -> Il existe un plan de culture ou un journal de quartier (digital ou sur papier) pour chaque parcelle et chaque serre documentant les mesures de culture. | D5: Für jede Parzelle und jedes Gewächshaus besteht ein Kulturplan/Quartierbuch (digital oder auf Papier), in welchen die Kulturmassnahmen dokumentiert werden. | E5: Il existe un plan de culture ou un journal de quartier (digital ou sur papier) pour chaque parcelle et chaque serre documentant les mesures de culture. | F5: =IF('Audit Info'!$E$1="Deutsch",G5,H5) -> Plan de parcelle/quartier et enregistrements des cultures pour toutes les parcelles et serres. | G5: Parzellen-/Quartierplan und Kulturaufzeichnungen zu allen Parzellen und Gewächshäusern. | H5: Plan de parcelle/quartier et enregistrements des cultures pour toutes les parcelles et serres. | I5: =IF('Audit Info'!$E$1="Deutsch",J5,K5) -> Plan de cultures / Journal de quartier Journal des cultures (FO) Auditeur: vérifier les enregistrements | J5: Kulturplan / Quartierbuch Kulturjournal (FO) Auditor: Aufzeichnungen prüfen | K5: Plan de cultures / Journal de quartier Journal des cultures (FO) Auditeur: vérifier les enregistrements
A6: 1.1.3 | B6: ++ | C6: =IF('Audit Info'!$E$1="Deutsch",D6,E6) -> Chaque champ ou serre est identifié par un code unique, par ex. un numéro, une couleur ou un nom de lieu-dit que l'on retrouve sur tous les enregistrements qui se rapportent à la surface. Il n'est pas obligatoire d'apposer des panneaux sur les surfaces de production si celles-ci sont clairement identifiables au moyen d'un plan. | D6: Jedes Feld oder Gewächshaus ist mit einem einzigartigen Code z.B. einer Nummer, Farbe oder Flurnamen gekennzeichnet, die in allen flächenbezogenen Aufzeichnungen zu finden sind. Eine Beschilderung der Produktionsflächen ist nicht zwingend, wenn diese mittels Plan klar identifizierbar sind. | E6: Chaque champ ou serre est identifié par un code unique, par ex. un numéro, une couleur ou un nom de lieu-dit que l'on retrouve sur tous les enregistrements qui se rapportent à la surface. Il n'est pas obligatoire d'apposer des panneaux sur les surfaces de production si celles-ci sont clairement identifiables au moyen d'un plan. | F6: =IF('Audit Info'!$E$1="Deutsch",G6,H6) -> - | G6: - | H6: - | I6: =IF('Audit Info'!$E$1="Deutsch",J6,K6) -> Plan d'ensemble de l'exploitation Plan de cultures / Journal de quartier Auditeur : contrôle visuel, comparaison avec les enregistrements, description du système | J6: Betriebsübersichtsplan Kulturplan/Quartierbuch Auditor: Visuelle Kontrolle, Vergleich mit Aufzeichnungen, System beschreiben | K6: Plan d'ensemble de l'exploitation Plan de cultures / Journal de quartier Auditeur : contrôle visuel, comparaison avec les enregistrements, description du système
A7: 1.2 | C7: =IF('Audit Info'!$E$1="Deutsch",D7,E7) -> 1.2 Autocontrôle y.c. sous-traitant | D7: 1.2 Selbstkontrolle inkl. Lohnunternehmer | E7: 1.2 Autocontrôle y.c. sous-traitant | F7: =IF('Audit Info'!$E$1="Deutsch",G7,H7) -> 0 | I7: =IF('Audit Info'!$E$1="Deutsch",J7,K7) -> 0
A8: 1.2.1 | B8: ++ | C8: =IF('Audit Info'!$E$1="Deutsch",D8,E8) -> Le producteur peut prouver qu'il effectue chaque année, avant l'audit de l'organe de certification, un autocontrôle relatif au respect des directives de SwissGAP. La check-list SwissGAP a été entièrement remplie (y.c. commentaires en cas de points de contrôle critiques et non critiques non remplis et non applicables) et peut être présentée. | D8: Der Produzent kann nachweisen, dass er jährlich vor dem Audit durch die Zertifizierungsstelle eine Selbstkontrolle auf Einhaltung der SwissGAP-Richtlinien durchführt. Die SwissGAP Checkliste wurde vollständig ausgefüllt (inkl. Kommentare bei nicht erfüllten und nicht anwendbaren kritischen und nicht kritischen Kontrollpunkten) und kann vorgelegt werden. | E8: Le producteur peut prouver qu'il effectue chaque année, avant l'audit de l'organe de certification, un autocontrôle relatif au respect des directives de SwissGAP. La check-list SwissGAP a été entièrement remplie (y.c. commentaires en cas de points de contrôle critiques et non critiques non remplis et non applicables) et peut être présentée. | F8: =IF('Audit Info'!$E$1="Deutsch",G8,H8) -> Des check-lists SwissGAP (autocontrôles) complètement remplies et datées sont disponibles. Elles doivent être disponibles pour les inspections externes. | G8: Komplett ausgefüllte und datierte SwissGAP-Checkliste (Selbstkontrolle) liegt vor. Bei der externen Inspektion muss sie vorliegen. | H8: Des check-lists SwissGAP (autocontrôles) complètement remplies et datées sont disponibles. Elles doivent être disponibles pour les inspections externes. | I8: =IF('Audit Info'!$E$1="Deutsch",J8,K8) -> SwissGAP Horticulture Checklist Auditeur : noter la date à laquelle l'autocontrôle a été terminé | J8: SwissGAP Hortikultur Checkliste Auditor: Datum notieren, an welchem die Selbstkontrolle abgeschlossen wurde | K8: SwissGAP Horticulture Checklist Auditeur : noter la date à laquelle l'autocontrôle a été terminé
A9: 1.2.2 | B9: ++ | C9: =IF('Audit Info'!$E$1="Deutsch",D9,E9) -> Les mesures correctives découlant de l'autocontrôle ont été enregistrées et appliquées. Cela n'est nécessaire que si 100% des critères obligatoires critiques et que 95% des critères obligatoires non critiques ne sont pas remplis, sinon N/A | D9: Korrekturmaßnahmen, die sich aus der Selbstkontrolle ergaben, wurden aufgezeichnet und umgesetzt. Dies ist nur notwendig, wenn nicht 100% der kritischen und 95% der nicht-kritischen Musskriterien erfüllt sind, sonst N/A | E9: Les mesures correctives découlant de l'autocontrôle ont été enregistrées et appliquées. Cela n'est nécessaire que si 100% des critères obligatoires critiques et que 95% des critères obligatoires non critiques ne sont pas remplis, sinon N/A | F9: =IF('Audit Info'!$E$1="Deutsch",G9,H9) -> Des mesures correctives doivent être établies pour tous les critères obligatoires critiques et non critiques si le niveau de suivi exigé n'a pas été rempli. Le formulaire "mesures correctives" disponible dans la documentation d'application peut être utilisé à ce titre. Il n'est pas obligatoire de prendre des mesures correctives pour les recommandations. Si aucune mesure corrective n'est nécessaire, il est possible de répondre par N/A. | G9: Korrekturmassnahmen für alle kritischen und die nicht-kritschen Muss-Kriterien müssen schriftlich festgehalten werden, wenn der geforderte Erfüllungsgrad nicht ereicht wurde. Dazu kann das Fomular "Korrekturmassnahmen" in der Umsetzungs-Dokumentation verwendet werden. Für Empfehlungen müssen keine Korrekturmassnahmen getroffen werden. Wenn keine Korrekturmassnahmen notwendig sind, kann mit N/A geantwortet werden. | H9: Des mesures correctives doivent être établies pour tous les critères obligatoires critiques et non critiques si le niveau de suivi exigé n'a pas été rempli. Le formulaire "mesures correctives" disponible dans la documentation d'application peut être utilisé à ce titre. Il n'est pas obligatoire de prendre des mesures correctives pour les recommandations. Si aucune mesure corrective n'est nécessaire, il est possible de répondre par N/A. | I9: =IF('Audit Info'!$E$1="Deutsch",J9,K9) -> SwissGAP Horticulture Checklist Mesures correctives (FO) Auditeur : vérifier si les mesures correctives nécessaires sont documentées | J9: SwissGAP Hortikultur Checkliste Korrekturmassnahmen (FO) Auditor: prüfen, ob notwendige Korrekturmassnahmen dokumentiert sind | K9: SwissGAP Horticulture Checklist Mesures correctives (FO) Auditeur : vérifier si les mesures correctives nécessaires sont documentées
A10: 1.2.3 | B10: ++ | C10: =IF('Audit Info'!$E$1="Deutsch",D10,E10) -> Le producteur est responsable du respect des points de contrôle par le sous-traitant et prend également cela en considération lors de l'autocontrôle. En cas de doute, l'inspecteur a le droit d'effectuer un contrôle des points de contrôle correspondants. | D10: Der Betrieb ist verantwortlich für die Einhaltung der Kontrollpunkte durch den Lohnunternehmer und berücksichtigt diese ebenfalls in der jährlichen Selbstkontrolle. Der Inspektor ist in Zweifelsfällen berechtigt, beim Lohnunternehmer eine Kontrolle der entsprechenden Kontrollpunkte durchzuführen. | E10: Le producteur est responsable du respect des points de contrôle par le sous-traitant et prend également cela en considération lors de l'autocontrôle. En cas de doute, l'inspecteur a le droit d'effectuer un contrôle des points de contrôle correspondants. | F10: =IF('Audit Info'!$E$1="Deutsch",G10,H10) -> Le producteur peut conclure une convention avec chaque sous-traitant, dans laquelle ce dernier s'engage à respecter les exigences qui le concernent. | G10: Der Betrieb kann mit jedem Lohnunternehmer eine Vereinbarung abschliessen, worin dieser sich verpflichtet, die ihn betreffenden Anforderungen einzuhalten. | H10: Le producteur peut conclure une convention avec chaque sous-traitant, dans laquelle ce dernier s'engage à respecter les exigences qui le concernent. | I10: =IF('Audit Info'!$E$1="Deutsch",J10,K10) -> Contrat avec des sous-traitants (FO) Auditeur : noter le sous-traitant et les activités. Vérifier si cette activité est prise en compte dans l'autocontrôle. | J10: Vereinbarung mit Lohnunternehmer (FO) Auditor: Lohnunternehmer und Aktivitäten notieren. Prüfen, ob diese Aktivität in der Selbstkontrolle berücksichtigt ist. | K10: Contrat avec des sous-traitants (FO) Auditeur : noter le sous-traitant et les activités. Vérifier si cette activité est prise en compte dans l'autocontrôle.
A11: 1.3 | C11: =IF('Audit Info'!$E$1="Deutsch",D11,E11) -> 1.3 Responsabilités et formations | D11: 1.3 Verantwortlichkeiten und Schulungen | E11: 1.3 Responsabilités et formations | F11: =IF('Audit Info'!$E$1="Deutsch",G11,H11) -> 0 | I11: =IF('Audit Info'!$E$1="Deutsch",J11,K11) -> 0
A12: 1.3.1 | B12: ++ | C12: =IF('Audit Info'!$E$1="Deutsch",D12,E12) -> La personne responsable des décisions techniques peut prouver sa compétence et a accès à une littérature / des cours spécialisés actualisés : - pour les engrais (choix du type et de la quantité d'engrais utilisés) : Certificat professionnel (CFC), cours spécialisé ou expérience pratique suffisante. - pour les produits phytosanitaires et les produits de traitement post-récolte (choix des produits phytosanitaires et décision quant à leur utilisation) : Réussite de l'examen du cours spécialisé correspondant (permis pour l'emploi des produits phytosanitaires). La preuve de compétence est considérée comme établie, si les produits sont determinés par un conseiller des services cantonaux de vulgarisation ou des entreprises d'engrais/de produits phytosanitaires. Si d'autres conseillers déterminent les produits, la preuve doit être apportée sur la base du permis professionnel. | D12: Die für fachliche Entscheidungen verantwortliche Person kann ihre Kompetenz nachweisen und hat Zugang zu aktueller Fachliteratur / Kursen: - für Dünger (Auswahl der Art und Menge der eingesetzten Düngemittel): Berufsausweis (EFZ), Fachkurs oder ausreichend Praxiserfahrung. - für Pflanzenschutz- und Nacherntebehandlungsmittel (Auswahl der Pflanzenschutzmittel und Entscheid über deren Einsatz): Bestandene Prüfung des entsprechenden Fachkurses (Fachbewilligung zur Verwendung von Pflanzenschutzmitteln). Bestimmt ein Berater der kantonalen Beratungsstellen oder der Düngemittel-/ Pflanzenschutzmittelfirmen die Mittel, gilt der Nachweis als erbracht. Bestimmen andere Berater die Mittel, ist der Nachweis anhand der Fachbewilligung zu erbringen. | E12: La personne responsable des décisions techniques peut prouver sa compétence et a accès à une littérature / des cours spécialisés actualisés : - pour les engrais (choix du type et de la quantité d'engrais utilisés) : Certificat professionnel (CFC), cours spécialisé ou expérience pratique suffisante. - pour les produits phytosanitaires et les produits de traitement post-récolte (choix des produits phytosanitaires et décision quant à leur utilisation) : Réussite de l'examen du cours spécialisé correspondant (permis pour l'emploi des produits phytosanitaires). La preuve de compétence est considérée comme établie, si les produits sont determinés par un conseiller des services cantonaux de vulgarisation ou des entreprises d'engrais/de produits phytosanitaires. Si d'autres conseillers déterminent les produits, la preuve doit être apportée sur la base du permis professionnel. | F12: =IF('Audit Info'!$E$1="Deutsch",G12,H12) -> Engrais : formation initiale ou continue en horticulture ou en agriculture ou participation à un cours spécialisé correspondant. En l'absence d'attestation de cours ou de formation, deux ans d'expérience pratique sont exigés. Protection des plantes : avoir réussi l'examen du cours spécialisé correspondant (permis professionnel). | G12: Dünger: Aus- oder Weiterbildung im Gartenbau oder in der Landwirtschaft oder Teilnahme an entsprechendem Fachkurs. Wenn kein Kurs- oder Ausbildungsnachweis vorliegt, sind 2 Jahre Praxiserfahrung gefordert. Pflanzenschutz: Bestandene Prüfung des entsprechenden Fachkurses (Fachbewilligung). | H12: Engrais : formation initiale ou continue en horticulture ou en agriculture ou participation à un cours spécialisé correspondant. En l'absence d'attestation de cours ou de formation, deux ans d'expérience pratique sont exigés. Protection des plantes : avoir réussi l'examen du cours spécialisé correspondant (permis professionnel). | I12: =IF('Audit Info'!$E$1="Deutsch",J12,K12) -> Déclaration globale (voir checkliste Excel) Certificat professionnel (formation, permis professionnel) Copie du permis, resp. du certificat Auditeur : demander la formation, consulter en cas de doute, noter la/les personne(s) | J12: Pauschaldeklaration (siehe Checkliste in Excel) Berufsausweis (Ausbildung), Fachbewilligung) Kopie von Ausweis, bzw. Zeugnis Auditor: Ausbildung nachfragen, bei Zweifeln einsehen, Person(en) notieren | K12: Déclaration globale (voir checkliste Excel) Certificat professionnel (formation, permis professionnel) Copie du permis, resp. du certificat Auditeur : demander la formation, consulter en cas de doute, noter la/les personne(s)
A13: 1.3.2 | B13: + | C13: =IF('Audit Info'!$E$1="Deutsch",D13,E13) -> Pour tous les employés, les justificatifs de formation et d'instruction nécessaires doivent être disponibles pour leurs domaines de responsabilité (date, sujet, instructeur, participant, confirmation de participation/visa). | D13: Für alle Arbeitskräfte müssen die für Ihren Verantwortungsbereich notwendigen Ausbildungs- und Schulungsnachweise vorliegen (Datum, Thema, Instruktor, Teilnehmer, Teilnahmebestätigung/Visum). | E13: Pour tous les employés, les justificatifs de formation et d'instruction nécessaires doivent être disponibles pour leurs domaines de responsabilité (date, sujet, instructeur, participant, confirmation de participation/visa). | F13: =IF('Audit Info'!$E$1="Deutsch",G13,H13) -> 0 | I13: =IF('Audit Info'!$E$1="Deutsch",J13,K13) -> Attestations de cours Instruction des collaborateurs (CL) Auditeur : vérifier à l'aide d'un collaborateur interrogé, noter l'exemple | J13: Kursatteste Instruktion Mitarbeiter (CL) Auditor: Anhand eines befragten Mitarbeiters prüfen, Bsp. notieren | K13: Attestations de cours Instruction des collaborateurs (CL) Auditeur : vérifier à l'aide d'un collaborateur interrogé, noter l'exemple
A14: 1.3.3 | B14: + | C14: =IF('Audit Info'!$E$1="Deutsch",D14,E14) -> Tous les employés, y compris les propriétaires et les chefs d'entreprise, sont formés aux procédures de santé et de sécurité et aux instructions d'hygiène. Les formations doivent être répétées chaque année ou complétées en cas de nouvelles conditions (nouvelles procédures, nouveaux appareils, acquisition de nouvelles activités, etc.) et confirmées par les participants (liste de présence). Les formations peuvent également être organisées en interne. | D14: Alle Arbeitskräfte, inkl. Eigentümer und Betriebsleiter sind auf die Gesundheits- und Sicherheitsverfahren sowie Hygieneanweisungen geschult. Die Schulungen sind jährlich zu wiederholen resp. bei neuen Voraussetzungen (neue Verfahren, neue Geräte, Übernahme neuer Tätigkeiten, etc.) zu ergänzen und von den Teilnehmern zu bestätigen (Präsenzliste). Die Schulungen können auch intern durchgeführt werden. | E14: Tous les employés, y compris les propriétaires et les chefs d'entreprise, sont formés aux procédures de santé et de sécurité et aux instructions d'hygiène. Les formations doivent être répétées chaque année ou complétées en cas de nouvelles conditions (nouvelles procédures, nouveaux appareils, acquisition de nouvelles activités, etc.) et confirmées par les participants (liste de présence). Les formations peuvent également être organisées en interne. | F14: =IF('Audit Info'!$E$1="Deutsch",G14,H14) -> 0 | I14: =IF('Audit Info'!$E$1="Deutsch",J14,K14) -> Attestations de cours Instruction des collaborateurs (CL) Auditeur : Interroger les employés lors de la visite, noter les noms | J14: Kursatteste Instruktion Mitarbeiter (CL) Auditor: Arbeitskräfte bei Rundgang befragen, Namen notieren | K14: Attestations de cours Instruction des collaborateurs (CL) Auditeur : Interroger les employés lors de la visite, noter les noms
A15: 1.3.4 | B15: ++ | C15: =IF('Audit Info'!$E$1="Deutsch",D15,E15) -> Pour tous les collaborateurs qui : - utilisent des produits phytosanitaires, des herbicides, des biocides, des produits chimiques, des produits de désinfection ou d'autres substances dangereuses, - travaillent avec des machines ou des appareils dangereux nécessitant une formation technique spécifique, - travaillent en hauteur il est possible de documenter à l'aide d'attestations de participation ou de listes de présence signées qu'ils ont reçu des instructions ou que les programmes de formation exigés ont été effectués. | D15: Für alle Arbeitskräfte, die: - Pflanzenschutzmittel, Herbizide, Biozide, Chemikalien, Desinfektionsmittel oder andere gefährliche Substanzen anwenden, - gefährliche oder komplexe Maschinen und Geräte bedienen, - in grosser Höhe arbeiten kann anhand von Teilnahmebestätigungen oder unterschriebenen Anwesenheitslisten dokumentiert werden, dass sie Anweisungen erhalten haben oder geforderte Schulungsprogramme durchgeführt wurden. | E15: Pour tous les collaborateurs qui : - utilisent des produits phytosanitaires, des herbicides, des biocides, des produits chimiques, des produits de désinfection ou d'autres substances dangereuses, - travaillent avec des machines ou des appareils dangereux nécessitant une formation technique spécifique, - travaillent en hauteur il est possible de documenter à l'aide d'attestations de participation ou de listes de présence signées qu'ils ont reçu des instructions ou que les programmes de formation exigés ont été effectués. | F15: =IF('Audit Info'!$E$1="Deutsch",G15,H15) -> Produits phytosanitaires : formation ou formation continue en horticulture ou en agriculture ou participation au cours professionnel correspondant. S'il n'y a pas de justificatif de cours ou de formation, une expérience pratique de 2 ans est exigée. Exemples d'appareils dangereux : machines avec des parties mobiles, chariots élévateurs, tracteurs. De telles machines doivent être utilisées par une personne formée en conséquence et un examen de cariste est exigé pour les conducteurs de chariots élévateurs. | G15: PSM: Aus- oder Weiterbildung im Gartenbau oder in der Landwirtschaft oder Teilnahme an entsprechendem Fachkurs. Wenn kein Kurs- oder Ausbildungsnachweis vorliegt, sind 2 Jahre Praxiserfahrung gefordert. Beispiele für gefährliche Geräte: Maschinen mit beweglichen Teilen, Stapler, Traktoren. Die Bedienung einer solchen Maschine muss durch eine entsprechend geschulte Person gewährleistet sein bzw. für Staplerfahrer ist die Staplerprüfung obligatorisch. | H15: Produits phytosanitaires : formation ou formation continue en horticulture ou en agriculture ou participation au cours professionnel correspondant. S'il n'y a pas de justificatif de cours ou de formation, une expérience pratique de 2 ans est exigée. Exemples d'appareils dangereux : machines avec des parties mobiles, chariots élévateurs, tracteurs. De telles machines doivent être utilisées par une personne formée en conséquence et un examen de cariste est exigé pour les conducteurs de chariots élévateurs. | I15: =IF('Audit Info'!$E$1="Deutsch",J15,K15) -> Instruction des collaborateurs (CL) | J15: Instruktion Mitarbeiter (CL) | K15: Instruction des collaborateurs (CL)
A16: 1.3.5 | B16: + | C16: =IF('Audit Info'!$E$1="Deutsch",D16,E16) -> Au moins une personne pour 50 employés ayant une formation en premiers secours est présente lors des travaux dans les champs et sur les lignes de tri et d'emballage. Il peut s'agir de personnes ayant obtenu leur permis de conduire au cours des cinq dernières années ou ayant suivi un cours de secourisme. | D16: Mindestens eine Person pro 50 Angestellte mit einer Erste-Hilfe-Ausbildung ist bei Arbeiten auf dem Feld sowie bei den Sortier- und Abpacklinien anwesend. Dies können Personen sein, die innerhalb der letzten 5 Jahre den Führerausweis erlangt oder einen Nothelferkurs belegt haben. | E16: Au moins une personne pour 50 employés ayant une formation en premiers secours est présente lors des travaux dans les champs et sur les lignes de tri et d'emballage. Il peut s'agir de personnes ayant obtenu leur permis de conduire au cours des cinq dernières années ou ayant suivi un cours de secourisme. | F16: =IF('Audit Info'!$E$1="Deutsch",G16,H16) -> Les personnes disposant d'un permis de conduire fédéral (cours de remiers secours) sont considérées comme formées. Questions orales dans l'exploitation. | G16: Personen mit eidgenössischem Führerausweis (Nothelferkurs) gelten als ausgebildet. | H16: Les personnes disposant d'un permis de conduire fédéral (cours de remiers secours) sont considérées comme formées. Questions orales dans l'exploitation. | I16: =IF('Audit Info'!$E$1="Deutsch",J16,K16) -> Auditeur : Questionnement oral, comparer et noter le nombre de personnes formées avec le nombre d'employés. | J16: Auditor: Mündliche Befragung, Anzahl ausgebildete Personen mit Anzahl Angestellten abgleichen und notieren. | K16: Auditeur : Questionnement oral, comparer et noter le nombre de personnes formées avec le nombre d'employés.
A17: 1.4 | C17: =IF('Audit Info'!$E$1="Deutsch",D17,E17) -> 1.4 Exigences des clients | D17: 1.4 Kundenanforderungen | E17: 1.4 Exigences des clients | F17: =IF('Audit Info'!$E$1="Deutsch",G17,H17) -> 0 | I17: =IF('Audit Info'!$E$1="Deutsch",J17,K17) -> 0
A18: 1.4.1 | B18: + | C18: =IF('Audit Info'!$E$1="Deutsch",D18,E18) -> Des conventions écrites peuvent être présentées, pour autant qu'il existe des accords sur les exigences de qualité entre l'acheteur et le producteur. Le producteur doit prouver qu'il respecte les exigences de qualité convenues ou, au moins, usuelles dans la branche. | D18: Sofern Absprachen zwischen Abnehmern und Produzenten über Qualitätsanforderungen bestehen, können schriftliche Vereinbarungen vorgelegt werden. Der Produzent muss nachweisen, dass er sich an die vereinbarten oder mindestens an die branchenüblichen Qualitätsanforderungen hält. | E18: Des conventions écrites peuvent être présentées, pour autant qu'il existe des accords sur les exigences de qualité entre l'acheteur et le producteur. Le producteur doit prouver qu'il respecte les exigences de qualité convenues ou, au moins, usuelles dans la branche. | F18: =IF('Audit Info'!$E$1="Deutsch",G18,H18) -> S'il existe des accords spécifiques à l'entreprise avec l'acheteur et si ceux-ci vont au-delà des exigences habituelles de la branche, ils doivent être présentés. | G18: Wenn betriebsspezifische Vereinbarungen mit dem Abnehmer bestehen und wenn diese über die branchenüblichen Anforderungen hinausgehen, müssen diese vorgewiesen werden. | H18: S'il existe des accords spécifiques à l'entreprise avec l'acheteur et si ceux-ci vont au-delà des exigences habituelles de la branche, ils doivent être présentés. | I18: =IF('Audit Info'!$E$1="Deutsch",J18,K18) -> Lettre type_Directives de l‘acheteur Auditeur : questionnement oral. Consulter les accords des acheteurs, s'ils existent, et vérifier qu'ils sont respectées. | J18: Vereinbarung: Musterbrief Abnehmervorgaben Auditor: Mündliche Befragung. Sofern vorhanden, Abnehmervorgaben einsehen und Einhalung überprüfen. | K18: Lettre type_Directives de l‘acheteur Auditeur : questionnement oral. Consulter les accords des acheteurs, s'ils existent, et vérifier qu'ils sont respectées.
A19: 1.5 | C19: =IF('Audit Info'!$E$1="Deutsch",D19,E19) -> 1.5 Rappel et retrait | D19: 1.5 Rückruf und Rücknahme | E19: 1.5 Rappel et retrait | F19: =IF('Audit Info'!$E$1="Deutsch",G19,H19) -> 0 | I19: =IF('Audit Info'!$E$1="Deutsch",J19,K19) -> 0
A20: 1.5.1 | B20: + | C20: =IF('Audit Info'!$E$1="Deutsch",D20,E20) -> L'entreprise dispose d'une procédure pour le rappel ou le retrait de produits du marché, qui comprend les aspects suivants : - les causes possibles qui peuvent déclencher un rappel ou un retrait - personne responsable au sein de l'entreprise qui prend la décision - mécanisme de communication aux acheteurs (y compris une liste des personnes de contact avec numéro de téléphone et e-mail des acheteurs) - méthodes de comparaison des stocks du lot concerné. | D20: Der Betrieb verfügt über ein Verfahren für den Rückruf oder die Rücknahme von Produkten vom Markt, welches folgende Aspekte enthält: - mögliche Ursachen, die einen Rückruf oder eine Rücknahme auslösen können - verantwortliche Person im Betrieb, die darüber entscheidet - Mechanismus zur Benachrichtigung der Abnehmer (inkl. einer Liste der Kontaktpersonen mit Telefonnummer und E-Mail der Abnehmer) - Methoden zum Bestandesabgleich der betroffenen Charge. | E20: L'entreprise dispose d'une procédure pour le rappel ou le retrait de produits du marché, qui comprend les aspects suivants : - les causes possibles qui peuvent déclencher un rappel ou un retrait - personne responsable au sein de l'entreprise qui prend la décision - mécanisme de communication aux acheteurs (y compris une liste des personnes de contact avec numéro de téléphone et e-mail des acheteurs) - méthodes de comparaison des stocks du lot concerné. | F20: =IF('Audit Info'!$E$1="Deutsch",G20,H20) -> Il n'est pas nécessaire d'effectuer un test annuel. | G20: Es muss kein jährlicher Test durchgeführt werden. | H20: Il n'est pas nécessaire d'effectuer un test annuel. | I20: =IF('Audit Info'!$E$1="Deutsch",J20,K20) -> Procédure pour le rappel des marchandises (RL) Auditeur : vérifier si la procédure est complète | J20: Rückrufverfahren (RL) Auditor: prüfen, ob Verfahren vollständig ist | K20: Procédure pour le rappel des marchandises (RL) Auditeur : vérifier si la procédure est complète
A21: 2 | C21: =IF('Audit Info'!$E$1="Deutsch",D21,E21) -> 2. MATÉRIEL DE REPRODUCTION (PLANTS, SEMENCES ET PORTE-GREFFE) | D21: 2. VERMEHRUNGSMATERIAL (SAATGUT, PFLANZGUT UND UNTERLAGEN) | E21: 2. MATÉRIEL DE REPRODUCTION (PLANTS, SEMENCES ET PORTE-GREFFE) | F21: =IF('Audit Info'!$E$1="Deutsch",G21,H21) -> 0 | I21: =IF('Audit Info'!$E$1="Deutsch",J21,K21) -> 0
A22: 2.1 | C22: =IF('Audit Info'!$E$1="Deutsch",D22,E22) -> 2.1 Durée de culture dans l'exploitation | D22: 2.1 Kulturzeit im Betrieb | E22: 2.1 Durée de culture dans l'exploitation | F22: =IF('Audit Info'!$E$1="Deutsch",G22,H22) -> 0 | I22: =IF('Audit Info'!$E$1="Deutsch",J22,K22) -> 0
